Workbook

Sheet Итого по видам(с учет нераспр.)
A1: Сведения о предоставлении из бюджета Саратовской области межбюджетных трансфертов местным бюджетам
A2: за 9 месяцев 2023 года
F3: тыс. рублей
A4: № п/п | B4: Наименование | C4: Код бюджетной классификации | D4: Утвержденные бюджетные назначения* | E4: Исполнение | F4: % исполнения
A5: 1 | B5: 2 | C5: 3 | D5: 4 | E5: 5 | F5: 6
A6: 1. | B6: Дотация - всего | D6: =SUM(D7:D9) -> 4499603 | E6: =SUM(E7:E9) -> 3519673.9 | F6: =E6/D6*100 -> 78.221876
A7: 1.1. | B7: Дотация бюджетам городских округов области, связанные с особым режимом безопасного функционирования закрытых административно-территориальных образований | C7: 000 1402 6640150100 512 | D7: =Дотации!E93 -> 34002 | E7: =Дотации!F93 -> 26274 | F7: =E7/D7*100 -> 77.271925
A8: 1.2. | B8: Дотация на выравнивание бюджетной обеспеченности муниципальных районов (городских округов) области | C8: 000 1401 6640170200 511 | D8: =Дотации!H93 -> 4238648.3 | E8: =Дотации!I93 -> 3323184.5 | F8: =E8/D8*100 -> 78.401988
A9: 1.3. | B9: Дотация бюджетам муниципальных районов области на поддержку мер по обеспечению сбалансированности местных бюджетов | C9: 000 1402 6640170300 512 | D9: =Дотации!K93 -> 226952.7 | E9: =Дотации!L93 -> 170215.32 | F9: =E9/D9*100 -> 75.00035
A10: 2. | B10: Субсидии - всего | D10: =SUM(D11:D85) -> 29310298 | E10: =SUM(E11:E85) -> 16567661 | F10: =E10/D10*100 -> 56.525052
A11: 2.1. | B11: Субсидия бюджетам муниципальных районов и городских округов области на обновление материально-технической базы для организации учебно-исследовательской, научно-практической, творческой деятельности, занятий физической культурой и спортом в общеобразовательных организациях | C11: 000 0702 5A2E250980 521 | D11: =Субсидии!E395 -> 16091 | E11: =Субсидии!F395 -> 16081.2 | F11: =E11/D11*100 -> 99.939099
A12: 2.2. | B12: Субсидия бюджетам муниципальных районов области на достижение показателей результативности по обеспечению развития и укрепления материально-технической базы домов культуры в населенных пунктах с числом жителей до 50 тысяч человек | C12: 000 0801 55A12W4670 521 | D12: =Субсидии!H395 -> 8960 | E12: =Субсидии!I395 -> 7975.0612 | F12: =E12/D12*100 -> 89.00738
A13: 2.3. | B13: Субсидии бюджетам городских округов области на создание новых мест в общеобразовательных организациях | C13: 000 0702 5A2E155200 523 | D13: =Субсидии!K395 -> 355618.1 | E13: =Субсидии!L395 -> 80010.739 | F13: =E13/D13*100 -> 22.499063
A14: 2.4. | B14: Субсидия бюджетам муниципальных районов области на создание новых мест в общеобразовательных организациях, расположенных в сельской местности и поселках городского типа | C14: 000 0702 5A2E152300 523 | D14: =Субсидии!N395 -> 70080.7 | E14: =Субсидии!O395 -> 70080.7 | F14: =E14/D14*100 -> 100
A15: 2.5. | B15: Субсидия бюджетам городских округов области на создание новых мест в общеобразовательных организациях в связи с ростом числа обучающихся, вызванным демографическим фактором | C15: 000 0702 5A2E153050 523 000 0702 5A2E1U3050 523 | D15: =Субсидии!Q395 -> 1016665.2 | E15: =Субсидии!R395 -> 820266.58 | F15: =E15/D15*100 -> 80.682076
A16: 2.6. | B16: Субсидия бюджетам муниципальных районов области на реализацию мероприятий по созданию «умной» спортивной площадки | C16: 000 1102 56417W2531 521 | D16: =Субсидии!T395 -> 56998.336 | E16: =Субсидии!U395 -> 0 | F16: =E16/D16*100 -> 0
A17: 2.7. | B17: Субсидия бюджетам муниципальных районов и городских округов области на обеспечение жильем молодых семей | C17: 000 1004 5E301R4970 521 | D17: =Субсидии!W395 -> 61327.5 | E17: =Субсидии!X395 -> 59928.46 | F17: =E17/D17*100 -> 97.71874
A18: 2.8. | B18: Субсидия бюджетам городских округов и поселений области на реализацию регионального проекта (программы) в целях выполнения задач федерального проекта «Жилье» (Стимулирование программ развития жилищного строительства) 3* | C18: 000 1403 5E1F150210 523 | D18: =Субсидии!Z395 -> 449463.03 | E18: =Субсидии!AA395 -> 280593.41 | F18: =E18/D18*100 -> 62.428585
A19: 2.9. | B19: Субсидия бюджетам муниципальных районов и поселений области на поддержку творческой деятельности и укрепление материально-технической базы муниципальных театров в населенных пунктах с численностью населения до 300 тысяч человек | C19: 000 0801 55206R4660 521 | D19: =Субсидии!AC395 -> 7278.6517 | E19: =Субсидии!AD395 -> 7278.6517 | F19: =E19/D19*100 -> 100
A20: 2.10. | B20: Субсидия бюджетам муниципальных районов и поселений области на обеспечение развития и укрепления материально-технической базы домов культуры в населенных пунктах с числом жителей до 50 тысяч человек | C20: 000 0801 55A12R4670 521 | D20: =Субсидии!AF395 -> 36796.742 | E20: =Субсидии!AG395 -> 34192.912 | F20: =E20/D20*100 -> 92.923749
A21: 2.11. | B21: Субсидия бюджетам муниципальных районов и городских округов области на поддержку отрасли культуры (государственная поддержка лучших сельских учреждений культуры) | C21: 000 0801 55БA255192 523 | D21: =Субсидии!AI395 -> 2142.8571 | E21: =Субсидии!AJ395 -> 2142.8571 | F21: =E21/D21*100 -> 100
A22: 2.12. | B22: Субсидия бюджетам муниципальных районов и городских округов области на поддержку отрасли культуры (государственная поддержка лучших работников сельских учреждений культуры) | C22: 000 0801 55БA255194 523 | D22: =Субсидии!AL395 -> 867.34694 | E22: =Субсидии!AM395 -> 867.34694 | F22: =E22/D22*100 -> 100
A23: 2.13. | B23: Субсидиябюджетам муниципальных районов, поселений и городских округов области на государственную поддержку отрасли культуры (комплектование книжных фондов муниципальных общедоступных библиотек) | C23: 000 0801 55402R5191 523 | D23: =Субсидии!AO395 -> 10074.93 | E23: =Субсидии!AP395 -> 10074.93 | F23: =E23/D23*100 -> 100
A24: 2.14. | B24: Субсидия бюджетам городских округов области на поддержку отрасли культуры (модернизация региональных и муниципальных детских школ искусств по видам искусств) | C24: 000 0703 55AA155195 523 | D24: =Субсидии!AR395 -> 37300 | E24: =Субсидии!AS395 -> 37300 | F24: =E24/D24*100 -> 100
A25: 2.15. | B25: Субсидия бюджетам муниципальных районов области на обеспечение деятельности муниципальных бизнес-инкубаторов | C25: 000 0412 5830171100 521 | D25: =Субсидии!AU395 -> 5775 | E25: =Субсидии!AV395 -> 4331.25 | F25: =E25/D25*100 -> 75
A26: 2.16. | B26: Субсидия бюджетам городских округов, городских и сельских поселений области на реализацию инициативных проектов 6* | C26: 000 0113 6640572100 523 | D26: =Субсидии!AX395 -> 140000 | E26: =Субсидии!AY395 -> 76303.909 | F26: =E26/D26*100 -> 54.502792
A27: 2.17. | B27: Субсидия бюджетам городских округов и поселений области на поддержку муниципальных программ формирования современной городской среды | C27: 000 0503 691F255550 523 | D27: =Субсидии!BA395 -> 673809.39 | E27: =Субсидии!BB395 -> 666513.41 | F27: =E27/D27*100 -> 98.917204
A28: 2.18. | B28: Субсидия бюджетам муниципальных районов и городских округов области на обеспечение сохранения достигнутых показателей повышения оплаты труда отдельных категорий работников бюджетной сферы | C28: 000 1403 6640172500 521 | D28: =Субсидии!BD395 -> 1942209.6 | E28: =Субсидии!BE395 -> 1133963.7 | F28: =E28/D28*100 -> 58.385239
A29: 2.19. | B29: Субсидия бюджетам муниципальных районов области на развитие сети учреждений культурно-досугового типа (создание и модернизация учреждений культурно-досугового типа, строительство дома культуры) | C29: 000 0801 55AA155131 523 | D29: =Субсидии!BG395 -> 182559.44 | E29: =Субсидии!BH395 -> 128598.16 | F29: =E29/D29*100 -> 70.4418
A30: 2.20. | B30: Субсидия бюджетам муниципальных районов и поселений области на развитие сети учреждений культурно-досугового типа (создание центров культурного развития в городах с числом жителей до 300 тысяч человек) | C30: 000 0801 55AA155132 522 | D30: =Субсидии!BJ395 -> 92123.596 | E30: =Субсидии!BK395 -> 27582.439 | F30: =E30/D30*100 -> 29.940689
A31: 2.21. | B31: Субсидия бюджетам муниципальных районов и городских округов области на обеспечение условий для создания центров образования цифрового и гуманитарного профилей (в рамках достижения соответствующих результатов федерального проекта) в части расходов на оплату труда с начислениями | C31: 000 0702 5A2E1U1137 521 | D31: =Субсидии!BM395 -> 187033.8 | E31: =Субсидии!BN395 -> 111030.91 | F31: =E31/D31*100 -> 59.364088
A32: 2.22. | B32: Субсидия бюджетам муниципальных районов и городских округов области на обеспечение условий для создания центров образования цифрового и гуманитарного профилей (в рамках достижения соответствующих результатов федерального проекта) за исключением расходов на оплату труда с начислениями | C32: 000 0702 5A2E1U1131 521 | D32: =Субсидии!BP395 -> 29960 | E32: =Субсидии!BQ395 -> 6523.1402 | F32: =E32/D32*100 -> 21.772831
A33: 2.23. | B33: Субсидия бюджетам городских округов и поселений области на реализацию мероприятий по строительству и реконструкции (модернизации) объектов питьевого водоснабжения 5* | C33: 000 0502 5E8F552430 522 | D33: =Субсидии!BS395 -> 947017.4 | E33: =Субсидии!BT395 -> 431355.55 | F33: =E33/D33*100 -> 45.548852
A34: 2.24. | B34: Субсидия бюджетам муниципальных районов, городских округов и поселений области на обустройство и восстановление воинских захоронений, находящихся в государственной (муниципальной) собственности | C34: 000 0503 66105R2990 521 | D34: =Субсидии!BV395 -> 4185.5056 | E34: =Субсидии!BW395 -> 4185.5056 | F34: =E34/D34*100 -> 100
A35: 2.25. | B35: Субсидия бюджетам городских округов области на осуществление дорожной деятельности в отношении автомобильных дорог общего пользования местного значения Саратовской агломерации в границах городских округов области за счет средств областного дорожного фонда (в рамках достижения соответствующих задач федерального проекта) | C35: 000 0409 5Ж2R1U7190 523 | D35: =Субсидии!BY395 -> 746000 | E35: =Субсидии!BZ395 -> 738976.11 | F35: =E35/D35*100 -> 99.058459
A36: 2.26. | B36: Субсидия бюджетам поселений области на осуществление дорожной деятельности в отношении автомобильных дорог общего пользования местного значения Саратовской агломерации в границах городских поселений области за счет средств областного дорожного фонда (в рамках достижения соответствующих задач федерального проекта) 2* | C36: 000 0409 5Ж2R1U7210 521 | D36: =Субсидии!CB395 -> 300000 | E36: =Субсидии!CC395 -> 286090.18 | F36: =E36/D36*100 -> 95.363392
A37: 2.27. | B37: Субсидия бюджетам муниципальных районов и поселений области на развитие транспортной инфраструктуры на сельских территориях | C37: 000 0409 70303R3720 523 | D37: =Субсидии!CE395 -> 148707.38 | E37: =Субсидии!CF395 -> 148707.38 | F37: =E37/D37*100 -> 100
A38: 2.28. | B38: Субсидия бюджетам поселений области на обустройство объектами инженерной инфраструктуры и благоустройство площадок, расположенных на сельских территориях, под компактную жилищную застройку | C38: 000 0505 70101R5762 522 | D38: =Субсидии!CH395 -> 72447.041 | E38: =Субсидии!CI395 -> 35502.611 | F38: =E38/D38*100 -> 49.004916
A39: 2.29. | B39: Субсидия бюджетам муниципальных районов области на реализацию мероприятий по благоустройству сельских территорий | C39: 000 0503 70302R5766 521 | D39: =Субсидии!CK395 -> 13621.939 | E39: =Субсидии!CL395 -> 10764.926 | F39: =E39/D39*100 -> 79.026384
A40: 2.30. | B40: Субсидия бюджетам муниципальных районов и городских округов области на обеспечение условий для внедрения цифровой образовательной среды в общеобразовательных организациях | C40: 000 0702 5A8E4U1330 521 | D40: =Субсидии!CN395 -> 12623.5 | E40: =Субсидии!CO395 -> 4961.71 | F40: =E40/D40*100 -> 39.305343
A41: 2.31. | B41: Субсидия бюджетам муниципальных районов области на обеспечение функционирования центров цифрового образования детей «IT-куб» (в рамках достижения соответствующих результатов федерального проекта) в части расходов на оплату труда с начислениями | C41: 000 0703 5A8E4U1247 521 | D41: =Субсидии!CQ395 -> 25821.2 | E41: =Субсидии!CR395 -> 11374.012 | F41: =E41/D41*100 -> 44.049122
A42: 2.32. | B42: Субсидия бюджетам муниципальных районов области на обеспечение функционирования центров цифрового образования детей «IT-куб» (в рамках достижения соответствующих результатов федерального проекта) за исключением расходов на оплату труда с начислениями | C42: 000 0703 5A8E4U1241 521 | D42: =Субсидии!CT395 -> 8691.3 | E42: =Субсидии!CU395 -> 1302.9547 | F42: =E42/D42*100 -> 14.991483
A43: 2.33. | B43: Субсидия бюджетам муниципальных районов и городских округов области на организацию бесплатного горячего питания обучающихся, получающих начальное общее образование в муниципальных образовательных организациях | C43: 000 0702 5A212R3040 521 | D43: =Субсидии!CW395 -> 1113723 | E43: =Субсидии!CX395 -> 616369.15 | F43: =E43/D43*100 -> 55.34313
A44: 2.34. | B44: Субсидия бюджетам поселений области на осуществление дорожной деятельности в отношении автомобильных дорог общего пользования местного значения в границах населенных пунктов сельских поселений за счет средств областного дорожного фонда | C44: 000 0409 5Ж232D7610 521 | D44: =Субсидии!CZ395 -> 1444935 | E44: =Субсидии!DA395 -> 1333360.4 | F44: =E44/D44*100 -> 92.278225
A45: 2.35. | B45: Субсидия бюджетам муниципальных районов и городских округов области на обеспечение условий для функционирования центров образования естественно-научной и технологической направленностей в общеобразовательных организациях (в рамках достижения соответствующих результатов федерального проекта) в части расходов на оплату труда с начислениями | C45: 000 0702 5A2E1U1297 521 | D45: =Субсидии!DC395 -> 287732 | E45: =Субсидии!DD395 -> 129185.44 | F45: =E45/D45*100 -> 44.897834
A46: 2.36. | B46: Субсидия бюджетам муниципальных районов и городских округов области на обеспечение условий для функционирования центров образования естественно-научной и технологической направленностей в общеобразовательных организациях (в рамках достижения соответствующих результатов федерального проекта) за исключением расходов на оплату труда с начислениями | C46: 000 0702 5A2E1U1291 521 | D46: =Субсидии!DF395 -> 47922.1 | E46: =Субсидии!DG395 -> 8487.4499 | F46: =E46/D46*100 -> 17.710931
A47: 2.37. | B47: Субсидия бюджетам муниципальных районов и городских округов области на проведение капитального и текущего ремонтов муниципальных дошкольных образовательных организациях | C47: 000 0701 5A10772Г00 521 | D47: =Субсидии!DI395 -> 365637.76 | E47: =Субсидии!DJ395 -> 192690.99 | F47: =E47/D47*100 -> 52.69997
A48: 2.38. | B48: Субсидия бюджетам муниципальных районов и городских округов области на проведение капитального и текущего ремонтов муниципальных общеобразовательных организациях | C48: 000 0702 5A22072Г00 521 | D48: =Субсидии!DL395 -> 304624.55 | E48: =Субсидии!DM395 -> 245628.82 | F48: =E48/D48*100 -> 80.633298
A49: 2.39. | B49: Субсидия бюджетам муниципальных районов области на обеспечение условий для функционирования детских технопарков «Кванториум» в общеобразовательных организациях в части расходов на оплату труда с начислениями | C49: 000 0702 5A2E1U1317 521 | D49: =Субсидии!DO395 -> 12876.1 | E49: =Субсидии!DP395 -> 7360 | F49: =E49/D49*100 -> 57.160165
A50: 2.40. | B50: Субсидия бюджетам муниципальных районов области на обеспечение условий для функционирования детских технопарков «Кванториум» в общеобразовательных организациях за исключением расходов на оплату труда с начислениями | C50: 000 0702 5A2E1U1311 521 | D50: =Субсидии!DR395 -> 9535.1 | E50: =Субсидии!DS395 -> 7151.325 | F50: =E50/D50*100 -> 75
A51: 2.41. | B51: Субсидия бюджетам муниципальных районов, городских округов и поселений области на техническое оснащение региональных и муниципальных музеев | C51: 000 0801 55AA155900 523 | D51: =Субсидии!DU395 -> 39191.633 | E51: =Субсидии!DV395 -> 39191.633 | F51: =E51/D51*100 -> 100
A52: 2.42. | B52: Субсидия бюджетам городских округов области на поддержку творческой деятельности и техническое оснащение детских и кукольных театров | C52: 000 0801 55207R5170 521 | D52: =Субсидии!DX395 -> 6654 | E52: =Субсидии!DY395 -> 6654 | F52: =E52/D52*100 -> 100
A53: 2.43. | B53: Субсидия бюджетам муниципальных районов и городских округов области на проведение комплексных кадастровых работ | C53: 000 0412 58239R5110 521 | D53: =Субсидии!EA395 -> 24455.3 | E53: =Субсидии!EB395 -> 0 | F53: =E53/D53*100 -> 0
A54: 2.44. | B54: Субсидия бюджетам муниципальных районов, поселений области на оснащение объектов спортивной инфраструктуры спортивно-технологическим оборудованием 4* | C54: 000 1102 564P552281 521 | D54: =Субсидии!ED395 -> 16133 | E54: =Субсидии!EE395 -> 13763.866 | F54: =E54/D54*100 -> 85.314985
A55: 2.45. | B55: Субсидия бюджетам поселений области на ремонт и развитие водопроводной сети | C55: 000 0502 5E80572920 523 | D55: =Субсидии!EG395 -> 211021 | E55: =Субсидии!EH395 -> 95726.746 | F55: =E55/D55*100 -> 45.363611
A56: 2.46. | B56: Субсидия бюджетам муниципальных районов и городских округов области на реализацию мероприятий по модернизации школьных систем образования | C56: 000 0702 5A224R7500 521 | D56: =Субсидии!EJ395 -> 571866.18 | E56: =Субсидии!EK395 -> 564856.53 | F56: =E56/D56*100 -> 98.774249
A57: 2.47. | B57: Субсидия бюджетам муниципальных районов и городских округов области на обеспечение условий для реализации мероприятий по модернизации школьных систем образования | C57: 000 0702 5A224W7500 521 | D57: =Субсидии!EM395 -> 55458.275 | E57: =Субсидии!EN395 -> 46805.432 | F57: =E57/D57*100 -> 84.397562
A58: 2.48. | B58: Субсидия бюджетам муниципальных районов, городских округов и поселений области на обеспечение мероприятий по переселению граждан из аварийного жилищного фонда, в том числе переселению граждан из аварийного жилищного фонда с учетом необходимости развития малоэтажного жилищного строительства (ППК «Фонд развития территорий») | C58: 000 0501 5EAF367483 523 | D58: =Субсидии!EP395 -> 9100321.7 | E58: =Субсидии!EQ395 -> 3868036.8 | F58: =E58/D58*100 -> 42.504396
A59: 2.49. | B59: Субсидия бюджетам муниципальных районов, городских округов и поселений области на обеспечение мероприятий по переселению граждан из аварийного жилищного фонда, в том числе переселению граждан из аварийного жилищного фонда с учетом необходимости развития малоэтажного жилищного строительства (за счет средств областного бюджета) | C59: 000 0501 5EAF367484 523 | D59: =Субсидии!ES395 -> 3196745.1 | E59: =Субсидии!ET395 -> 1872657 | F59: =E59/D59*100 -> 58.580117
A60: 2.50. | B60: Субсидия бюджетам поселений области на выполнение мероприятий по ремонту автомобильных дорог общего пользования местного значения в границах городских поселений области за счет средств областного дорожного фонда | C60: 000 0409 5Ж223D7220 521 | D60: =Субсидии!EV395 -> 100000 | E60: =Субсидии!EW395 -> 100000 | F60: =E60/D60*100 -> 100
A61: 2.51. | B61: Субсидия бюджетам поселений на ликвидацию несанкционированных свалок в границах городов и наиболее опасных объектов накопленного вреда окружающей среде | C61: 000 0605 624G152420 521 | D61: =Субсидии!EY395 -> 405172.92 | E61: =Субсидии!EZ395 -> 303677.31 | F61: =E61/D61*100 -> 74.950051
A62: 2.52. | B62: Субсидия бюджетам муниципальных районов и поселений области на создание, реконструкцию (модернизацию), капитальный ремонт объектов социальной и культурной сферы | C62: 000 1403 70304R5767 523 | D62: =Субсидии!FB395 -> 127952.67 | E62: =Субсидии!FC395 -> 78860.374 | F62: =E62/D62*100 -> 61.632455
A63: 2.53. | B63: Субсидия бюджетам городских округов области на приведение в нормативное состояние автомобильных дорог местного значения и искусственных дорожных сооружений на них в границах городских округов области | C63: 000 0409 5Ж2R153946 523 | D63: =Субсидии!FE395 -> 162484.49 | E63: =Субсидии!FF395 -> 162484.49 | F63: =E63/D63*100 -> 100
A64: 2.54. | B64: Субсидия бюджетам муниципальных районов и городских округов области на проведение капитального и текущего ремонта спортивных залов муниципальных образовательных организаций | C64: 000 0702 5A22072Г05 521 | D64: =Субсидии!FH395 -> 136079.87 | E64: =Субсидии!FI395 -> 130303.32 | F64: =E64/D64*100 -> 95.755031
A65: 2.55. | B65: Субсидия бюджетам муниципальных районов и городских округов области на оснащение (обновление материально-технической базы) оборудованием, средствами обучения и воспитания общеобразовательных организаций, в том числе осуществляющих образовательную деятельность по адаптированным основным общеобразовательным программам | C65: 000 0702 5A2E151720 521 | D65: =Субсидии!FK395 -> 142691.5 | E65: =Субсидии!FL395 -> 138011.29 | F65: =E65/D65*100 -> 96.720051
A66: 2.56. | B66: Субсидия бюджетам муниципальных районов и городских округов области на оснащение (обновление материально-технической базы) оборудованием, средствами обучения и воспитания образовательных организаций различных типов для реализации дополнительных общеразвивающих программ, для создания информационных систем в образовательных организациях | C66: 000 0703 5A2E251710 523 | D66: =Субсидии!FN395 -> 2290.1 | E66: =Субсидии!FO395 -> 2212.0944 | F66: =E66/D66*100 -> 96.593788
A67: 2.57. | B67: Субсидия бюджетам муниципальных районов и городских округов области на обновление материально-технической базы образовательных организаций для внедрения цифровой образовательной среды и развития цифровых навыков обучающихся в общеобразовательных организациях | C67: 000 0702 5A8E452130 521 | D67: =Субсидии!FQ395 -> 103847.1 | E67: =Субсидии!FR395 -> 94596.827 | F67: =E67/D67*100 -> 91.092411
A68: 2.58. | B68: Субсидия бюджетам муниципальных районов и городских округов области на обновление материально-технической базы образовательных организаций для внедрения цифровой образовательной среды и развития цифровых навыков обучающихся в организациях дополнительного образования детей | C68: 000 0703 5A8E452130 521 | D68: =Субсидии!FT395 -> 20324.4 | E68: =Субсидии!FU395 -> 18528.925 | F68: =E68/D68*100 -> 91.165912
A69: 2.59. | B69: Субсидия бюджетам муниципальных районов и поселений области на реконструкцию и капитальный ремонт региональных и муниципальных музеев | C69: 000 0801 55AA155970 523 | D69: =Субсидии!FW395 -> 15344.944 | E69: =Субсидии!FX395 -> 15344.944 | F69: =E69/D69*100 -> 100
A70: 2.60. | B70: Субсидия бюджетам поселений области на государственную поддержку в целях обеспечения реализации инфраструктурных проектов, направленных на комплексное развитие городского наземного электрического транспорта и автомобильного транспорта общего пользования, выполнение работ по освещению и благоустройству территорий, а также на закупку автобусов, приводимых в движение электрической энергией от батареи, заряжаемой от внешнего источника (электробусов), и объектов зарядной инфраструктуры для них (закупка автобусов, приводимых в движение электрической энергией от батареи, заряжаемой от внешнего источника (электробусов), и объектов зарядной инфраструктуры для них) | C70: 000 0408 5Ж1R754012 523 | D70: =Субсидии!FZ395 -> 1042000 | E70: =Субсидии!GA395 -> 0 | F70: =E70/D70*100 -> 0
A71: 2.61. | B71: Субсидия бюджетам городских округов области на создание новых мест в общеобразовательных организациях (в целях опережающего финансового обеспечения расходных обязательств области) за счет бюджетного кредита в целях опережающего финансового обеспечения расходных обязательств области | C71: 000 0702 5A2E1Л5201 523 | D71: =Субсидии!GC395 -> 180659 | E71: =Субсидии!GD395 -> 108490.99 | F71: =E71/D71*100 -> 60.052912
A72: 2.62. | B72: Субсидия бюджетам городских округов области на создание новых мест в общеобразовательных организациях (в целях опережающего финансового обеспечения расходных обязательств области) за счет средств областного бюджета | C72: 000 0702 5A2E155201 523 | D72: =Субсидии!GF395 -> 22328.7 | E72: =Субсидии!GG395 -> 13409.034 | F72: =E72/D72*100 -> 60.052912
A73: 2.63. | B73: Субсидия бюджетам городских округов области на развитие и увеличение пропускной способности сети автомобильных дорог общего пользования местного значения за счет средств областного дорожного фонда | C73: 000 0409 5Ж207D9910 523 | D73: =Субсидии!GI395 -> 84630 | E73: =Субсидии!GJ395 -> 24825.015 | F73: =E73/D73*100 -> 29.333588
A74: 2.64. | B74: Субсидия бюджетам муниципальных районов области на создание и внедрение программы поддержки и продвижения событийных мероприятий | C74: 000 0412 562J253300 523 | D74: =Субсидии!GL395 -> 2854.3878 | E74: =Субсидии!GM395 -> 2854.3878 | F74: =E74/D74*100 -> 100
A75: 2.65. | B75: Субсидия бюджетам поселений области на достижение целевых показателей, предусматривающих мероприятия по решению неотложных задач по приведению в нормативное состояние автомобильных дорог местного значения городских поселений области, входящих в состав Саратовской агломерации, за счет средств областного дорожного фонда | C75: 000 0409 5Ж214D7140 521 | D75: =Субсидии!GO395 -> 100000 | E75: =Субсидии!GP395 -> 0 | F75: =E75/D75*100 -> 0
A76: 2.66. | B76: Субсидия бюджетам муниципальных районов области на строительство (приобретение) жилого помещения (жилого дома) на сельских территориях, предоставляемого гражданам Российской Федерации, проживающим на сельских территориях, по договору найма жилого помещения | C76: 000 0501 70101R5769 522 | D76: =Субсидии!GR395 -> 60128.98 | E76: =Субсидии!GS395 -> 35045.827 | F76: =E76/D76*100 -> 58.284419
A77: 2.67. | B77: Субсидия бюджетам городских округов области на государственную поддержку в целях обеспечения реализации инфраструктурных проектов, направленных на комплексное развитие городского наземного электрического транспорта и автомобильного транспорта общего пользования, выполнение работ по освещению и благоустройству территорий, а также на закупку автобусов, приводимых в движение электрической энергией от батареи, заряжаемой от внешнего источника (электробусов), и объектов зарядной инфраструктуры для них (реконструкция тяговых подстанций в г. Саратове Саратовской области) | C77: 000 0408 5Ж1R754013 523 | D77: =Субсидии!GU395 -> 294253.88 | E77: =Субсидии!GV395 -> 290743.06 | F77: =E77/D77*100 -> 98.806876
A78: 2.68. | B78: Субсидия бюджетам городских округов области на государственную поддержку в целях обеспечения реализации инфраструктурных проектов, направленных на комплексное развитие городского наземного электрического транспорта и автомобильного транспорта общего пользования, выполнение работ по освещению и благоустройству территорий, а также на закупку автобусов, приводимых в движение электрической энергией от батареи, заряжаемой от внешнего источника (электробусов), и объектов зарядной инфраструктуры для них (реконструкция трамвайных путей в г. Саратове Саратовской области) | C78: 000 0408 5Ж1R754014 523 | D78: =Субсидии!GX395 -> 788006.84 | E78: =Субсидии!GY395 -> 600869.59 | F78: =E78/D78*100 -> 76.251824
A79: 2.69. | B79: Субсидия бюджетам городских округов области на государственную поддержку в целях обеспечения реализации инфраструктурных проектов, направленных на комплексное развитие городского наземного электрического транспорта и автомобильного транспорта общего пользования, выполнение работ по освещению и благоустройству территорий, а также на закупку автобусов, приводимых в движение электрической энергией от батареи, заряжаемой от внешнего источника (электробусов), и объектов зарядной инфраструктуры для них (реконструкция смешанного путепровода через железнодорожные пути, входящего в транспортную развязку «Стрелка» в г. Саратове Саратовской области) | C79: 000 0408 5Ж1R754015 523 | D79: =Субсидии!HA395 -> 144617.45 | E79: =Субсидии!HB395 -> 144617.45 | F79: =E79/D79*100 -> 100
A80: 2.70. | B80: Субсидия бюджетам муниципальных районов, городских округов и поселений области на подготовку проектов межевания земельных участков и на проведение кадастровых работ | C80: 000 0405 5Г502R5990 523 | D80: =Субсидии!HD395 -> 14623.933 | E80: =Субсидии!HE395 -> 0 | F80: =E80/D80*100 -> 0
A81: 2.71. | B81: Субсидия бюджетам муниципальных районов области на достижение показателей результативности по реализации мероприятий по переселению граждан из аварийного жилищного фонда, признанного таковым в связи с его физическим износом в процессе эксплуатации после 1 января 2022 года | C81: 000 0501 5EA01WР600 523 | D81: =Субсидии!HG395 -> 155815.77 | E81: =Субсидии!HH395 -> 0 | F81: =E81/D81*100 -> 0
A82: 2.72. | B82: Субсидия бюджетам муниципальных районов области на реализацию мероприятий по переселению граждан из аварийного жилищного фонда, признанного таковым в связи с его физическим износом в процессе эксплуатации после 1 января 2022 года | C82: 000 0501 5EA01RР60F 523 | D82: =Субсидии!HJ395 -> 568663.27 | E82: =Субсидии!HK395 -> 0 | F82: =E82/D82*100 -> 0
A83: 2.73. | B83: Субсидия бюджетам городских округов и поселений области на реализацию регионального проекта (программы) в целях выполнения задач федерального проекта «Жилье» (Стимулирование программ развития жилищного строительства субъектов Российской Федерации (в рамках достижения соответствующих задач федерального проекта)) | C83: 000 1403 5E1F1U0290 523 | D83: =Субсидии!HM395 -> 70000 | E83: =Субсидии!HN395 -> 0 | F83: =E83/D83*100 -> 0
A84: 2.74. | B84: Субсидия бюджетам городских округов области на капитальный ремонт и ремонт автомобильных дорог местного значения и искусственных сооружений на них в границах городских округов области, входящих в состав Саратовской агломерации, за счет средств областного дорожного фонда | C84: 000 0409 5Ж235D7630 521 | D84: =Субсидии!HP390 -> 48918 | E84: =Субсидии!HQ390 -> 0 | F84: =E84/D84*100 -> 0
A85: 2.75. | B85: Субсидия бюджетам муниципальных районов и поселений области на капитальный ремонт, ремонт и содержание автомобильных дорог общего пользования местного значения за счет средств областного дорожного фонда | C85: 000 0409 5Ж234D7620 521 | D85: =Субсидии!HS395 -> 45527.51 | E85: =Субсидии!HT395 -> 0 | F85: =E85/D85*100 -> 0
A86: 3. | B86: Субвенции - всего | D86: =SUM(D87:D107) -> 26303878 | E86: =SUM(E87:E107) -> 19118241 | F86: =E86/D86*100 -> 72.682213
A87: 3.1. | B87: Субвенция бюджетам муниципальных районов и городских округов области на осуществление органами местного самоуправления государственных полномочий по частичному финансированию расходов на присмотр и уход за детьми дошкольного возраста в муниципальных образовательных организациях, реализующих основную общеобразовательную программу дошкольного образования | C87: 000 0701 5A10476900 530 | D87: ='Субвенции '!E394 -> 68334.4 | E87: ='Субвенции '!F394 -> 44956.795 | F87: =E87/D87*100 -> 65.789405
A88: 3.2. | B88: Субвенция бюджетам муниципальных районов и городских округов области на осуществление органами местного самоуправления государственных полномочий по организации предоставления компенсации родительской платы и расходы по оплате услуг почтовой связи и банковских услуг, оказываемых банками, по выплате за присмотр и уход за детьми в образовательных организациях, реализующих основную общеобразовательную программу дошкольного образования | C88: 000 0709 5A10477800 530 | D88: ='Субвенции '!H394 -> 23274.9 | E88: ='Субвенции '!I394 -> 16201.55 | F88: =E88/D88*100 -> 69.609537
A89: 3.3. | B89: Субвенция бюджетам муниципальных районов и городских округов области на осуществление органами местного самоуправления государственных полномочий по предоставлению компенсации родительской платы за присмотр и уход за детьми в образовательных организациях, реализующих основную общеобразовательную программу дошкольного образования | C89: 000 1004 5A10477900 530 | D89: ='Субвенции '!K394 -> 609609 | E89: ='Субвенции '!L394 -> 367462.42 | F89: =E89/D89*100 -> 60.278379
A90: 3.4. | B90: Субвенция бюджетам муниципальных районов и городских округов области на финансовое обеспечение образовательной деятельности муниципальных дошкольных образовательных организаций | C90: 000 0701 5A10576700 530 | D90: ='Субвенции '!N394 -> 6392795.9 | E90: ='Субвенции '!O394 -> 4737241.4 | F90: =E90/D90*100 -> 74.10281
A91: 3.5. | B91: Субвенция бюджетам муниципальных районов и городских округов области на осуществление органами местного самоуправления государственных полномочий по предоставлению питания отдельным категориям обучающихся в муниципальных образовательных организациях, реализующих образовательные программы начального общего, основного общего и среднего общего образования | C91: 000 0702 5A21277200 530 | D91: ='Субвенции '!Q394 -> 351612.2 | E91: ='Субвенции '!R394 -> 167237.39 | F91: =E91/D91*100 -> 47.563024
A92: 3.6. | B92: Субвенция бюджетам муниципальных районов и городских округов области на осуществление органами местного самоуправления государственных полномочий по организации предоставления питания отдельным категориям обучающихся в муниципальных образовательных организациях, реализующих образовательные программы начального общего, основного общего и среднего общего образования, и частичное финансирование расходов на присмотр и уход за детьми дошкольного возраста в муниципальных образовательных организациях, реализующих основную общеобразовательную программу дошкольного образования | C92: 000 0709 5A21277300 530 | D92: ='Субвенции '!T394 -> 18080.6 | E92: ='Субвенции '!U394 -> 13503.791 | F92: =E92/D92*100 -> 74.686628
A93: 3.7. | B93: Субвенция бюджетам муниципальных районов и городских округов области на финансовое обеспечение образовательной деятельности муниципальных общеобразовательных учреждений | C93: 000 0702 5A21177000 530 | D93: ='Субвенции '!W394 -> 16853943 | E93: ='Субвенции '!X394 -> 12431586 | F93: =E93/D93*100 -> 73.760701
A94: 3.8. | B94: Субвенция бюджетам муниципальных районов и городских округов области на осуществление органами местного самоуправления отдельных государственных полномочий по осуществлению деятельности по опеке и попечительству в отношении несовершеннолетних граждан в части расходов на оплату труда, уплату страховых взносов по обязательному социальному страхованию в государственные внебюджетные фонды Российской Федерации, обеспечение деятельности штатных работников | C94: 000 0709 5A50577120 530 | D94: ='Субвенции '!Z394 -> 92190.8 | E94: ='Субвенции '!AA394 -> 61442.762 | F94: =E94/D94*100 -> 66.64739
A95: 3.9. | B95: Субвенция бюджетам муниципальных районов и городских округов области на осуществление органами местного самоуправления отдельных государственных полномочий по осуществлению деятельности по опеке и попечительству в отношении несовершеннолетних граждан в части расходов на обеспечение деятельности по сохранению, содержанию и ремонту пустующих жилых помещений, закрепленных за детьми-сиротами и детьми, оставшимися без попечения родителей | C95: 000 1004 5A50577И00 530 | D95: ='Субвенции '!AC394 -> 2023 | E95: ='Субвенции '!AD394 -> 296.35897 | F95: =E95/D95*100 -> 14.649479
A96: 3.10. | B96: Субвенция бюджетам муниципальных районов и городских округов области на осуществление органами местного самоуправления государственных полномочий по организации предоставления гражданам субсидий на оплату жилого помещения и коммунальных услуг | C96: 000 1003 5212377Б00 530 | D96: ='Субвенции '!AF394 -> 70572 | E96: ='Субвенции '!AG394 -> 45587.539 | F96: =E96/D96*100 -> 64.597205
A97: 3.11. | B97: Субвенция бюджетам муниципальных районов и городских округов области на осуществление органами местного самоуправления государственных полномочий по предоставлению гражданам субсидий на оплату жилого помещения и коммунальных услуг | C97: 000 1003 5212477110 530 | D97: ='Субвенции '!AI394 -> 470449.7 | E97: ='Субвенции '!AJ394 -> 279497.29 | F97: =E97/D97*100 -> 59.410663
A98: 3.13. | B98: Субвенция бюджетам муниципальных районов и городских округов области на осуществление органами местного самоуправления государственных полномочий по созданию и организации деятельности комиссий по делам несовершеннолетних и защите их прав | C98: 000 0113 6511076600 530 | D98: ='Субвенции '!AL394 -> 40688 | E98: ='Субвенции '!AM394 -> 27431.165 | F98: =E98/D98*100 -> 67.418318
A99: 3.12. | B99: Субвенция бюджетам муниципальных районов и городских округов области на осуществление органами местного самоуправления государственных полномочий по образованию и обеспечению деятельности административных комиссий, определению перечня должностных лиц, уполномоченных составлять протоколы об административных правонарушениях | C99: 000 0113 6511176500 530 | D99: ='Субвенции '!AO394 -> 21725.5 | E99: ='Субвенции '!AP394 -> 13627.762 | F99: =E99/D99*100 -> 62.727036
A100: 3.13. | B100: Субвенция бюджетам муниципальных районов области на исполнение государственных полномочий по расчету и предоставлению дотаций бюджетам поселениям | C100: 000 1403 6640176100 530 | D100: ='Субвенции '!AR394 -> 84120.96 | E100: ='Субвенции '!AS394 -> 63575.4 | F100: =E100/D100*100 -> 75.57617
...

Sheet Всего (с выдел. нераспред)
A1: Сведения о предоставленных из бюджета Саратовской области межбюджетных трансфертах бюджетам муниципальных образований за 9 месяцев 2023 года
O2: тыс.рублей
A3: Наименование муниципальных образований | B3: Всего | E3: в том числе
E4: Дотации | H4: Субсидии | K4: Субвенции | N4: Иные межбюджетные трансферты
B6: утвержденные бюджетные назначения 2* | C6: исполнено | D6: % исполнения | E6: утвержденные бюджетные назначения * | F6: исполнено | G6: % исполнения | H6: утвержденные бюджетные назначения 2* | I6: исполнено | J6: % исполнения | K6: утвержденные бюджетные назначения 2* | L6: исполнено | M6: % исполнения | N6: утвержденные бюджетные назначения 2* | O6: исполнено | P6: % исполнения
A7: Муниципальные районы области (консолидированный) | B7: =E7+H7+K7+N7 -> 40539561 | C7: =F7+I7+L7+O7 -> 27372718 | D7: =C7/B7*100 -> 67.521002 | E7: =E10+E14+E23+E37+E52+E57+E75+E81+E98+E103+E115+E124+E138+E151+E162+E175+E188+E202+E206+E218+E227+E234+E247+E260+E274+E282+E292+E303+E313+E322+E331+E341+E352+E361+E370+E383+E392 -> 4269213 | F7: =F10+F14+F23+F37+F52+F57+F75+F81+F98+F103+F115+F124+F138+F151+F162+F175+F188+F202+F206+F218+F227+F234+F247+F260+F274+F282+F292+F303+F313+F322+F331+F341+F352+F361+F370+F383+F392 -> 3340707 | G7: =F7/E7*100 -> 78.25112 | H7: =H10+H14+H23+H37+H52+H57+H75+H81+H98+H103+H115+H124+H138+H151+H162+H175+H188+H202+H206+H218+H227+H234+H247+H260+H274+H282+H292+H303+H313+H322+H331+H341+H352+H361+H370+H383+H392 -> 16566539 | I7: =I10+I14+I23+I37+I52+I57+I75+I81+I98+I103+I115+I124+I138+I151+I162+I175+I188+I202+I206+I218+I227+I234+I247+I260+I274+I282+I292+I303+I313+I322+I331+I341+I352+I361+I370+I383+I392 -> 10188608 | J7: =I7/H7*100 -> 61.501129 | K7: =K10+K14+K23+K37+K52+K57+K75+K81+K98+K103+K115+K124+K138+K151+K162+K175+K188+K202+K206+K218+K227+K234+K247+K260+K274+K282+K292+K303+K313+K322+K331+K341+K352+K361+K370+K383+K392 -> 17375407 | L7: =L10+L14+L23+L37+L52+L57+L75+L81+L98+L103+L115+L124+L138+L151+L162+L175+L188+L202+L206+L218+L227+L234+L247+L260+L274+L282+L292+L303+L313+L322+L331+L341+L352+L361+L370+L383+L392 -> 12300182 | M7: =L7/K7*100 -> 70.790754 | N7: =N10+N14+N23+N37+N52+N57+N75+N81+N98+N103+N115+N124+N138+N151+N162+N175+N188+N202+N206+N218+N227+N234+N247+N260+N274+N282+N292+N303+N313+N322+N331+N341+N352+N361+N370+N383+N392 -> 2328401.9 | O7: =O10+O14+O23+O37+O52+O57+O75+O81+O98+O103+O115+O124+O138+O151+O162+O175+O188+O202+O206+O218+O227+O234+O247+O260+O274+O282+O292+O303+O313+O322+O331+O341+O352+O361+O370+O383+O392 -> 1543220.6 | P7: =O7/N7*100 -> 66.278105
A8: Муниципальные районы области (собственный): | B8: =E8+H8+K8+N8 -> 32902645 | C8: =F8+I8+L8+O8 -> 21588368 | D8: =C8/B8*100 -> 65.612866 | E8: =E11+E15+E24+E38+E53+E58+E76+E82+E99+E104+E116+E125+E139+E152+E163+E176+E189+E203+E207+E219+E228+E235+E248+E261+E275+E283+E293+E304+E314+E323+E332+E342+E353+E362+E371+E384+E393 -> 4269213 | F8: =F11+F15+F24+F38+F53+F58+F76+F82+F99+F104+F116+F125+F139+F152+F163+F176+F189+F203+F207+F219+F228+F235+F248+F261+F275+F283+F293+F304+F314+F323+F332+F342+F353+F362+F371+F384+F393 -> 3340707 | G8: =F8/E8*100 -> 78.25112 | H8: =H11+H15+H24+H38+H53+H58+H76+H82+H99+H104+H116+H125+H139+H152+H163+H176+H189+H203+H207+H219+H228+H235+H248+H261+H275+H283+H293+H304+H314+H323+H332+H342+H353+H362+H371+H384+H393 -> 10012164 | I8: =I11+I15+I24+I38+I53+I58+I76+I82+I99+I104+I116+I125+I139+I152+I163+I176+I189+I203+I207+I219+I228+I235+I248+I261+I275+I283+I293+I304+I314+I323+I332+I342+I353+I362+I371+I384+I393 -> 5134695.9 | J8: =I8/H8*100 -> 51.284575 | K8: =K11+K15+K24+K38+K53+K58+K76+K82+K99+K104+K116+K125+K139+K152+K163+K176+K189+K203+K207+K219+K228+K235+K248+K261+K275+K283+K293+K304+K314+K323+K332+K342+K353+K362+K371+K384+K393 -> 17317830 | L8: =L11+L15+L24+L38+L53+L58+L76+L82+L99+L104+L116+L125+L139+L152+L163+L176+L189+L203+L207+L219+L228+L235+L248+L261+L275+L283+L293+L304+L314+L323+L332+L342+L353+L362+L371+L384+L393 -> 12263437 | M8: =L8/K8*100 -> 70.813936 | N8: =N11+N15+N24+N38+N53+N58+N76+N82+N99+N104+N116+N125+N139+N152+N163+N176+N189+N203+N207+N219+N228+N235+N248+N261+N275+N283+N293+N304+N314+N323+N332+N342+N353+N362+N371+N384+N393 -> 1303437.6 | O8: =O11+O15+O24+O38+O53+O58+O76+O82+O99+O104+O116+O125+O139+O152+O163+O176+O189+O203+O207+O219+O228+O235+O248+O261+O275+O283+O293+O304+O314+O323+O332+O342+O353+O362+O371+O384+O393 -> 849528.25 | P8: =O8/N8*100 -> 65.175982
A9: Поселения: | B9: =E9+H9+K9+N9 -> 7636916.1 | C9: =F9+I9+L9+O9 -> 5784349.5 | D9: =C9/B9*100 -> 75.741954 | E9: =SUM(E12:E13)+SUM(E16:E22)+SUM(E25:E36)+SUM(E39:E51)+SUM(E54:E56)+SUM(E59:E74)+SUM(E77:E80)+SUM(E83:E97)+SUM(E100:E102)+SUM(E105:E114)+SUM(E117:E123)+SUM(E126:E137)+SUM(E140:E150)+SUM(E153:E161)+SUM(E164:E174)+SUM(E177:E187)+SUM(E190:E201)+SUM(E204:E205)+SUM(E208:E217)+SUM(E220:E226)+SUM(E229:E233)+SUM(E236:E246)+SUM(E249:E259)+SUM(E262:E273)+SUM(E276:E281)+SUM(E284:E291)+SUM(E294:E302)+SUM(E305:E312)+SUM(E315:E321)+SUM(E324:E330)+SUM(E333:E340)+SUM(E343:E351)+SUM(E354:E360)+SUM(E363:E369)+SUM(E372:E382)+SUM(E385:E391)+SUM(E394:E398) -> 0 | F9: =SUM(F12:F13)+SUM(F16:F22)+SUM(F25:F36)+SUM(F39:F51)+SUM(F54:F56)+SUM(F59:F74)+SUM(F77:F80)+SUM(F83:F97)+SUM(F100:F102)+SUM(F105:F114)+SUM(F117:F123)+SUM(F126:F137)+SUM(F140:F150)+SUM(F153:F161)+SUM(F164:F174)+SUM(F177:F187)+SUM(F190:F201)+SUM(F204:F205)+SUM(F208:F217)+SUM(F220:F226)+SUM(F229:F233)+SUM(F236:F246)+SUM(F249:F259)+SUM(F262:F273)+SUM(F276:F281)+SUM(F284:F291)+SUM(F294:F302)+SUM(F305:F312)+SUM(F315:F321)+SUM(F324:F330)+SUM(F333:F340)+SUM(F343:F351)+SUM(F354:F360)+SUM(F363:F369)+SUM(F372:F382)+SUM(F385:F391)+SUM(F394:F398) -> 0 | H9: =SUM(H12:H13)+SUM(H16:H22)+SUM(H25:H36)+SUM(H39:H51)+SUM(H54:H56)+SUM(H59:H74)+SUM(H77:H80)+SUM(H83:H97)+SUM(H100:H102)+SUM(H105:H114)+SUM(H117:H123)+SUM(H126:H137)+SUM(H140:H150)+SUM(H153:H161)+SUM(H164:H174)+SUM(H177:H187)+SUM(H190:H201)+SUM(H204:H205)+SUM(H208:H217)+SUM(H220:H226)+SUM(H229:H233)+SUM(H236:H246)+SUM(H249:H259)+SUM(H262:H273)+SUM(H276:H281)+SUM(H284:H291)+SUM(H294:H302)+SUM(H305:H312)+SUM(H315:H321)+SUM(H324:H330)+SUM(H333:H340)+SUM(H343:H351)+SUM(H354:H360)+SUM(H363:H369)+SUM(H372:H382)+SUM(H385:H391)+SUM(H394:H398) -> 6554374.8 | I9: =SUM(I12:I13)+SUM(I16:I22)+SUM(I25:I36)+SUM(I39:I51)+SUM(I54:I56)+SUM(I59:I74)+SUM(I77:I80)+SUM(I83:I97)+SUM(I100:I102)+SUM(I105:I114)+SUM(I117:I123)+SUM(I126:I137)+SUM(I140:I150)+SUM(I153:I161)+SUM(I164:I174)+SUM(I177:I187)+SUM(I190:I201)+SUM(I204:I205)+SUM(I208:I217)+SUM(I220:I226)+SUM(I229:I233)+SUM(I236:I246)+SUM(I249:I259)+SUM(I262:I273)+SUM(I276:I281)+SUM(I284:I291)+SUM(I294:I302)+SUM(I305:I312)+SUM(I315:I321)+SUM(I324:I330)+SUM(I333:I340)+SUM(I343:I351)+SUM(I354:I360)+SUM(I363:I369)+SUM(I372:I382)+SUM(I385:I391)+SUM(I394:I398) -> 5053912.6 | J9: =I9/H9*100 -> 77.10747 | K9: =SUM(K12:K13)+SUM(K16:K22)+SUM(K25:K36)+SUM(K39:K51)+SUM(K54:K56)+SUM(K59:K74)+SUM(K77:K80)+SUM(K83:K97)+SUM(K100:K102)+SUM(K105:K114)+SUM(K117:K123)+SUM(K126:K137)+SUM(K140:K150)+SUM(K153:K161)+SUM(K164:K174)+SUM(K177:K187)+SUM(K190:K201)+SUM(K204:K205)+SUM(K208:K217)+SUM(K220:K226)+SUM(K229:K233)+SUM(K236:K246)+SUM(K249:K259)+SUM(K262:K273)+SUM(K276:K281)+SUM(K284:K291)+SUM(K294:K302)+SUM(K305:K312)+SUM(K315:K321)+SUM(K324:K330)+SUM(K333:K340)+SUM(K343:K351)+SUM(K354:K360)+SUM(K363:K369)+SUM(K372:K382)+SUM(K385:K391)+SUM(K394:K398) -> 57577 | L9: =SUM(L12:L13)+SUM(L16:L22)+SUM(L25:L36)+SUM(L39:L51)+SUM(L54:L56)+SUM(L59:L74)+SUM(L77:L80)+SUM(L83:L97)+SUM(L100:L102)+SUM(L105:L114)+SUM(L117:L123)+SUM(L126:L137)+SUM(L140:L150)+SUM(L153:L161)+SUM(L164:L174)+SUM(L177:L187)+SUM(L190:L201)+SUM(L204:L205)+SUM(L208:L217)+SUM(L220:L226)+SUM(L229:L233)+SUM(L236:L246)+SUM(L249:L259)+SUM(L262:L273)+SUM(L276:L281)+SUM(L284:L291)+SUM(L294:L302)+SUM(L305:L312)+SUM(L315:L321)+SUM(L324:L330)+SUM(L333:L340)+SUM(L343:L351)+SUM(L354:L360)+SUM(L363:L369)+SUM(L372:L382)+SUM(L385:L391)+SUM(L394:L398) -> 36744.503 | M9: =L9/K9*100 -> 63.818023 | N9: =SUM(N12:N13)+SUM(N16:N22)+SUM(N25:N36)+SUM(N39:N51)+SUM(N54:N56)+SUM(N59:N74)+SUM(N77:N80)+SUM(N83:N97)+SUM(N100:N102)+SUM(N105:N114)+SUM(N117:N123)+SUM(N126:N137)+SUM(N140:N150)+SUM(N153:N161)+SUM(N164:N174)+SUM(N177:N187)+SUM(N190:N201)+SUM(N204:N205)+SUM(N208:N217)+SUM(N220:N226)+SUM(N229:N233)+SUM(N236:N246)+SUM(N249:N259)+SUM(N262:N273)+SUM(N276:N281)+SUM(N284:N291)+SUM(N294:N302)+SUM(N305:N312)+SUM(N315:N321)+SUM(N324:N330)+SUM(N333:N340)+SUM(N343:N351)+SUM(N354:N360)+SUM(N363:N369)+SUM(N372:N382)+SUM(N385:N391)+SUM(N394:N398) -> 1024964.3 | O9: =SUM(O12:O13)+SUM(O16:O22)+SUM(O25:O36)+SUM(O39:O51)+SUM(O54:O56)+SUM(O59:O74)+SUM(O77:O80)+SUM(O83:O97)+SUM(O100:O102)+SUM(O105:O114)+SUM(O117:O123)+SUM(O126:O137)+SUM(O140:O150)+SUM(O153:O161)+SUM(O164:O174)+SUM(O177:O187)+SUM(O190:O201)+SUM(O204:O205)+SUM(O208:O217)+SUM(O220:O226)+SUM(O229:O233)+SUM(O236:O246)+SUM(O249:O259)+SUM(O262:O273)+SUM(O276:O281)+SUM(O284:O291)+SUM(O294:O302)+SUM(O305:O312)+SUM(O315:O321)+SUM(O324:O330)+SUM(O333:O340)+SUM(O343:O351)+SUM(O354:O360)+SUM(O363:O369)+SUM(O372:O382)+SUM(O385:O391)+SUM(O394:O398) -> 693692.37 | P9: =O9/N9*100 -> 67.679664
A10: Александрово-Гайский район (консолидированный) | B10: =E10+H10+K10+N10 -> 562560.78 | C10: =F10+I10+L10+O10 -> 387102.13 | D10: =C10/B10*100 -> 68.810721 | E10: =E11+E12+E13 -> 105285.5 | F10: =F11+F12+F13 -> 81191.6 | G10: =F10/E10*100 -> 77.115652 | H10: =H11+H12+H13 -> 164449.86 | I10: =I11+I12+I13 -> 105993.12 | J10: =I10/H10*100 -> 64.453152 | K10: =K11+K12+K13 -> 257310.09 | L10: =L11+L12+L13 -> 173183.58 | M10: =L10/K10*100 -> 67.305401 | N10: =N11+N12+N13 -> 35515.336 | O10: =O11+O12+O13 -> 26733.828 | P10: =O10/N10*100 -> 75.27404
A11: Александрово-Гайский район (собственный) | B11: =E11+H11+K11+N11 -> 453365.19 | C11: =F11+I11+L11+O11 -> 313173.57 | D11: =C11/B11*100 -> 69.077551 | E11: =Дотации!B11 -> 105285.5 | F11: =Дотации!C11 -> 81191.6 | G11: =F11/E11*100 -> 77.115652 | H11: =Субсидии!B12 -> 61363.664 | I11: =Субсидии!C12 -> 32747.947 | J11: =I11/H11*100 -> 53.367 | K11: ='Субвенции '!B14 -> 256200.69 | L11: ='Субвенции '!C14 -> 172500.19 | M11: =L11/K11*100 -> 67.330105 | N11: =Иные!B12 -> 30515.336 | O11: =Иные!C12 -> 26733.828 | P11: =O11/N11*100 -> 87.607844
A12: Александрово-Гайское МО | B12: =E12+H12+K12+N12 -> 101588.99 | C12: =F12+I12+L12+O12 -> 67057.917 | D12: =C12/B12*100 -> 66.00904 | H12: =Субсидии!B13 -> 95610.091 | I12: =Субсидии!C13 -> 66449.631 | J12: =I12/H12*100 -> 69.500646 | K12: ='Субвенции '!B15 -> 978.9 | L12: ='Субвенции '!C15 -> 608.2864 | M12: =L12/K12*100 -> 62.13979 | N12: =Иные!B13 -> 5000 | O12: =Иные!C13 -> 0
A13: Новоалександровское МО | B13: =E13+H13+K13+N13 -> 7606.6 | C13: =F13+I13+L13+O13 -> 6870.644 | D13: =C13/B13*100 -> 90.324771 | H13: =Субсидии!B14 -> 7476.1 | I13: =Субсидии!C14 -> 6795.5376 | J13: =I13/H13*100 -> 90.896825 | K13: ='Субвенции '!B16 -> 130.5 | L13: ='Субвенции '!C16 -> 75.10645 | M13: =L13/K13*100 -> 57.552835
A14: Аркадакский район (консолидированный) | B14: =E14+H14+K14+N14 -> 543691.31 | C14: =F14+I14+L14+O14 -> 422408.3 | D14: =C14/B14*100 -> 77.69267 | E14: =SUM(E15:E22) -> 73095.2 | F14: =SUM(F15:F22) -> 56648.78 | G14: =F14/E14*100 -> 77.5 | H14: =SUM(H15:H22) -> 102594.04 | I14: =SUM(I15:I22) -> 65349.974 | J14: =I14/H14*100 -> 63.697635 | K14: =SUM(K15:K22) -> 279498.65 | L14: =SUM(L15:L22) -> 218350.38 | M14: =L14/K14*100 -> 78.122159 | N14: =SUM(N15:N22) -> 88503.424 | O14: =SUM(O15:O22) -> 82059.162 | P14: =O14/N14*100 -> 92.71863
A15: Аркадакский район (собственный) | B15: =E15+H15+K15+N15 -> 432502.22 | C15: =F15+I15+L15+O15 -> 326128.19 | D15: =C15/B15*100 -> 75.404974 | E15: =Дотации!B13 -> 73095.2 | F15: =Дотации!C13 -> 56648.78 | G15: =F15/E15*100 -> 77.5 | H15: =Субсидии!B16 -> 68097.745 | I15: =Субсидии!C16 -> 40373.415 | J15: =I15/H15*100 -> 59.287448 | K15: ='Субвенции '!B18 -> 278230.85 | L15: ='Субвенции '!C18 -> 217471.83 | M15: =L15/K15*100 -> 78.16237 | N15: =Иные!B15 -> 13078.424 | O15: =Иные!C15 -> 11634.163 | P15: =O15/N15*100 -> 88.956916
A16: город Аркадак | B16: =E16+H16+K16+N16 -> 82001.6 | C16: =F16+I16+L16+O16 -> 75847.568 | D16: =C16/B16*100 -> 92.495229 | H16: =Субсидии!B17 -> 6000 | I16: =Субсидии!C17 -> 5000 | J16: =I16/H16*100 -> 83.333333 | K16: ='Субвенции '!B19 -> 576.6 | L16: ='Субвенции '!C19 -> 422.56818 | M16: =L16/K16*100 -> 73.286191 | N16: =Иные!B16 -> 75425 | O16: =Иные!C16 -> 70424.999 | P16: =O16/N16*100 -> 93.370897
A17: Большежуравское МО | B17: =E17+H17+K17+N17 -> 3081.9314 | C17: =F17+I17+L17+O17 -> 2773.4927 | D17: =C17/B17*100 -> 89.992034 | H17: =Субсидии!B18 -> 2966.7314 | I17: =Субсидии!C18 -> 2697 | J17: =I17/H17*100 -> 90.908129 | K17: ='Субвенции '!B20 -> 115.2 | L17: ='Субвенции '!C20 -> 76.49274 | M17: =L17/K17*100 -> 66.399948
A18: Краснознаменское МО | B18: =E18+H18+K18+N18 -> 5413.2 | C18: =F18+I18+L18+O18 -> 5374.5388 | D18: =C18/B18*100 -> 99.285799 | H18: =Субсидии!B19 -> 5298 | I18: =Субсидии!C19 -> 5298 | J18: =I18/H18*100 -> 100 | K18: ='Субвенции '!B21 -> 115.2 | L18: ='Субвенции '!C21 -> 76.53885 | M18: =L18/K18*100 -> 66.439974
A19: Львовское МО | B19: =E19+H19+K19+N19 -> 3779.7 | C19: =F19+I19+L19+O19 -> 474.36945 | D19: =C19/B19*100 -> 12.550452 | H19: =Субсидии!B20 -> 3664.5 | I19: =Субсидии!C20 -> 388.5 | J19: =I19/H19*100 -> 10.601719 | K19: ='Субвенции '!B22 -> 115.2 | L19: ='Субвенции '!C22 -> 85.86945 | M19: =L19/K19*100 -> 74.539453
A20: Малиновское МО | B20: =E20+H20+K20+N20 -> 5771.259 | C20: =F20+I20+L20+O20 -> 757.03499 | D20: =C20/B20*100 -> 13.117328 | H20: =Субсидии!B21 -> 5656.059 | I20: =Субсидии!C21 -> 682.059 | J20: =I20/H20*100 -> 12.058909 | K20: ='Субвенции '!B23 -> 115.2 | L20: ='Субвенции '!C23 -> 74.97599 | M20: =L20/K20*100 -> 65.083325
A21: Росташовское МО | B21: =E21+H21+K21+N21 -> 5923.2 | C21: =F21+I21+L21+O21 -> 5884.1295 | D21: =C21/B21*100 -> 99.340381 | H21: =Субсидии!B22 -> 5808 | I21: =Субсидии!C22 -> 5808 | J21: =I21/H21*100 -> 100 | K21: ='Субвенции '!B24 -> 115.2 | L21: ='Субвенции '!C24 -> 76.12947 | M21: =L21/K21*100 -> 66.084609
A22: Семеновское МО | B22: =E22+H22+K22+N22 -> 5218.2 | C22: =F22+I22+L22+O22 -> 5168.9789 | D22: =C22/B22*100 -> 99.056741 | H22: =Субсидии!B23 -> 5103 | I22: =Субсидии!C23 -> 5103 | J22: =I22/H22*100 -> 100 | K22: ='Субвенции '!B25 -> 115.2 | L22: ='Субвенции '!C25 -> 65.97887 | M22: =L22/K22*100 -> 57.273325
A23: Аткарский район (консолидированный) | B23: =E23+H23+K23+N23 -> 821650.71 | C23: =F23+I23+L23+O23 -> 592593.17 | D23: =C23/B23*100 -> 72.122273 | E23: =SUM(E24:E36) -> 158532.1 | F23: =SUM(F24:F36) -> 122862.45 | G23: =F23/E23*100 -> 77.500046 | H23: =SUM(H24:H36) -> 158974.99 | I23: =SUM(I24:I36) -> 109408.44 | J23: =I23/H23*100 -> 68.82116 | K23: =SUM(K24:K36) -> 473473.4 | L23: =SUM(L24:L36) -> 339413.85 | M23: =L23/K23*100 -> 71.685938 | N23: =SUM(N24:N36) -> 30670.216 | O23: =SUM(O24:O36) -> 20908.434 | P23: =O23/N23*100 -> 68.171787
A24: Аткарский район (собственный) | B24: =E24+H24+K24+N24 -> 746230.19 | C24: =F24+I24+L24+O24 -> 535401.23 | D24: =C24/B24*100 -> 71.747464 | E24: =Дотации!B15 -> 158532.1 | F24: =Дотации!C15 -> 122862.45 | G24: =F24/E24*100 -> 77.500046 | H24: =Субсидии!B25 -> 90944.473 | I24: =Субсидии!C25 -> 53777.974 | J24: =I24/H24*100 -> 59.132756 | K24: ='Субвенции '!B27 -> 471283.4 | L24: ='Субвенции '!C27 -> 338052.37 | M24: =L24/K24*100 -> 71.730168 | N24: =Иные!B18 -> 25470.216 | O24: =Иные!C18 -> 20708.435 | P24: =O24/N24*100 -> 81.304513
A25: город Аткарск | B25: =E25+H25+K25+N25 -> 29186.8 | C25: =F25+I25+L25+O25 -> 12152.813 | D25: =C25/B25*100 -> 41.638045 | H25: =Субсидии!B26 -> 22833.8 | I25: =Субсидии!C26 -> 11255.345 | J25: =I25/H25*100 -> 49.292477 | K25: ='Субвенции '!B28 -> 1153 | L25: ='Субвенции '!C28 -> 697.4679 | M25: =L25/K25*100 -> 60.491578 | N25: =Иные!B19 -> 5200 | O25: =Иные!C19 -> 199.99943 | P25: =O25/N25*100 -> 3.8461429
A26: Барановское МО | B26: =E26+H26+K26+N26 -> 7630.2 | C26: =F26+I26+L26+O26 -> 7592.81 | D26: =C26/B26*100 -> 99.509974 | H26: =Субсидии!B27 -> 7515 | I26: =Субсидии!C27 -> 7515 | J26: =I26/H26*100 -> 100 | K26: ='Субвенции '!B29 -> 115.2 | L26: ='Субвенции '!C29 -> 77.81003 | M26: =L26/K26*100 -> 67.543429 | N26: =Иные!B20 -> 0 | O26: =Иные!C20 -> 0
A27: Большеекатериновское МО | B27: =E27+H27+K27+N27 -> 0 | C27: =F27+I27+L27+O27 -> 0 | H27: =Субсидии!B28 -> 0 | I27: =Субсидии!C28 -> 0 | K27: ='Субвенции '!B30 -> 0 | L27: ='Субвенции '!C30 -> 0
A28: Даниловское МО | B28: =E28+H28+K28+N28 -> 9006.1 | C28: =F28+I28+L28+O28 -> 8919.507 | D28: =C28/B28*100 -> 99.038507 | H28: =Субсидии!B29 -> 8718 | I28: =Субсидии!C29 -> 8718 | J28: =I28/H28*100 -> 100 | K28: ='Субвенции '!B31 -> 288.1 | L28: ='Субвенции '!C31 -> 201.50696 | M28: =L28/K28*100 -> 69.943409 | N28: =Иные!B21 -> 0 | O28: =Иные!C21 -> 0
A29: Ершовское МО | B29: =E29+H29+K29+N29 -> 6403.2 | C29: =F29+I29+L29+O29 -> 6351.0676 | D29: =C29/B29*100 -> 99.185838 | H29: =Субсидии!B30 -> 6288 | I29: =Субсидии!C30 -> 6288 | J29: =I29/H29*100 -> 100 | K29: ='Субвенции '!B32 -> 115.2 | L29: ='Субвенции '!C32 -> 63.06757 | M29: =L29/K29*100 -> 54.746155
A30: Кочетовское МО | B30: =E30+H30+K30+N30 -> 9256.8204 | C30: =F30+I30+L30+O30 -> 8339.8804 | D30: =C30/B30*100 -> 90.094439 | H30: =Субсидии!B31 -> 8968.7204 | I30: =Субсидии!C31 -> 8147.1161 | J30: =I30/H30*100 -> 90.839225 | K30: ='Субвенции '!B33 -> 288.1 | L30: ='Субвенции '!C33 -> 192.7643 | M30: =L30/K30*100 -> 66.908816
A31: Лопуховское МО | B31: =E31+H31+K31+N31 -> 7834.2 | C31: =F31+I31+L31+O31 -> 7799.4009 | D31: =C31/B31*100 -> 99.555806 | H31: =Субсидии!B32 -> 7719 | I31: =Субсидии!C32 -> 7719 | J31: =I31/H31*100 -> 100 | K31: ='Субвенции '!B34 -> 115.2 | L31: ='Субвенции '!C34 -> 80.40093 | M31: =L31/K31*100 -> 69.792474
A32: Озерное МО | B32: =E32+H32+K32+N32 -> 6103.2 | C32: =F32+I32+L32+O32 -> 6036.4544 | D32: =C32/B32*100 -> 98.906383 | H32: =Субсидии!B33 -> 5988 | I32: =Субсидии!C33 -> 5988 | J32: =I32/H32*100 -> 100 | K32: ='Субвенции '!B35 -> 115.2 | L32: ='Субвенции '!C35 -> 48.45439 | M32: =L32/K32*100 -> 42.061102
A33: Песчанское МО | B33: =E33+H33+K33+N33 -> 0 | C33: =F33+I33+L33+O33 -> 0 | H33: =Субсидии!B34 -> 0 | I33: =Субсидии!C34 -> 0 | K33: ='Субвенции '!B36 -> 0 | L33: ='Субвенции '!C36 -> 0
A34: Петровское МО | B34: =E34+H34+K34+N34 -> 0 | C34: =F34+I34+L34+O34 -> 0 | H34: =Субсидии!B35 -> 0 | I34: =Субсидии!C35 -> 0 | K34: ='Субвенции '!B37 -> 0 | L34: ='Субвенции '!C37 -> 0
A35: Тургеневское МО | B35: =E35+H35+K35+N35 -> 0 | C35: =F35+I35+L35+O35 -> 0 | H35: =Субсидии!B36 -> 0 | I35: =Субсидии!C36 -> 0 | K35: ='Субвенции '!B38 -> 0 | L35: ='Субвенции '!C38 -> 0
A36: Языковское МО | B36: =E36+H36+K36+N36 -> 0 | C36: =F36+I36+L36+O36 -> 0 | H36: =Субсидии!B37 -> 0 | I36: =Субсидии!C37 -> 0 | K36: ='Субвенции '!B39 -> 0 | L36: ='Субвенции '!C39 -> 0
A37: Базарно-Карабулакский район (консолидированный) | B37: =E37+H37+K37+N37 -> 626018.16 | C37: =F37+I37+L37+O37 -> 466222.95 | D37: =C37/B37*100 -> 74.47435 | E37: =SUM(E38:E51) -> 134265.2 | F37: =SUM(F38:F51) -> 105188.78 | G37: =F37/E37*100 -> 78.344039 | H37: =SUM(H38:H51) -> 120368.05 | I37: =SUM(I38:I51) -> 91947.797 | J37: =I37/H37*100 -> 76.388875 | K37: =SUM(K38:K51) -> 355559.15 | L37: =SUM(L38:L51) -> 255802.21 | M37: =L37/K37*100 -> 71.943645 | N37: =SUM(N38:N51) -> 15825.765 | O37: =SUM(O38:O51) -> 13284.168 | P37: =O37/N37*100 -> 83.94013
A38: Базарно-Карабулакский район (собственный) | B38: =E38+H38+K38+N38 -> 571676.84 | C38: =F38+I38+L38+O38 -> 414378.33 | D38: =C38/B38*100 -> 72.484716 | E38: =Дотации!B17 -> 134265.2 | F38: =Дотации!C17 -> 105188.78 | G38: =F38/E38*100 -> 78.344039 | H38: =Субсидии!B39 -> 69255.129 | I38: =Субсидии!C39 -> 42808.901 | J38: =I38/H38*100 -> 61.813329 | K38: ='Субвенции '!B41 -> 353830.75 | L38: ='Субвенции '!C41 -> 254596.49 | M38: =L38/K38*100 -> 71.954314 | N38: =Иные!B23 -> 14325.765 | O38: =Иные!C23 -> 11784.168 | P38: =O38/N38*100 -> 82.258558
A39: Алексеевское МО | B39: =E39+H39+K39+N39 -> 8524.7361 | C39: =F39+I39+L39+O39 -> 8440.5498 | D39: =C39/B39*100 -> 99.012448 | H39: =Субсидии!B40 -> 8236.6361 | I39: =Субсидии!C40 -> 8236.6361 | J39: =I39/H39*100 -> 100 | K39: ='Субвенции '!B42 -> 288.1 | L39: ='Субвенции '!C42 -> 203.91376 | M39: =L39/K39*100 -> 70.778813
A40: Базарно-Карабулакское МО | B40: =E40+H40+K40+N40 -> 10000 | C40: =F40+I40+L40+O40 -> 10000 | D40: =C40/B40*100 -> 100 | H40: =Субсидии!B41 -> 10000 | I40: =Субсидии!C41 -> 10000 | J40: =I40/H40*100 -> 100 | N40: =Иные!B24 -> 0 | O40: =Иные!C24 -> 0
A41: Большечечуйское МО | B41: =E41+H41+K41+N41 -> 2281.2 | C41: =F41+I41+L41+O41 -> 2239.4864 | D41: =C41/B41*100 -> 98.171421 | H41: =Субсидии!B42 -> 2166 | I41: =Субсидии!C42 -> 2166 | J41: =I41/H41*100 -> 100 | K41: ='Субвенции '!B43 -> 115.2 | L41: ='Субвенции '!C43 -> 73.48645 | M41: =L41/K41*100 -> 63.790321
A42: Вязовское МО | B42: =E42+H42+K42+N42 -> 0 | C42: =F42+I42+L42+O42 -> 0 | K42: ='Субвенции '!B44 -> 0 | L42: ='Субвенции '!C44 -> 0
A43: Липовское МО | B43: =E43+H43+K43+N43 -> 7656.1 | C43: =F43+I43+L43+O43 -> 7580.6045 | D43: =C43/B43*100 -> 99.013918 | H43: =Субсидии!B43 -> 5868 | I43: =Субсидии!C43 -> 5868 | J43: =I43/H43*100 -> 100 | K43: ='Субвенции '!B45 -> 288.1 | L43: ='Субвенции '!C45 -> 212.60454 | M43: =L43/K43*100 -> 73.795397 | N43: =Иные!B25 -> 1500 | O43: =Иные!C25 -> 1500 | P43: =O43/N43*100 -> 100
A44: Максимовское МО | B44: =E44+H44+K44+N44 -> 7964.2808 | C44: =F44+I44+L44+O44 -> 6421.139 | D44: =C44/B44*100 -> 80.624217 | H44: =Субсидии!B44 -> 7676.1808 | I44: =Субсидии!C44 -> 6236.26 | J44: =I44/H44*100 -> 81.241703 | K44: ='Субвенции '!B46 -> 288.1 | L44: ='Субвенции '!C46 -> 184.879 | M44: =L44/K44*100 -> 64.171815
A45: Свободинское МО | B45: =E45+H45+K45+N45 -> 822.2 | C45: =F45+I45+L45+O45 -> 216.075 | D45: =C45/B45*100 -> 26.280102 | H45: =Субсидии!B45 -> 534.1 | I45: =Субсидии!C45 -> 0 | J45: =I45/H45*100 -> 0 | K45: ='Субвенции '!B47 -> 288.1 | L45: ='Субвенции '!C47 -> 216.075 | M45: =L45/K45*100 -> 75 | N45: =Иные!B26 -> 0 | O45: =Иные!C26 -> 0 | P45: =Иные!D26 -> 0
A46: Старобурасское МО | B46: =E46+H46+K46+N46 -> 2725.2 | C46: =F46+I46+L46+O46 -> 2686.6552 | D46: =C46/B46*100 -> 98.585615 | H46: =Субсидии!B46 -> 2610 | I46: =Субсидии!C46 -> 2610 | J46: =I46/H46*100 -> 100 | K46: ='Субвенции '!B48 -> 115.2 | L46: ='Субвенции '!C48 -> 76.65518 | M46: =L46/K46*100 -> 66.540955
A47: Старожуковское МО | B47: =E47+H47+K47+N47 -> 6109.2 | C47: =F47+I47+L47+O47 -> 6073.0789 | D47: =C47/B47*100 -> 99.408743 | H47: =Субсидии!B47 -> 5994 | I47: =Субсидии!C47 -> 5994 | J47: =I47/H47*100 -> 100 | K47: ='Субвенции '!B49 -> 115.2 | L47: ='Субвенции '!C49 -> 79.07892 | M47: =L47/K47*100 -> 68.644896
A48: Тепляковское МО | B48: =E48+H48+K48+N48 -> 0 | C48: =F48+I48+L48+O48 -> 0 | K48: ='Субвенции '!B50 -> 0 | L48: ='Субвенции '!C50 -> 0
A49: Хватовское МО | B49: =E49+H49+K49+N49 -> 0 | C49: =F49+I49+L49+O49 -> 0 | K49: ='Субвенции '!B51 -> 0 | L49: ='Субвенции '!C51 -> 0
A50: Шняевское МО | B50: =E50+H50+K50+N50 -> 2296.2 | C50: =F50+I50+L50+O50 -> 2260.7824 | D50: =C50/B50*100 -> 98.457556 | H50: =Субсидии!B48 -> 2181 | I50: =Субсидии!C48 -> 2181 | J50: =I50/H50*100 -> 100 | K50: ='Субвенции '!B52 -> 115.2 | L50: ='Субвенции '!C52 -> 79.78241 | M50: =L50/K50*100 -> 69.255564
A51: Яковлевское МО | B51: =E51+H51+K51+N51 -> 5962.2 | C51: =F51+I51+L51+O51 -> 5926.2488 | D51: =C51/B51*100 -> 99.397015 | H51: =Субсидии!B49 -> 5847 | I51: =Субсидии!C49 -> 5847 | J51: =I51/H51*100 -> 100 | K51: ='Субвенции '!B53 -> 115.2 | L51: ='Субвенции '!C53 -> 79.24884 | M51: =L51/K51*100 -> 68.792396
A52: Балаковский район (консолидированный) | B52: =E52+H52+K52+N52 -> 4562645.1 | C52: =F52+I52+L52+O52 -> 3403004.9 | D52: =C52/B52*100 -> 74.584037 | E52: =SUM(E53:E56) -> 0 | F52: =SUM(F53:F56) -> 0 | G52: =F52/E52*100 -> #DIV/0! | H52: =SUM(H53:H56) -> 2171046.7 | I52: =SUM(I53:I56) -> 1891384 | J52: =I52/H52*100 -> 87.118533 | K52: =SUM(K53:K56) -> 2175256 | L52: =SUM(L53:L56) -> 1471329.5 | M52: =L52/K52*100 -> 67.639375 | N52: =SUM(N53:N56) -> 216342.47 | O52: =SUM(O53:O56) -> 40291.353 | P52: =O52/N52*100 -> 18.623876
A53: Балаковский район (собственный) | B53: =E53+H53+K53+N53 -> 2635337.9 | C53: =F53+I53+L53+O53 -> 1716818 | D53: =C53/B53*100 -> 65.14603 | E53: =Дотации!B19 -> 0 | F53: =Дотации!C19 -> 0 | G53: =F53/E53*100 -> #DIV/0! | H53: =Субсидии!B51 -> 342532.87 | I53: =Субсидии!C51 -> 206898.29 | J53: =I53/H53*100 -> 60.402464 | K53: ='Субвенции '!B55 -> 2174391.3 | L53: ='Субвенции '!C55 -> 1470754.2 | M53: =L53/K53*100 -> 67.639814 | N53: =Иные!B28 -> 118413.77 | O53: =Иные!C28 -> 39165.537 | P53: =O53/N53*100 -> 33.075155
A54: город Балаково | B54: =E54+H54+K54+N54 -> 1776316.8 | C54: =F54+I54+L54+O54 -> 1606887.4 | D54: =C54/B54*100 -> 90.461757 | H54: =Субсидии!B52 -> 1696630.3 | I54: =Субсидии!C52 -> 1605986.6 | J54: =I54/H54*100 -> 94.657426 | N54: =Иные!B29 -> 79686.5 | O54: =Иные!C29 -> 900.816 | P54: =O54/N54*100 -> 1.13045
A55: Быково-Отрогское МО | B55: =E55+H55+K55+N55 -> 39577.1 | C55: =F55+I55+L55+O55 -> 27000.841 | D55: =C55/B55*100 -> 68.223394 | H55: =Субсидии!B54 -> 38775.5 | I55: =Субсидии!C54 -> 26400.953 | K55: ='Субвенции '!B56 -> 576.6 | L55: ='Субвенции '!C56 -> 374.88786 | M55: =L55/K55*100 -> 65.016972 | N55: =Иные!B31 -> 225 | O55: =Иные!C31 -> 225 | P55: =O55/N55*100 -> 100
A56: Натальинское МО | B56: =E56+H56+K56+N56 -> 111413.34 | C56: =F56+I56+L56+O56 -> 52298.676 | D56: =C56/B56*100 -> 46.941125 | H56: =Субсидии!B53 -> 93108.041 | I56: =Субсидии!C53 -> 52098.229 | J56: =I56/H56*100 -> 55.954597 | K56: ='Субвенции '!B57 -> 288.1 | L56: ='Субвенции '!C57 -> 200.44685 | M56: =L56/K56*100 -> 69.575443 | N56: =Иные!B30 -> 18017.2
A57: Балашовский район (консолидированный) | B57: =E57+H57+K57+N57 -> 2446931.5 | C57: =F57+I57+L57+O57 -> 1655739.7 | D57: =C57/B57*100 -> 67.665962 | E57: =SUM(E58:E74) -> 220233.6 | F57: =SUM(F58:F74) -> 192481.38 | G57: =F57/E57*100 -> 87.398735 | H57: =SUM(H58:H74) -> 978629.92 | I57: =SUM(I58:I74) -> 587511.21 | J57: =I57/H57*100 -> 60.034054 | K57: =SUM(K58:K74) -> 1091244.1 | L57: =SUM(L58:L74) -> 748206.9 | M57: =L57/K57*100 -> 68.564575 | N57: =SUM(N58:N74) -> 156823.84 | O57: =SUM(O58:O74) -> 127540.26 | P57: =O57/N57*100 -> 81.327084
A58: Балашовский район (собственный) | B58: =E58+H58+K58+N58 -> 1685606.6 | C58: =F58+I58+L58+O58 -> 1199534.2 | D58: =C58/B58*100 -> 71.163351 | E58: =Дотации!B22 -> 220233.6 | F58: =Дотации!C22 -> 192481.38 | G58: =F58/E58*100 -> 87.398735 | H58: =Субсидии!B56 -> 325897.55 | I58: =Субсидии!C56 -> 230974.39 | J58: =I58/H58*100 -> 70.873313 | K58: ='Субвенции '!B59 -> 1088651.6 | L58: ='Субвенции '!C59 -> 746598.96 | M58: =L58/K58*100 -> 68.580153 | N58: =Иные!B33 -> 50823.843 | O58: =Иные!C33 -> 29479.436 | P58: =O58/N58*100 -> 58.003162
A59: город Балашов | B59: =E59+H59+K59+N59 -> 578020.55 | C59: =F59+I59+L59+O59 -> 276222.96 | D59: =C59/B59*100 -> 47.78774 | E59: =Дотации!B23 -> 0 | F59: =Дотации!C23 -> 0 | G59: =F59/E59*100 -> #DIV/0! | H59: =Субсидии!B57 -> 472245.55 | I59: =Субсидии!C57 -> 178387.14 | J59: =I59/H59*100 -> 37.774234 | N59: =Иные!B34 -> 105775 | O59: =Иные!C34 -> 97835.822 | P59: =O59/N59*100 -> 92.494278
A60: Барковское МО | B60: =E60+H60+K60+N60 -> 3781.2 | C60: =F60+I60+L60+O60 -> 3725.5573 | D60: =C60/B60*100 -> 98.528437 | H60: =Субсидии!B58 -> 3666 | I60: =Субсидии!C58 -> 3666 | J60: =I60/H60*100 -> 100 | K60: ='Субвенции '!B60 -> 115.2 | L60: ='Субвенции '!C60 -> 59.55726 | M60: =L60/K60*100 -> 51.69901
A61: Большемеликское МО | B61: =E61+H61+K61+N61 -> 7428.1 | C61: =F61+I61+L61+O61 -> 7331.9914 | D61: =C61/B61*100 -> 98.706148 | H61: =Субсидии!B59 -> 7140 | I61: =Субсидии!C59 -> 7140 | J61: =I61/H61*100 -> 100 | K61: ='Субвенции '!B61 -> 288.1 | L61: ='Субвенции '!C61 -> 191.99135 | M61: =L61/K61*100 -> 66.640524
A62: Лесновское МО | B62: =E62+H62+K62+N62 -> 2713.2 | C62: =F62+I62+L62+O62 -> 2653.0787 | D62: =C62/B62*100 -> 97.784119 | H62: =Субсидии!B60 -> 2598 | I62: =Субсидии!C60 -> 2598 | J62: =I62/H62*100 -> 100 | K62: ='Субвенции '!B62 -> 115.2 | L62: ='Субвенции '!C62 -> 55.07872 | M62: =L62/K62*100 -> 47.811389
A63: Малосеменовское МО | B63: =E63+H63+K63+N63 -> 3202.2 | C63: =F63+I63+L63+O63 -> 3154.9335 | D63: =C63/B63*100 -> 98.523936 | H63: =Субсидии!B61 -> 3087 | I63: =Субсидии!C61 -> 3087 | J63: =I63/H63*100 -> 100 | K63: ='Субвенции '!B63 -> 115.2 | L63: ='Субвенции '!C63 -> 67.93348 | M63: =L63/K63*100 -> 58.970035
A64: Новопокровское МО | B64: =E64+H64+K64+N64 -> 3883.2 | C64: =F64+I64+L64+O64 -> 3838.4602 | D64: =C64/B64*100 -> 98.847863 | H64: =Субсидии!B62 -> 3768 | I64: =Субсидии!C62 -> 3768 | J64: =I64/H64*100 -> 100 | K64: ='Субвенции '!B64 -> 115.2 | L64: ='Субвенции '!C64 -> 70.46023 | M64: =L64/K64*100 -> 61.163394
A65: Октябрьское МО | B65: =E65+H65+K65+N65 -> 5059.2 | C65: =F65+I65+L65+O65 -> 5018.0359 | D65: =C65/B65*100 -> 99.186352 | H65: =Субсидии!B63 -> 4944 | I65: =Субсидии!C63 -> 4944 | J65: =I65/H65*100 -> 100 | K65: ='Субвенции '!B65 -> 115.2 | L65: ='Субвенции '!C65 -> 74.03593 | M65: =L65/K65*100 -> 64.2673
A66: Пинеровское МО | B66: =E66+H66+K66+N66 -> 1613.1 | C66: =F66+I66+L66+O66 -> 427.12821 | D66: =C66/B66*100 -> 26.478719 | H66: =Субсидии!B65 -> 1100 | I66: =Субсидии!C65 -> 0 | K66: ='Субвенции '!B67 -> 288.1 | L66: ='Субвенции '!C67 -> 202.12821 | M66: =L66/K66*100 -> 70.159045 | N66: =Иные!B36 -> 225 | O66: =Иные!C36 -> 225 | P66: =O66/N66*100 -> 100
A67: Первомайское МО | B67: =E67+H67+K67+N67 -> 3658.2 | C67: =F67+I67+L67+O67 -> 3590.3035 | D67: =C67/B67*100 -> 98.143992 | H67: =Субсидии!B64 -> 3543 | I67: =Субсидии!C64 -> 3543 | J67: =I67/H67*100 -> 100 | K67: ='Субвенции '!B66 -> 115.2 | L67: ='Субвенции '!C66 -> 47.30351 | M67: =L67/K67*100 -> 41.062075
A68: Репинское МО | B68: =E68+H68+K68+N68 -> 116284.22 | C68: =F68+I68+L68+O68 -> 115118.04 | D68: =C68/B68*100 -> 98.997129 | H68: =Субсидии!B66 -> 115996.12 | I68: =Субсидии!C66 -> 114920.75 | J68: =I68/H68*100 -> 99.072925 | K68: ='Субвенции '!B68 -> 288.1 | L68: ='Субвенции '!C68 -> 197.29092 | M68: =L68/K68*100 -> 68.480014
A69: Родничковское МО | B69: =E69+H69+K69+N69 -> 4927.2 | C69: =F69+I69+L69+O69 -> 4887.1762 | D69: =C69/B69*100 -> 99.187696 | H69: =Субсидии!B67 -> 4812 | I69: =Субсидии!C67 -> 4812 | J69: =I69/H69*100 -> 100 | K69: ='Субвенции '!B69 -> 115.2 | L69: ='Субвенции '!C69 -> 75.17618 | M69: =L69/K69*100 -> 65.257101
A70: Соцземледельское МО | B70: =E70+H70+K70+N70 -> 3568.2 | C70: =F70+I70+L70+O70 -> 3503.8831 | D70: =C70/B70*100 -> 98.197496 | H70: =Субсидии!B68 -> 3453 | I70: =Субсидии!C68 -> 3453 | J70: =I70/H70*100 -> 100 | K70: ='Субвенции '!B70 -> 115.2 | L70: ='Субвенции '!C70 -> 50.88307 | M70: =L70/K70*100 -> 44.169332
A71: Старохоперское МО | B71: =E71+H71+K71+N71 -> 2782.2 | C71: =F71+I71+L71+O71 -> 2738.288 | D71: =C71/B71*100 -> 98.42168 | H71: =Субсидии!B69 -> 2667 | I71: =Субсидии!C69 -> 2667 | J71: =I71/H71*100 -> 100 | K71: ='Субвенции '!B71 -> 115.2 | L71: ='Субвенции '!C71 -> 71.28798 | M71: =L71/K71*100 -> 61.881927
A72: Терновское МО | B72: =E72+H72+K72+N72 -> 6298.2 | C72: =F72+I72+L72+O72 -> 6256.1715 | D72: =C72/B72*100 -> 99.33269 | H72: =Субсидии!B70 -> 6183 | I72: =Субсидии!C70 -> 6183 | J72: =I72/H72*100 -> 100 | K72: ='Субвенции '!B72 -> 115.2 | L72: ='Субвенции '!C72 -> 73.17146 | M72: =L72/K72*100 -> 63.516892
A73: Тростянское МО | B73: =E73+H73+K73+N73 -> 10137.8 | C73: =F73+I73+L73+O73 -> 9865.5972 | D73: =C73/B73*100 -> 97.314972 | H73: =Субсидии!B71 -> 9849.7 | I73: =Субсидии!C71 -> 9687.9335 | J73: =I73/H73*100 -> 98.35765 | K73: ='Субвенции '!B73 -> 288.1 | L73: ='Субвенции '!C73 -> 177.66376 | M73: =L73/K73*100 -> 61.667393
A74: Хоперское МО | B74: =E74+H74+K74+N74 -> 7968.1 | C74: =F74+I74+L74+O74 -> 7873.9769 | D74: =C74/B74*100 -> 98.818751 | H74: =Субсидии!B72 -> 7680 | I74: =Субсидии!C72 -> 7680 | J74: =I74/H74*100 -> 100 | K74: ='Субвенции '!B74 -> 288.1 | L74: ='Субвенции '!C74 -> 193.9769 | M74: =L74/K74*100 -> 67.329712
A75: Балтайский район (консолидированный) | B75: =E75+H75+K75+N75 -> 415112.88 | C75: =F75+I75+L75+O75 -> 334958.53 | D75: =C75/B75*100 -> 80.690951 | E75: =SUM(E76:E80) -> 76846.7 | F75: =SUM(F76:F80) -> 59050.9 | G75: =F75/E75*100 -> 76.842467 | H75: =SUM(H76:H80) -> 172288.59 | I75: =SUM(I76:I80) -> 150348.11 | J75: =I75/H75*100 -> 87.265272 | K75: =SUM(K76:K80) -> 157176.93 | L75: =SUM(L76:L80) -> 117463.29 | M75: =L75/K75*100 -> 74.733159 | N75: =SUM(N76:N80) -> 8800.652 | O75: =SUM(O76:O80) -> 8096.2311 | P75: =O75/N75*100 -> 91.99581
A76: Балтайский район (собственный) | B76: =E76+H76+K76+N76 -> 371803.33 | C76: =F76+I76+L76+O76 -> 292271 | D76: =C76/B76*100 -> 78.609034 | E76: =Дотации!B24 -> 76846.7 | F76: =Дотации!C24 -> 59050.9 | G76: =F76/E76*100 -> 76.842467 | H76: =Субсидии!B74 -> 129785.64 | I76: =Субсидии!C74 -> 108186.76 | J76: =I76/H76*100 -> 83.358034 | K76: ='Субвенции '!B76 -> 156370.33 | L76: ='Субвенции '!C76 -> 116937.12 | M76: =L76/K76*100 -> 74.782162 | N76: =Иные!B41 -> 8800.652 | O76: =Иные!C41 -> 8096.2311 | P76: =O76/N76*100 -> 91.99581
A77: Балтайское МО | B77: =E77+H77+K77+N77 -> 26441.998 | C77: =F77+I77+L77+O77 -> 25990.521 | D77: =C77/B77*100 -> 98.292576 | H77: =Субсидии!B75 -> 26153.898 | I77: =Субсидии!C75 -> 25812.297 | J77: =I77/H77*100 -> 98.693882 | K77: ='Субвенции '!B77 -> 288.1 | L77: ='Субвенции '!C77 -> 178.22368 | M77: =L77/K77*100 -> 61.861742 | N77: =Иные!B42 -> 0 | O77: =Иные!C42 -> 0
A78: Барнуковское МО | B78: =E78+H78+K78+N78 -> 3673.2 | C78: =F78+I78+L78+O78 -> 3630.7687 | D78: =C78/B78*100 -> 98.84484 | H78: =Субсидии!B76 -> 3558 | I78: =Субсидии!C76 -> 3558 | J78: =I78/H78*100 -> 100 | K78: ='Субвенции '!B78 -> 115.2 | L78: ='Субвенции '!C78 -> 72.76867 | M78: =L78/K78*100 -> 63.167248
A79: Большеозерское МО | B79: =E79+H79+K79+N79 -> 6285.255 | C79: =F79+I79+L79+O79 -> 6243.3384 | D79: =C79/B79*100 -> 99.333096 | H79: =Субсидии!B77 -> 6170.055 | I79: =Субсидии!C77 -> 6170.055 | J79: =I79/H79*100 -> 100 | K79: ='Субвенции '!B79 -> 115.2 | L79: ='Субвенции '!C79 -> 73.28336 | M79: =L79/K79*100 -> 63.614028
A80: Царевщинское МО | B80: =E80+H80+K80+N80 -> 6909.1 | C80: =F80+I80+L80+O80 -> 6822.8966 | D80: =C80/B80*100 -> 98.75232 | H80: =Субсидии!B78 -> 6621 | I80: =Субсидии!C78 -> 6621 | J80: =I80/H80*100 -> 100 | K80: ='Субвенции '!B80 -> 288.1 | L80: ='Субвенции '!C80 -> 201.89655 | M80: =L80/K80*100 -> 70.078636
A81: Вольский район (консолидированный) | B81: =E81+H81+K81+N81 -> 1626932.1 | C81: =F81+I81+L81+O81 -> 1070341.7 | D81: =C81/B81*100 -> 65.788955 | E81: =SUM(E82:E97) -> 112110 | F81: =SUM(F82:F97) -> 87762.9 | G81: =F81/E81*100 -> 78.282847 | H81: =SUM(H82:H97) -> 546623.12 | I81: =SUM(I82:I97) -> 318102.29 | J81: =I81/H81*100 -> 58.194079 | K81: =SUM(K82:K97) -> 876919.47 | L81: =SUM(L82:L97) -> 641187.52 | M81: =L81/K81*100 -> 73.118176 | N81: =SUM(N82:N97) -> 91279.56 | O81: =SUM(O82:O97) -> 23288.956 | P81: =O81/N81*100 -> 25.513879
A82: Вольский район (собственный) | B82: =E82+H82+K82+N82 -> 1238675.7 | C82: =F82+I82+L82+O82 -> 849182.6 | D82: =C82/B82*100 -> 68.555682 | E82: =Дотации!B26 -> 112110 | F82: =Дотации!C26 -> 87762.9 | G82: =F82/E82*100 -> 78.282847 | H82: =Субсидии!B80 -> 162085.21 | I82: =Субсидии!C80 -> 99156.304 | J82: =I82/H82*100 -> 61.175416 | K82: ='Субвенции '!B82 -> 874615.07 | L82: ='Субвенции '!C82 -> 639836.17 | M82: =L82/K82*100 -> 73.156317 | N82: =Иные!B45 -> 89865.46 | O82: =Иные!C45 -> 22427.226 | P82: =O82/N82*100 -> 24.956447
A83: город Вольск | B83: =E83+H83+K83+N83 -> 330657.58 | C83: =F83+I83+L83+O83 -> 167994.69 | D83: =C83/B83*100 -> 50.806241 | H83: =Субсидии!B81 -> 329768.48 | I83: =Субсидии!C81 -> 167657.96 | J83: =I83/H83*100 -> 50.84111 | N83: =Иные!B46 -> 889.1 | O83: =Иные!C46 -> 336.73001 | P83: =O83/N83*100 -> 37.873131
A84: Барановское МО | B84: =E84+H84+K84+N84 -> 3175.2 | C84: =F84+I84+L84+O84 -> 3132.0833 | D84: =C84/B84*100 -> 98.642081 | H84: =Субсидии!B82 -> 3060 | I84: =Субсидии!C82 -> 3060 | J84: =I84/H84*100 -> 100 | K84: ='Субвенции '!B83 -> 115.2 | L84: ='Субвенции '!C83 -> 72.08335 | M84: =L84/K84*100 -> 62.572352
A85: Белогорновское МО | B85: =E85+H85+K85+N85 -> 2566.2 | C85: =F85+I85+L85+O85 -> 2522.4068 | D85: =C85/B85*100 -> 98.293463 | H85: =Субсидии!B83 -> 2451 | I85: =Субсидии!C83 -> 2451 | J85: =I85/H85*100 -> 100 | K85: ='Субвенции '!B84 -> 115.2 | L85: ='Субвенции '!C84 -> 71.40685 | M85: =L85/K85*100 -> 61.985113
A86: Верхнечернавское МО | B86: =E86+H86+K86+N86 -> 3106.2 | C86: =F86+I86+L86+O86 -> 3052.6325 | D86: =C86/B86*100 -> 98.275464 | H86: =Субсидии!B84 -> 2991 | I86: =Субсидии!C84 -> 2991 | J86: =I86/H86*100 -> 100 | K86: ='Субвенции '!B85 -> 115.2 | L86: ='Субвенции '!C85 -> 61.63245 | M86: =L86/K86*100 -> 53.500391
A87: Колоярское МО | B87: =E87+H87+K87+N87 -> 4252.2 | C87: =F87+I87+L87+O87 -> 4208.5134 | D87: =C87/B87*100 -> 98.972612 | H87: =Субсидии!B86 -> 4137 | I87: =Субсидии!C86 -> 4137 | J87: =I87/H87*100 -> 100 | K87: ='Субвенции '!B86 -> 115.2 | L87: ='Субвенции '!C86 -> 71.51341 | M87: =L87/K87*100 -> 62.077613
A88: Кряжимское МО | B88: =E88+H88+K88+N88 -> 2158.2 | C88: =F88+I88+L88+O88 -> 2107.4297 | D88: =C88/B88*100 -> 97.647565 | H88: =Субсидии!B85 -> 2043 | I88: =Субсидии!C85 -> 2043 | J88: =I88/H88*100 -> 100 | K88: ='Субвенции '!B87 -> 115.2 | L88: ='Субвенции '!C87 -> 64.42974 | M88: =L88/K88*100 -> 55.928594
A89: Куриловское МО | B89: =E89+H89+K89+N89 -> 5458.2001 | C89: =F89+I89+L89+O89 -> 4126.0023 | D89: =C89/B89*100 -> 75.592727 | H89: =Субсидии!B87 -> 5343.0001 | I89: =Субсидии!C87 -> 4050 | J89: =I89/H89*100 -> 75.80011 | K89: ='Субвенции '!B88 -> 115.2 | L89: ='Субвенции '!C88 -> 76.00233 | M89: =L89/K89*100 -> 65.974245
A90: Междуреченское МО | B90: =E90+H90+K90+N90 -> 3989.2001 | C90: =F90+I90+L90+O90 -> 2872.8002 | D90: =C90/B90*100 -> 72.014441 | H90: =Субсидии!B88 -> 3874.0001 | I90: =Субсидии!C88 -> 2814 | J90: =I90/H90*100 -> 72.638098 | K90: ='Субвенции '!B89 -> 115.2 | L90: ='Субвенции '!C89 -> 58.80018 | M90: =L90/K90*100 -> 51.041823
A91: Нижнечернавское МО | B91: =E91+H91+K91+N91 -> 2743.2 | C91: =F91+I91+L91+O91 -> 2699.0737 | D91: =C91/B91*100 -> 98.391431 | H91: =Субсидии!B89 -> 2628 | I91: =Субсидии!C89 -> 2628 | J91: =I91/H91*100 -> 100 | K91: ='Субвенции '!B90 -> 115.2 | L91: ='Субвенции '!C90 -> 71.07373 | M91: =L91/K91*100 -> 61.695946
A92: Покровское МО | B92: =E92+H92+K92+N92 -> 1777.2 | C92: =F92+I92+L92+O92 -> 1732.5443 | D92: =C92/B92*100 -> 97.487298 | H92: =Субсидии!B90 -> 1662 | I92: =Субсидии!C90 -> 1662 | J92: =I92/H92*100 -> 100 | K92: ='Субвенции '!B91 -> 115.2 | L92: ='Субвенции '!C91 -> 70.54426 | M92: =L92/K92*100 -> 61.236337
A93: Сенное МО | B93: =E93+H93+K93+N93 -> 1913.52 | C93: =F93+I93+L93+O93 -> 655.1739 | D93: =C93/B93*100 -> 34.239198 | H93: =Субсидии!B91 -> 1200.42 | I93: =Субсидии!C91 -> 72.0252 | K93: ='Субвенции '!B92 -> 288.1 | L93: ='Субвенции '!C92 -> 158.1487 | M93: =L93/K93*100 -> 54.893683 | N93: =Иные!B47 -> 425 | O93: =Иные!C47 -> 425 | P93: =Иные!D47 -> 0
A94: Талалихинское МО | B94: =E94+H94+K94+N94 -> 1459.2 | C94: =F94+I94+L94+O94 -> 1416.9199 | D94: =C94/B94*100 -> 97.102514 | H94: =Субсидии!B92 -> 1344 | I94: =Субсидии!C92 -> 1344 | J94: =I94/H94*100 -> 100 | K94: ='Субвенции '!B93 -> 115.2 | L94: ='Субвенции '!C93 -> 72.91989 | M94: =L94/K94*100 -> 63.298516
A95: Терсинское МО | B95: =E95+H95+K95+N95 -> 9489.1 | C95: =F95+I95+L95+O95 -> 9330.9857 | D95: =C95/B95*100 -> 98.333727 | H95: =Субсидии!B93 -> 9201 | I95: =Субсидии!C93 -> 9201 | J95: =I95/H95*100 -> 100 | K95: ='Субвенции '!B94 -> 288.1 | L95: ='Субвенции '!C94 -> 129.98568 | M95: =L95/K95*100 -> 45.118251
A96: Черкасское МО | B96: =E96+H96+K96+N96 -> 10489.1 | C96: =F96+I96+L96+O96 -> 10395.152 | D96: =C96/B96*100 -> 99.104326 | H96: =Субсидии!B94 -> 10101 | I96: =Субсидии!C94 -> 10101 | J96: =I96/H96*100 -> 100 | K96: ='Субвенции '!B95 -> 288.1 | L96: ='Субвенции '!C95 -> 194.15181 | M96: =L96/K96*100 -> 67.390423 | N96: =Иные!B48 -> 100 | O96: =Иные!C48 -> 100
A97: Широкобуеракское МО | B97: =E97+H97+K97+N97 -> 5022.1 | C97: =F97+I97+L97+O97 -> 4912.6554 | D97: =C97/B97*100 -> 97.820741 | H97: =Субсидии!B95 -> 4734 | I97: =Субсидии!C95 -> 4734 | K97: ='Субвенции '!B96 -> 288.1 | L97: ='Субвенции '!C96 -> 178.65544 | M97: =L97/K97*100 -> 62.011607
A98: Воскресенский район (консолидированный) | B98: =E98+H98+K98+N98 -> 331874.86 | C98: =F98+I98+L98+O98 -> 260171.22 | D98: =C98/B98*100 -> 78.394372 | E98: =SUM(E99:E102) -> 62697.2 | F98: =SUM(F99:F102) -> 48590.43 | G98: =F98/E98*100 -> 77.500159 | H98: =SUM(H99:H102) -> 90029.683 | I98: =SUM(I99:I102) -> 73546.197 | J98: =I98/H98*100 -> 81.691054 | K98: =SUM(K99:K102) -> 159483.71 | L98: =SUM(L99:L102) -> 129738.31 | M98: =L98/K98*100 -> 81.348939 | N98: =SUM(N99:N102) -> 19664.272 | O98: =SUM(O99:O102) -> 8296.2832 | P98: =O98/N98*100 -> 42.189628
A99: Воскресенский район (собственный) | B99: =E99+H99+K99+N99 -> 273192.77 | C99: =F99+I99+L99+O99 -> 214033.3 | D99: =C99/B99*100 -> 78.345156 | E99: =Дотации!B28 -> 62697.2 | F99: =Дотации!C28 -> 48590.43 | G99: =F99/E99*100 -> 77.500159 | H99: =Субсидии!B97 -> 43538.987 | I99: =Субсидии!C97 -> 29263.893 | J99: =I99/H99*100 -> 67.213077 | K99: ='Субвенции '!B98 -> 158792.31 | L99: ='Субвенции '!C98 -> 129382.69 | M99: =L99/K99*100 -> 81.479194 | N99: =Иные!B50 -> 8164.272 | O99: =Иные!C50 -> 6796.2832 | P99: =O99/N99*100 -> 83.244204
A100: Воскресенское МО | B100: =E100+H100+K100+N100 -> 36769.1 | C100: =F100+I100+L100+O100 -> 25538.094 | D100: =C100/B100*100 -> 69.455314 | H100: =Субсидии!B98 -> 24981 | I100: =Субсидии!C98 -> 23965.067 | J100: =I100/H100*100 -> 95.933175 | K100: ='Субвенции '!B99 -> 288.1 | L100: ='Субвенции '!C99 -> 73.02742 | M100: =L100/K100*100 -> 25.347942 | N100: =Иные!B51 -> 11500 | O100: =Иные!C51 -> 1500
A101: Елшанское МО | B101: =E101+H101+K101+N101 -> 14265.1 | C101: =F101+I101+L101+O101 -> 12982.176 | D101: =C101/B101*100 -> 91.006552 | H101: =Субсидии!B99 -> 13977 | I101: =Субсидии!C99 -> 12784.541 | J101: =I101/H101*100 -> 91.468423 | K101: ='Субвенции '!B100 -> 288.1 | L101: ='Субвенции '!C100 -> 197.63417 | M101: =L101/K101*100 -> 68.599157
...

Sheet Дотации
B2: Сведения о предоставлении из бюджета Саратовской области межбюджетных трансфертов местным бюджетам за 9 месяцев 2023 года
M4: тыс.рублей
A5: Наименование муниципальных образований | B5: Дотации, всего | E5: в том числе
E6: бюджетам городских округов области, связанные с особым режимом безопасного функционирования закрытых административно-территориальных образований | H6: на выравнивание бюджетной обеспеченности муниципальных районов (городских округов) области | K6: бюджетам муниципальных районов области на поддержку мер по обеспечению сбалансированности местных бюджетов
B7: утвержденные бюджетные назначения * | C7: исполнено | D7: % исполнения | E7: утвержденные бюджетные назначения * | F7: исполнено | G7: % исполнения | H7: утвержденные бюджетные назначения * | I7: исполнено | J7: % исполнения | K7: утвержденные бюджетные назначения * | L7: исполнено | M7: % исполнения
A8: Муниципальные районы области (консолидированный) | B8: =E8+H8+K8 -> 4269213 | C8: =F8+I8+L8 -> 3340707 | D8: =G8+J8+M8 -> 153.43399 | H8: =H11+H13+H15+H17+H19+H21+H24+H26+H28+H30+H32+H34+H36+H38+H40+H42+H44+H46+H48+H50+H52+H54+H56+H58+H60+H62+H64+H66+H68+H70+H72+H74+H76+H78+H80+H82+H84 -> 4042260.3 | I8: =I11+I13+I15+I17+I19+I21+I24+I26+I28+I30+I32+I34+I36+I38+I40+I42+I44+I46+I48+I50+I52+I54+I56+I58+I60+I62+I64+I66+I68+I70+I72+I74+I76+I78+I80+I82+I84 -> 3170491.7 | J8: =I8/H8*100 -> 78.433635 | K8: =K11+K13+K15+K17+K19+K21+K24+K26+K28+K30+K32+K34+K36+K38+K40+K42+K44+K46+K48+K50+K52+K54+K56+K58+K60+K62+K64+K66+K68+K70+K72+K74+K76+K78+K80+K82+K84 -> 226952.7 | L8: =L11+L13+L15+L17+L19+L21+L24+L26+L28+L30+L32+L34+L36+L38+L40+L42+L44+L46+L48+L50+L52+L54+L56+L58+L60+L62+L64+L66+L68+L70+L72+L74+L76+L78+L80+L82+L84 -> 170215.32 | M8: =L8/K8*100 -> 75.00035
A9: Муниципальные районы области (собственный): | B9: =E9+H9+K9 -> 4269213 | C9: =F9+I9+L9 -> 3340707 | D9: =G9+J9+M9 -> 153.43399 | H9: =H12+H14+H16+H18+H20+H22+H25+H27+H29+H31+H33+H35+H37+H39+H41+H43+H45+H47+H49+H51+H53+H55+H57+H59+H61+H63+H65+H67+H69+H71+H73+H75+H77+H79+H81+H83+H85 -> 4042260.3 | I9: =I12+I14+I16+I18+I20+I22+I25+I27+I29+I31+I33+I35+I37+I39+I41+I43+I45+I47+I49+I51+I53+I55+I57+I59+I61+I63+I65+I67+I69+I71+I73+I75+I77+I79+I81+I83+I85 -> 3170491.7 | J9: =I9/H9*100 -> 78.433635 | K9: =K12+K14+K16+K18+K20+K22+K25+K27+K29+K31+K33+K35+K37+K39+K41+K43+K45+K47+K49+K51+K53+K55+K57+K59+K61+K63+K65+K67+K69+K71+K73+K75+K77+K79+K81+K83+K85 -> 226952.7 | L9: =L12+L14+L16+L18+L20+L22+L25+L27+L29+L31+L33+L35+L37+L39+L41+L43+L45+L47+L49+L51+L53+L55+L57+L59+L61+L63+L65+L67+L69+L71+L73+L75+L77+L79+L81+L83+L85 -> 170215.32 | M9: =L9/K9*100 -> 75.00035
A10: Поселения: | B10: =E10+H10+K10 -> 0 | C10: =F10+I10+L10 -> 0 | D10: =G10+J10+M10 -> 0 | H10: =H23+H86 -> 0 | I10: =I23+I86 -> 0 | K10: =K23+K86 -> 0 | L10: =L23+L86 -> 0
A11: Александрово-Гайский (консолидированный) | B11: =E11+H11+K11 -> 105285.5 | C11: =F11+I11+L11 -> 81191.6 | D11: =C11/B11*100 -> 77.115652 | H11: =H12 -> 89081.9 | I11: =I12 -> 69038.45 | J11: =I11/H11*100 -> 77.499975 | K11: =K12 -> 16203.6 | L11: =L12 -> 12153.15 | M11: =L11/K11*100 -> 75.002777
A12: Александрово-Гайский (собственный) | B12: =E12+H12+K12 -> 105285.5 | C12: =F12+I12+L12 -> 81191.6 | D12: =C12/B12*100 -> 77.115652 | H12: 89081.9 | I12: 69038.45 | J12: =I12/H12*100 -> 77.499975 | K12: 16203.6 | L12: 12153.15 | M12: =L12/K12*100 -> 75.002777
A13: Аркадакский (консолидированный) | B13: =E13+H13+K13 -> 73095.2 | C13: =F13+I13+L13 -> 56648.78 | D13: =C13/B13*100 -> 77.5 | H13: =H14 -> 73095.2 | I13: =I14 -> 56648.78 | J13: =I13/H13*100 -> 77.5 | K13: =K14 -> 0 | L13: =L14 -> 0
A14: Аркадакский (собственный) | B14: =E14+H14+K14 -> 73095.2 | C14: =F14+I14+L14 -> 56648.78 | D14: =C14/B14*100 -> 77.5 | H14: 73095.2 | I14: 56648.78 | J14: =I14/H14*100 -> 77.5
A15: Аткарский район (консолидированный) | B15: =E15+H15+K15 -> 158532.1 | C15: =F15+I15+L15 -> 122862.45 | D15: =C15/B15*100 -> 77.500046 | H15: =H16 -> 158532.1 | I15: =I16 -> 122862.45 | J15: =I15/H15*100 -> 77.500046 | K15: =K16 -> 0 | L15: =L16 -> 0
A16: Аткарский район (собственный) | B16: =E16+H16+K16 -> 158532.1 | C16: =F16+I16+L16 -> 122862.45 | D16: =C16/B16*100 -> 77.500046 | H16: 158532.1 | I16: 122862.45 | J16: =I16/H16*100 -> 77.500046
A17: Базарно-Карабулакский (консолидированный) | B17: =E17+H17+K17 -> 134265.2 | C17: =F17+I17+L17 -> 105188.78 | D17: =C17/B17*100 -> 78.344039 | H17: =H18 -> 134265.2 | I17: =I18 -> 105188.78 | J17: =I17/H17*100 -> 78.344039 | K17: =K18 -> 0 | L17: =L18 -> 0
A18: Базарно-Карабулакский (собственный) | B18: =E18+H18+K18 -> 134265.2 | C18: =F18+I18+L18 -> 105188.78 | D18: =C18/B18*100 -> 78.344039 | H18: 134265.2 | I18: 105188.78 | J18: =I18/H18*100 -> 78.344039
A19: Балаковский (консолидированный) | B19: =E19+H19+K19 -> 0 | C19: =F19+I19+L19 -> 0 | H19: =H20 -> 0 | I19: =I20 -> 0 | K19: =K20 -> 0 | L19: =L20 -> 0
A20: Балаковский (собственный) | B20: =E20+H20+K20 -> 0 | C20: =F20+I20+L20 -> 0
A21: Балашовский (консолидированный) | B21: =E21+H21+K21 -> 220233.6 | C21: =F21+I21+L21 -> 192481.38 | D21: =C21/B21*100 -> 87.398735 | H21: =H22+H23 -> 220233.6 | I21: =I22+I23 -> 192481.38 | J21: =I21/H21*100 -> 87.398735 | K21: =K22+K23 -> 0 | L21: =L22+L23 -> 0
A22: Балашовский (собственный) | B22: =E22+H22+K22 -> 220233.6 | C22: =F22+I22+L22 -> 192481.38 | D22: =C22/B22*100 -> 87.398735 | H22: 220233.6 | I22: 192481.38 | J22: =I22/H22*100 -> 87.398735
A23: город Балашов | B23: =E23+H23+K23 -> 0 | C23: =F23+I23+L23 -> 0
A24: Балтайский (консолидированный) | B24: =E24+H24+K24 -> 76846.7 | C24: =F24+I24+L24 -> 59050.9 | D24: =C24/B24*100 -> 76.842467 | H24: =H25 -> 56645.2 | I24: =I25 -> 43900.15 | J24: =I24/H24*100 -> 77.500212 | K24: =K25 -> 20201.5 | L24: =L25 -> 15150.75 | M24: =L24/K24*100 -> 74.998144
A25: Балтайский (собственный) | B25: =E25+H25+K25 -> 76846.7 | C25: =F25+I25+L25 -> 59050.9 | D25: =C25/B25*100 -> 76.842467 | H25: 56645.2 | I25: 43900.15 | J25: =I25/H25*100 -> 77.500212 | K25: 20201.5 | L25: 15150.75 | M25: =L25/K25*100 -> 74.998144
A26: Вольский (консолидированный) | B26: =E26+H26+K26 -> 112110 | C26: =F26+I26+L26 -> 87762.9 | D26: =C26/B26*100 -> 78.282847 | H26: =H27 -> 112110 | I26: =I27 -> 87762.9 | J26: =I26/H26*100 -> 78.282847 | K26: =K27 -> 0 | L26: =L27 -> 0
A27: Вольский (собственный) | B27: =E27+H27+K27 -> 112110 | C27: =F27+I27+L27 -> 87762.9 | D27: =C27/B27*100 -> 78.282847 | H27: 112110 | I27: 87762.9 | J27: =I27/H27*100 -> 78.282847
A28: Воскресенский (консолидированный) | B28: =E28+H28+K28 -> 62697.2 | C28: =F28+I28+L28 -> 48590.43 | D28: =C28/B28*100 -> 77.500159 | H28: =H29 -> 62697.2 | I28: =I29 -> 48590.43 | J28: =I28/H28*100 -> 77.500159
A29: Воскресенский (собственный) | B29: =E29+H29+K29 -> 62697.2 | C29: =F29+I29+L29 -> 48590.43 | D29: =C29/B29*100 -> 77.500159 | H29: 62697.2 | I29: 48590.43 | J29: =I29/H29*100 -> 77.500159
A30: Дергачевский (консолидированный) | B30: =E30+H30+K30 -> 136731.3 | C30: =F30+I30+L30 -> 105966.78 | D30: =C30/B30*100 -> 77.500016 | H30: =H31 -> 136731.3 | I30: =I31 -> 105966.78 | J30: =I30/H30*100 -> 77.500016 | K30: =K31 -> 0 | L30: =L31 -> 0
A31: Дергачевский (собственный) | B31: =E31+H31+K31 -> 136731.3 | C31: =F31+I31+L31 -> 105966.78 | D31: =C31/B31*100 -> 77.500016 | H31: 136731.3 | I31: 105966.78 | J31: =I31/H31*100 -> 77.500016
A32: Духовницкий (консолидированный) | B32: =E32+H32+K32 -> 49880.9 | C32: =F32+I32+L32 -> 39391.03 | D32: =C32/B32*100 -> 78.970167 | H32: =H33 -> 49880.9 | I32: =I33 -> 39391.03 | J32: =I32/H32*100 -> 78.970167
A33: Духовницкий (собственный) | B33: =E33+H33+K33 -> 49880.9 | C33: =F33+I33+L33 -> 39391.03 | D33: =C33/B33*100 -> 78.970167 | H33: 49880.9 | I33: 39391.03 | J33: =I33/H33*100 -> 78.970167
A34: Екатериновский (консолидированный) | B34: =E34+H34+K34 -> 51297.8 | C34: =F34+I34+L34 -> 39207.9 | D34: =C34/B34*100 -> 76.431933 | H34: =H35 -> 29367.6 | I34: =I35 -> 22759.95 | J34: =I34/H34*100 -> 77.500204 | K34: =K35 -> 21930.2 | L34: =L35 -> 16447.95 | M34: =L34/K34*100 -> 75.001368
A35: Екатериновский (собственный) | B35: =E35+H35+K35 -> 51297.8 | C35: =F35+I35+L35 -> 39207.9 | D35: =C35/B35*100 -> 76.431933 | H35: 29367.6 | I35: 22759.95 | J35: =I35/H35*100 -> 77.500204 | K35: 21930.2 | L35: 16447.95 | M35: =L35/K35*100 -> 75.001368
A36: Ершовский (консолидированный) | B36: =E36+H36+K36 -> 127836.5 | C36: =F36+I36+L36 -> 99073.28 | D36: =C36/B36*100 -> 77.499994 | H36: =H37 -> 127836.5 | I36: =I37 -> 99073.28 | J36: =I36/H36*100 -> 77.499994
A37: Ершовский (собственный) | B37: =E37+H37+K37 -> 127836.5 | C37: =F37+I37+L37 -> 99073.28 | D37: =C37/B37*100 -> 77.499994 | H37: 127836.5 | I37: 99073.28 | J37: =I37/H37*100 -> 77.499994
A38: Ивантеевский (консолидированный) | B38: =E38+H38+K38 -> 83547.7 | C38: =F38+I38+L38 -> 63759.94 | D38: =C38/B38*100 -> 76.315614 | H38: =H39 -> 33494.5 | I38: =I39 -> 26220.43 | J38: =I38/H38*100 -> 78.282793 | K38: =K39 -> 50053.2 | L38: =L39 -> 37539.51 | M38: =L38/K38*100 -> 74.999221
A39: Ивантеевский (собственный) | B39: =E39+H39+K39 -> 83547.7 | C39: =F39+I39+L39 -> 63759.94 | D39: =C39/B39*100 -> 76.315614 | H39: 33494.5 | I39: 26220.43 | J39: =I39/H39*100 -> 78.282793 | K39: 50053.2 | L39: 37539.51 | M39: =L39/K39*100 -> 74.999221
A40: Калининский (консолидированный) | B40: =E40+H40+K40 -> 89477.8 | C40: =F40+I40+L40 -> 70045.68 | D40: =C40/B40*100 -> 78.282747 | H40: =H41 -> 89477.8 | I40: =I41 -> 70045.68 | J40: =I40/H40*100 -> 78.282747
A41: Калининский (собственный) | B41: =E41+H41+K41 -> 89477.8 | C41: =F41+I41+L41 -> 70045.68 | D41: =C41/B41*100 -> 78.282747 | H41: 89477.8 | I41: 70045.68 | J41: =I41/H41*100 -> 78.282747
A42: Красноармейский (консолидированный) | B42: =E42+H42+K42 -> 202275.1 | C42: =F42+I42+L42 -> 156763.13 | D42: =C42/B42*100 -> 77.499964 | H42: =H43 -> 202275.1 | I42: =I43 -> 156763.13 | J42: =I42/H42*100 -> 77.499964 | K42: =K43 -> 0
A43: Красноармейский (собственный) | B43: =E43+H43+K43 -> 202275.1 | C43: =F43+I43+L43 -> 156763.13 | D43: =C43/B43*100 -> 77.499964 | H43: 202275.1 | I43: 156763.13 | J43: =I43/H43*100 -> 77.499964
A44: Краснокутский (консолидированный) | B44: =E44+H44+K44 -> 138932.4 | C44: =F44+I44+L44 -> 107672.53 | D44: =C44/B44*100 -> 77.499942 | H44: =H45 -> 138932.4 | I44: =I45 -> 107672.53 | J44: =I44/H44*100 -> 77.499942
A45: Краснокутский (собственный) | B45: =E45+H45+K45 -> 138932.4 | C45: =F45+I45+L45 -> 107672.53 | D45: =C45/B45*100 -> 77.499942 | H45: 138932.4 | I45: 107672.53 | J45: =I45/H45*100 -> 77.499942
A46: Краснопартизанский (консолидированный) | B46: =E46+H46+K46 -> 80635.8 | C46: =F46+I46+L46 -> 62492.83 | D46: =C46/B46*100 -> 77.500105 | H46: =H47 -> 80635.8 | I46: =I47 -> 62492.83 | J46: =I46/H46*100 -> 77.500105
A47: Краснопартизанский (собственный) | B47: =E47+H47+K47 -> 80635.8 | C47: =F47+I47+L47 -> 62492.83 | D47: =C47/B47*100 -> 77.500105 | H47: 80635.8 | I47: 62492.83 | J47: =I47/H47*100 -> 77.500105
A48: Лысогорский (консолидированный) | B48: =E48+H48+K48 -> 108325.5 | C48: =F48+I48+L48 -> 83952.2 | D48: =C48/B48*100 -> 77.499942 | H48: =H49 -> 108325.5 | I48: =I49 -> 83952.2 | J48: =I48/H48*100 -> 77.499942
A49: Лысогорский (собственный) | B49: =E49+H49+K49 -> 108325.5 | C49: =F49+I49+L49 -> 83952.2 | D49: =C49/B49*100 -> 77.499942 | H49: 108325.5 | I49: 83952.2 | J49: =I49/H49*100 -> 77.499942
A50: Марксовский (консолидированный) | B50: =E50+H50+K50 -> 215572.8 | C50: =F50+I50+L50 -> 173741.53 | D50: =C50/B50*100 -> 80.595293 | H50: =H51 -> 215572.8 | I50: =I51 -> 173741.53 | J50: =I50/H50*100 -> 80.595293
A51: Марксовский (собственный) | B51: =E51+H51+K51 -> 215572.8 | C51: =F51+I51+L51 -> 173741.53 | D51: =C51/B51*100 -> 80.595293 | H51: 215572.8 | I51: 173741.53 | J51: =I51/H51*100 -> 80.595293
A52: Новобурасский (консолидированный) | B52: =E52+H52+K52 -> 90548.2 | C52: =F52+I52+L52 -> 70174.78 | D52: =C52/B52*100 -> 77.499917 | H52: =H53 -> 90548.2 | I52: =I53 -> 70174.78 | J52: =I52/H52*100 -> 77.499917
A53: Новобурасский (собственный) | B53: =E53+H53+K53 -> 90548.2 | C53: =F53+I53+L53 -> 70174.78 | D53: =C53/B53*100 -> 77.499917 | H53: 90548.2 | I53: 70174.78 | J53: =I53/H53*100 -> 77.499917
A54: Новоузенский (консолидированный) | B54: =E54+H54+K54 -> 212814.9 | C54: =F54+I54+L54 -> 164931.43 | D54: =C54/B54*100 -> 77.499945 | H54: =H55 -> 212814.9 | I54: =I55 -> 164931.43 | J54: =I54/H54*100 -> 77.499945
A55: Новоузенский (собственный) | B55: =E55+H55+K55 -> 212814.9 | C55: =F55+I55+L55 -> 164931.43 | D55: =C55/B55*100 -> 77.499945 | H55: 212814.9 | I55: 164931.43 | J55: =I55/H55*100 -> 77.499945
A56: Озинский (консолидированный) | B56: =E56+H56+K56 -> 135068.7 | C56: =F56+I56+L56 -> 104678.3 | D56: =C56/B56*100 -> 77.500043 | H56: =H57 -> 135068.7 | I56: =I57 -> 104678.3 | J56: =I56/H56*100 -> 77.500043
A57: Озинский (собственный) | B57: =E57+H57+K57 -> 135068.7 | C57: =F57+I57+L57 -> 104678.3 | D57: =C57/B57*100 -> 77.500043 | H57: 135068.7 | I57: 104678.3 | J57: =I57/H57*100 -> 77.500043
A58: Перелюбский (консолидированный) | B58: =E58+H58+K58 -> 33607.2 | C58: =F58+I58+L58 -> 26308.58 | D58: =C58/B58*100 -> 78.28257 | H58: =H59 -> 33607.2 | I58: =I59 -> 26308.58 | J58: =I58/H58*100 -> 78.28257
A59: Перелюбский (собственный) | B59: =E59+H59+K59 -> 33607.2 | C59: =F59+I59+L59 -> 26308.58 | D59: =C59/B59*100 -> 78.28257 | H59: 33607.2 | I59: 26308.58 | J59: =I59/H59*100 -> 78.28257
A60: Петровский (консолидированный) | B60: =E60+H60+K60 -> 191913.6 | C60: =F60+I60+L60 -> 151930.45 | D60: =C60/B60*100 -> 79.166067 | H60: =H61 -> 191913.6 | I60: =I61 -> 151930.45 | J60: =I60/H60*100 -> 79.166067
A61: Петровский (собственный) | B61: =E61+H61+K61 -> 191913.6 | C61: =F61+I61+L61 -> 151930.45 | D61: =C61/B61*100 -> 79.166067 | H61: 191913.6 | I61: 151930.45 | J61: =I61/H61*100 -> 79.166067
A62: Питерский (консолидированный) | B62: =E62+H62+K62 -> 114516.9 | C62: =F62+I62+L62 -> 88413.9 | D62: =C62/B62*100 -> 77.205984 | H62: =H63 -> 101031.1 | I62: =I63 -> 78299.1 | J62: =I62/H62*100 -> 77.499998 | K62: =K63 -> 13485.8 | L62: =L63 -> 10114.8 | M62: =L62/K62*100 -> 75.003337
A63: Питерский (собственный) | B63: =E63+H63+K63 -> 114516.9 | C63: =F63+I63+L63 -> 88413.9 | D63: =C63/B63*100 -> 77.205984 | H63: 101031.1 | I63: 78299.1 | J63: =I63/H63*100 -> 77.499998 | K63: 13485.8 | L63: 10114.8 | M63: =L63/K63*100 -> 75.003337
A64: Пугачевский (консолидированный) | B64: =E64+H64+K64 -> 181965.3 | C64: =F64+I64+L64 -> 142447.53 | D64: =C64/B64*100 -> 78.282799 | H64: =H65 -> 181965.3 | I64: =I65 -> 142447.53 | J64: =I64/H64*100 -> 78.282799
A65: Пугачевский (собственный) | B65: =E65+H65+K65 -> 181965.3 | C65: =F65+I65+L65 -> 142447.53 | D65: =C65/B65*100 -> 78.282799 | H65: 181965.3 | I65: 142447.53 | J65: =I65/H65*100 -> 78.282799
A66: Ровенский (консолидированный) | B66: =E66+H66+K66 -> 153660.2 | C66: =F66+I66+L66 -> 119086.53 | D66: =C66/B66*100 -> 77.499919 | H66: =H67 -> 153660.2 | I66: =I67 -> 119086.53 | J66: =I66/H66*100 -> 77.499919
A67: Ровенский (собственный) | B67: =E67+H67+K67 -> 153660.2 | C67: =F67+I67+L67 -> 119086.53 | D67: =C67/B67*100 -> 77.499919 | H67: 153660.2 | I67: 119086.53 | J67: =I67/H67*100 -> 77.499919
A68: Романовский (консолидированный) | B68: =E68+H68+K68 -> 70388.7 | C68: =F68+I68+L68 -> 54551.25 | D68: =C68/B68*100 -> 77.500011 | H68: =H69 -> 70388.7 | I68: =I69 -> 54551.25 | J68: =I68/H68*100 -> 77.500011
A69: Романовский (собственный) | B69: =E69+H69+K69 -> 70388.7 | C69: =F69+I69+L69 -> 54551.25 | D69: =C69/B69*100 -> 77.500011 | H69: 70388.7 | I69: 54551.25 | J69: =I69/H69*100 -> 77.500011
A70: Ртищевский (консолидированный) | B70: =E70+H70+K70 -> 174402.9 | C70: =F70+I70+L70 -> 135162.2 | D70: =C70/B70*100 -> 77.499973 | H70: =H71 -> 174402.9 | I70: =I71 -> 135162.2 | J70: =I70/H70*100 -> 77.499973
A71: Ртищевский (собственный) | B71: =E71+H71+K71 -> 174402.9 | C71: =F71+I71+L71 -> 135162.2 | D71: =C71/B71*100 -> 77.499973 | H71: 174402.9 | I71: 135162.2 | J71: =I71/H71*100 -> 77.499973
A72: Самойловский (консолидированный) | B72: =E72+H72+K72 -> 32608.5 | C72: =F72+I72+L72 -> 24966.2 | D72: =C72/B72*100 -> 76.563473 | H72: =H73 -> 15520.9 | I72: =I73 -> 12150.2 | J72: =I72/H72*100 -> 78.282832 | K72: =K73 -> 17087.6 | L72: =L73 -> 12816 | M72: =L72/K72*100 -> 75.001756
A73: Самойловский (собственный) | B73: =E73+H73+K73 -> 32608.5 | C73: =F73+I73+L73 -> 24966.2 | D73: =C73/B73*100 -> 76.563473 | H73: 15520.9 | I73: 12150.2 | J73: =I73/H73*100 -> 78.282832 | K73: 17087.6 | L73: 12816 | M73: =L73/K73*100 -> 75.001756
A74: Советский (консолидированный) | B74: =E74+H74+K74 -> 70770.9 | C74: =F74+I74+L74 -> 55401.45 | D74: =C74/B74*100 -> 78.282811 | H74: =H75 -> 70770.9 | I74: =I75 -> 55401.45 | J74: =I74/H74*100 -> 78.282811
A75: Советский (собственный) | B75: =E75+H75+K75 -> 70770.9 | C75: =F75+I75+L75 -> 55401.45 | D75: =C75/B75*100 -> 78.282811 | H75: 70770.9 | I75: 55401.45 | J75: =I75/H75*100 -> 78.282811
A76: Татищевский (консолидированный) | B76: =E76+H76+K76 -> 90887.4 | C76: =F76+I76+L76 -> 69897.8 | D76: =C76/B76*100 -> 76.90593 | H76: =H77 -> 69292.4 | I76: =I77 -> 53701.55 | J76: =I76/H76*100 -> 77.499913 | K76: =K77 -> 21595 | L76: =L77 -> 16196.25 | M76: =L76/K76*100 -> 75
A77: Татищевский (собственный) | B77: =E77+H77+K77 -> 90887.4 | C77: =F77+I77+L77 -> 69897.8 | D77: =C77/B77*100 -> 76.90593 | H77: 69292.4 | I77: 53701.55 | J77: =I77/H77*100 -> 77.499913 | K77: 21595 | L77: 16196.25 | M77: =L77/K77*100 -> 75
A78: Турковский (консолидированный) | B78: =E78+H78+K78 -> 56680.3 | C78: =F78+I78+L78 -> 43927.2 | D78: =C78/B78*100 -> 77.499943 | H78: =H79 -> 56680.3 | I78: =I79 -> 43927.2 | J78: =I78/H78*100 -> 77.499943
A79: Турковский (собственный) | B79: =E79+H79+K79 -> 56680.3 | C79: =F79+I79+L79 -> 43927.2 | D79: =C79/B79*100 -> 77.499943 | H79: 56680.3 | I79: 43927.2 | J79: =I79/H79*100 -> 77.499943
A80: Федоровский (консолидированный) | B80: =E80+H80+K80 -> 98392.2 | C80: =F80+I80+L80 -> 76253.93 | D80: =C80/B80*100 -> 77.499975 | H80: =H81 -> 98392.2 | I80: =I81 -> 76253.93 | J80: =I80/H80*100 -> 77.499975
A81: Федоровский (собственный) | B81: =E81+H81+K81 -> 98392.2 | C81: =F81+I81+L81 -> 76253.93 | D81: =C81/B81*100 -> 77.499975 | H81: 98392.2 | I81: 76253.93 | J81: =I81/H81*100 -> 77.499975
A82: Хвалынский (консолидированный) | B82: =E82+H82+K82 -> 122858.9 | C82: =F82+I82+L82 -> 95215.58 | D82: =C82/B82*100 -> 77.499945 | H82: =H83 -> 122858.9 | I82: =I83 -> 95215.58 | J82: =I82/H82*100 -> 77.499945
A83: Хвалынский (собственный) | B83: =E83+H83+K83 -> 122858.9 | C83: =F83+I83+L83 -> 95215.58 | D83: =C83/B83*100 -> 77.499945 | H83: 122858.9 | I83: 95215.58 | J83: =I83/H83*100 -> 77.499945
A84: Энгельсский (консолидированный) | B84: =E84+H84+K84 -> 210549.1 | C84: =F84+I84+L84 -> 161515.84 | D84: =C84/B84*100 -> 76.711722 | H84: =H85+H86 -> 144153.3 | I84: =I85+I86 -> 111718.93 | J84: =I84/H84*100 -> 77.500085 | K84: =K85+K86 -> 66395.8 | L84: =L85+L86 -> 49796.91 | M84: =L84/K84*100 -> 75.00009
A85: Энгельсский (собственный) | B85: =E85+H85+K85 -> 210549.1 | C85: =F85+I85+L85 -> 161515.84 | D85: =C85/B85*100 -> 76.711722 | H85: 144153.3 | I85: 111718.93 | J85: =I85/H85*100 -> 77.500085 | K85: 66395.8 | L85: 49796.91 | M85: =L85/K85*100 -> 75.00009
A86: Безымянское МО | B86: =E86+H86+K86 -> 0 | C86: =F86+I86+L86 -> 0
A87: Городские округа области: | B87: =E87+H87+K87 -> 230390 | C87: =F87+I87+L87 -> 178966.86 | D87: =C87/B87*100 -> 77.67996 | E87: =SUM(E88:E91) -> 34002 | F87: =SUM(F88:F91) -> 26274 | G87: =F87/E87*100 -> 77.271925 | H87: =SUM(H88:H91) -> 196388 | I87: =SUM(I88:I91) -> 152692.86 | J87: =I87/H87*100 -> 77.750606 | K87: =SUM(K88:K91) -> 0 | L87: =SUM(L88:L91) -> 0
A88: г. Саратов | B88: =E88+H88+K88 -> 0 | C88: =F88+I88+L88 -> 0 | I88: 0
A89: п. Михайловский | B89: =E89+H89+K89 -> 39758.2 | C89: =F89+I89+L89 -> 30812.65 | D89: =C89/B89*100 -> 77.500113 | H89: 39758.2 | I89: 30812.65 | J89: =I89/H89*100 -> 77.500113
A90: ЗАТО Светлый | B90: =E90+H90+K90 -> 127765.5 | C90: =F90+I90+L90 -> 98940.73 | D90: =C90/B90*100 -> 77.439317 | E90: 34002 | F90: 26274 | G90: =F90/E90*100 -> 77.271925 | H90: 93763.5 | I90: 72666.73 | J90: =I90/H90*100 -> 77.500019
A91: г. Шиханы | B91: =E91+H91+K91 -> 62866.3 | C91: =F91+I91+L91 -> 49213.48 | D91: =C91/B91*100 -> 78.282768 | H91: 62866.3 | I91: 49213.48 | J91: =I91/H91*100 -> 78.282768
A92: Остаток средств к распределению 2* | B92: =E92+H92+K92 -> 0 | C92: =F92+I92+L92 -> 0
A93: ИТОГО | B93: =E93+H93+K93 -> 4499603 | C93: =F93+I93+L93 -> 3519673.9 | D93: =C93/B93*100 -> 78.221876 | E93: =E8+E87 -> 34002 | F93: =F8+F87 -> 26274 | G93: =F93/E93*100 -> 77.271925 | H93: =H87+H8+H92 -> 4238648.3 | I93: =I87+I8+I92 -> 3323184.5 | J93: =I93/H93*100 -> 78.401988 | K93: =K87+K8+K92 -> 226952.7 | L93: =L87+L8+L92 -> 170215.32 | M93: =L93/K93*100 -> 75.00035
A95: * в соответствии с Законом Саратовской области «Об областном бюджете на 2023 год и на плановый период 2024 и 2025 годов» в редакции от 22.09.2023 года
A96: 2* заполняется, если в законе о бюджете утверждена общая сумма межбюджетного трансферта, но отсутствует распределение по муниципальным образованиям

Sheet Субсидии
BH1: Продолжение таблицы | CL1: Продолжение таблицы | DP1: Продолжение таблицы | ET1: Продолжение таблицы | FX1: Продолжение таблицы | GY1: Продолжение таблицы | HT1: Продолжение таблицы
B2: Сведения о предоставлении из бюджета Саратовской области межбюджетных трансфертов местным бюджетам за 9 месяцев 2023 года | AF2: Сведения о предоставлении из бюджета Саратовской области межбюджетных трансфертов местным бюджетам за 9 месяцев 2023 года | BJ2: Сведения о предоставлении из бюджета Саратовской области межбюджетных трансфертов местным бюджетам за 9 месяцев 2023 года | CN2: Сведения о предоставлении из бюджета Саратовской области межбюджетных трансфертов местным бюджетам за 9 месяцев 2023 года | DR2: Сведения о предоставлении из бюджета Саратовской области межбюджетных трансфертов местным бюджетам за 9 месяцев 2023 года | EV2: Сведения о предоставлении из бюджета Саратовской области межбюджетных трансфертов местным бюджетам за 9 месяцев 2023 года | FZ2: Сведения о предоставлении из бюджета Саратовской области межбюджетных трансфертов местным бюджетам за 9 месяцев 2023 года | HA2: Сведения о предоставлении из бюджета Саратовской области межбюджетных трансфертов местным бюджетам за 9 месяцев 2023 года
AD4: тыс.рублей | BH4: тыс.рублей | CL4: тыс.рублей | CZ4: =CZ8-CZ10 -> 0 | DO4: тыс.рублей | ES4: тыс.рублей | FW4: тыс.рублей | GX4: тыс.рублей | HS4: тыс.рублей
A5: Наименование муниципальных образований | B5: Субсидии, всего | E5: в том числе | AF5: в том числе | BJ5: в том числе | CN5: в том числе | DR5: в том числе | EV5: в том числе | FZ5: в том числе | HA5: в том числе
E6: бюджетам муниципальных районов и городских округов области на обновление материально-технической базы для организации учебно-исследовательской, научно-практической, творческой деятельности, занятий физической культурой и спортом в общеобразовательных организациях | H6: бюджетам муниципальных районов области на достижение показателей результативности по обеспечению развития и укрепления материально-технической базы домов культуры в населенных пунктах с числом жителей до 50 тысяч человек | K6: бюджетам городских округов области на создание новых мест в общеобразовательных организациях | N6: бюджетам муниципальных районов области на создание новых мест в общеобразовательных организациях, расположенных в сельской местности и поселках городского типа | Q6: бюджетам городских округов области на создание новых мест в общеобразовательных организациях в связи с ростом числа обучающихся, вызванным демографическим фактором | T6: бюджетам муниципальных районов области на реализацию мероприятий по созданию «умной» спортивной площадки | W6: бюджетам муниципальных районов и городских округов области на обеспечение жильем молодых семей | Z6: бюджетам городских округов и поселений области на реализацию регионального проекта (программы) в целях выполнения задач федерального проекта «Жилье» (Стимулирование программ развития жилищного строительства) | AC6: бюджетам муниципальных районов и поселений области на поддержку творческой деятельности и укрепление материально-технической базы муниципальных театров в населенных пунктах с численностью населения до 300 тысяч человек | AF6: бюджетам муниципальных районов и поселений области на обеспечение развития и укрепления материально-технической базы домов культуры в населенных пунктах с числом жителей до 50 тысяч человек | AI6: бюджетам муниципальных районов и городских округов области на поддержку отрасли культуры (государственная поддержка лучших сельских учреждений культуры) | AL6: бюджетам муниципальных районов и городских округов области на поддержку отрасли культуры (государственная поддержка лучших работников сельских учреждений культуры) | AO6: бюджетам муниципальных районов, поселений и городских округов области на государственную поддержку отрасли культуры (комплектование книжных фондов муниципальных общедоступных библиотек) | AR6: бюджетам городских округов области на поддержку отрасли культуры (модернизация региональных и муниципальных детских школ искусств по видам искусств) | AU6: бюджетам муниципальных районов области на обеспечение деятельности муниципальных бизнес-инкубаторов | AX6: бюджетам городских округов, городских и сельских поселений области на реализацию инициативных проектов | BA6: бюджетам городских округов и поселений области на поддержку муниципальных программ формирования современной городской среды | BD6: бюджетам муниципальных районов и городских округов области на обеспечение сохранения достигнутых показателей повышения оплаты труда отдельных категорий работников бюджетной сферы | BG6: бюджетам муниципальных районов области на развитие сети учреждений культурно-досугового типа (создание и модернизация учреждений культурно-досугового типа, строительство дома культуры) | BJ6: бюджетам муниципальных районов и поселений области на развитие сети учреждений культурно-досугового типа (создание центров культурного развития в городах с числом жителей до 300 тысяч человек) | BM6: бюджетам муниципальных районов и городских округов области на обеспечение условий для создания центров образования цифрового и гуманитарного профилей (в рамках достижения соответствующих результатов федерального проекта) в части расходов на оплату труда с начислениями | BP6: бюджетам муниципальных районов и городских округов области на обеспечение условий для создания центров образования цифрового и гуманитарного профилей (в рамках достижения соответствующих результатов федерального проекта) за исключением расходов на оплату труда с начислениями | BS6: бюджетам городских округов и поселений области на реализацию мероприятий по строительству и реконструкции (модернизации) объектов питьевого водоснабжения | BV6: бюджетам муниципальных районов, городских округов и поселений области на обустройство и восстановление воинских захоронений, находящихся в государственной (муниципальной) собственности | BY6: бюджетам городских округов области на осуществление дорожной деятельности в отношении автомобильных дорог общего пользования местного значения Саратовской агломерации в границах городских округов области за счет средств областного дорожного фонда (в рамках достижения соответствующих задач федерального проекта) | CB6: бюджетам поселений области на осуществление дорожной деятельности в отношении автомобильных дорог общего пользования местного значения Саратовской агломерации в границах городских поселений области за счет средств областного дорожного фонда (в рамках достижения соответствующих задач федерального проекта) | CE6: бюджетам муниципальных районов и поселений области на развитие транспортной инфраструктуры на сельских территориях | CH6: бюджетам поселений области на обустройство объектами инженерной инфраструктуры и благоустройство площадок, расположенных на сельских территориях, под компактную жилищную застройку | CK6: бюджетам муниципальных районов области на реализацию мероприятий по благоустройству сельских территорий | CN6: бюджетам муниципальных районов и городских округов области на обеспечение условий для внедрения цифровой образовательной среды в общеобразовательных организациях | CQ6: бюджетам муниципальных районов области на обеспечение функционирования центров цифрового образования детей «IT-куб» (в рамках достижения соответствующих результатов федерального проекта) в части расходов на оплату труда с начислениями | CT6: бюджетам муниципальных районов области на обеспечение функционирования центров цифрового образования детей «IT-куб» (в рамках достижения соответствующих результатов федерального проекта) за исключением расходов на оплату труда с начислениями | CW6: бюджетам муниципальных районов и городских округов области на организацию бесплатного горячего питания обучающихся, получающих начальное общее образование в муниципальных образовательных организациях | CZ6: бюджетам поселений области на осуществление дорожной деятельности в отношении автомобильных дорог общего пользования местного значения в границах населенных пунктов сельских поселений за счет средств областного дорожного фонда | DC6: бюджетам муниципальных районов и городских округов области на обеспечение условий для функционирования центров образования естественно-научной и технологической направленностей в общеобразовательных организациях (в рамках достижения соответствующих результатов федерального проекта) в части расходов на оплату труда с начислениями | DF6: бюджетам муниципальных районов и городских округов области на обеспечение условий для функционирования центров образования естественно-научной и технологической направленностей в общеобразовательных организациях (в рамках достижения соответствующих результатов федерального проекта) за исключением расходов на оплату труда с начислениями | DI6: бюджетам муниципальных районов и городских округов области на проведение капитального и текущего ремонтов муниципальных дошкольных образовательных организациях | DL6: бюджетам муниципальных районов и городских округов области на проведение капитального и текущего ремонтов муниципальных общеобразовательных организациях | DO6: бюджетам муниципальных районов области на обеспечение условий для функционирования детских технопарков «Кванториум» в общеобразовательных организациях в части расходов на оплату труда с начислениями | DR6: бюджетам муниципальных районов области на обеспечение условий для функционирования детских технопарков «Кванториум» в общеобразовательных организациях за исключением расходов на оплату труда с начислениями | DU6: бюджетам муниципальных районов, городских округов и поселений области на техническое оснащение региональных и муниципальных музеев | DX6: бюджетам городских округов области на поддержку творческой деятельности и техническое оснащение детских и кукольных театров | EA6: бюджетам муниципальных районов и городских округов области на проведение комплексных кадастровых работ | ED6: бюджетам муниципальных районов, поселений области на оснащение объектов спортивной инфраструктуры спортивно-технологическим оборудованием | EG6: бюджетам поселений области на ремонт и развитие водопроводной сети | EJ6: бюджетам муниципальных районов и городских округов области на реализацию мероприятий по модернизации школьных систем образования | EM6: бюджетам муниципальных районов и городских округов области на обеспечение условий для реализации мероприятий по модернизации школьных систем образования | EP6: бюджетам муниципальных районов, городских округов и поселений области на обеспечение мероприятий по переселению граждан из аварийного жилищного фонда, в том числе переселению граждан из аварийного жилищного фонда с учетом необходимости развития малоэтажного жилищного строительства (ППК «Фонд развития территорий») | ES6: бюджетам муниципальных районов, городских округов и поселений области на обеспечение мероприятий по переселению граждан из аварийного жилищного фонда, в том числе переселению граждан из аварийного жилищного фонда с учетом необходимости развития малоэтажного жилищного строительства (за счет средств областного бюджета) | EV6: бюджетам поселений области на выполнение мероприятий по ремонту автомобильных дорог общего пользования местного значения в границах городских поселений области за счет средств областного дорожного фонда | EY6: бюджетам поселений на ликвидацию несанкционированных свалок в границах городов и наиболее опасных объектов накопленного вреда окружающей среде | FB6: бюджетам муниципальных районов и поселений области на создание, реконструкцию (модернизацию), капитальный ремонт объектов социальной и культурной сферы | FE6: бюджетам городских округов области на приведение в нормативное состояние автомобильных дорог местного значения и искусственных дорожных сооружений на них в границах городских округов области | FH6: бюджетам муниципальных районов и городских округов области на проведение капитального и текущего ремонта спортивных залов муниципальных образовательных организаций | FK6: бюджетам муниципальных районов и городских округов области на оснащение (обновление материально-технической базы) оборудованием, средствами обучения и воспитания общеобразовательных организаций, в том числе осуществляющих образовательную деятельность по адаптированным основным общеобразовательным программам | FN6: бюджетам муниципальных районов и городских округов области на оснащение (обновление материально-технической базы) оборудованием, средствами обучения и воспитания образовательных организаций различных типов для реализации дополнительных общеразвивающих программ, для создания информационных систем в образовательных организациях | FQ6: бюджетам муниципальных районов и городских округов области на обновление материально-технической базы образовательных организаций для внедрения цифровой образовательной среды и развития цифровых навыков обучающихся в общеобразовательных организациях | FT6: бюджетам муниципальных районов и городских округов области на обновление материально-технической базы образовательных организаций для внедрения цифровой образовательной среды и развития цифровых навыков обучающихся в организациях дополнительного образования детей | FW6: бюджетам муниципальных районов и поселений области на реконструкцию и капитальный ремонт региональных и муниципальных музеев | FZ6: бюджетам поселений области на государственную поддержку в целях обеспечения реализации инфраструктурных проектов, направленных на комплексное развитие городского наземного электрического транспорта и автомобильного транспорта общего пользования, выполнение работ по освещению и благоустройству территорий, а также на закупку автобусов, приводимых в движение электрической энергией от батареи, заряжаемой от внешнего источника (электробусов), и объектов зарядной инфраструктуры для них (закупка автобусов, приводимых в движение электрической энергией от батареи, заряжаемой от внешнего источника (электробусов), и объектов зарядной инфраструктуры для них) | GC6: бюджетам городских округов области на создание новых мест в общеобразовательных организациях (в целях опережающего финансового обеспечения расходных обязательств области) за счет бюджетного кредита в целях опережающего финансового обеспечения расходных обязательств области | GF6: бюджетам городских округов области на создание новых мест в общеобразовательных организациях (в целях опережающего финансового обеспечения расходных обязательств области) за счет средств областного бюджета | GI6: бюджетам городских округов области на развитие и увеличение пропускной способности сети автомобильных дорог общего пользования местного значения за счет средств областного дорожного фонда | GL6: бюджетам муниципальных районов области на создание и внедрение программы поддержки и продвижения событийных мероприятий | GO6: бюджетам поселений области на достижение целевых показателей, предусматривающих мероприятия по решению неотложных задач по приведению в нормативное состояние автомобильных дорог местного значения городских поселений области, входящих в состав Саратовской агломерации, за счет средств областного дорожного фонда | GR6: бюджетам муниципальных районов области на строительство (приобретение) жилого помещения (жилого дома) на сельских территориях, предоставляемого гражданам Российской Федерации, проживающим на сельских территориях, по договору найма жилого помещения | GU6: бюджетам городских округов области на государственную поддержку в целях обеспечения реализации инфраструктурных проектов, направленных на комплексное развитие городского наземного электрического транспорта и автомобильного транспорта общего пользования, выполнение работ по освещению и благоустройству территорий, а также на закупку автобусов, приводимых в движение электрической энергией от батареи, заряжаемой от внешнего источника (электробусов), и объектов зарядной инфраструктуры для них (реконструкция тяговых подстанций в г. Саратове Саратовской области) | GX6: бюджетам городских округов области на государственную поддержку в целях обеспечения реализации инфраструктурных проектов, направленных на комплексное развитие городского наземного электрического транспорта и автомобильного транспорта общего пользования, выполнение работ по освещению и благоустройству территорий, а также на закупку автобусов, приводимых в движение электрической энергией от батареи, заряжаемой от внешнего источника (электробусов), и объектов зарядной инфраструктуры для них (реконструкция трамвайных путей в г. Саратове Саратовской области) | HA6: бюджетам городских округов области на государственную поддержку в целях обеспечения реализации инфраструктурных проектов, направленных на комплексное развитие городского наземного электрического транспорта и автомобильного транспорта общего пользования, выполнение работ по освещению и благоустройству территорий, а также на закупку автобусов, приводимых в движение электрической энергией от батареи, заряжаемой от внешнего источника (электробусов), и объектов зарядной инфраструктуры для них (реконструкция смешанного путепровода через железнодорожные пути, входящего в транспортную развязку «Стрелка» в г. Саратове Саратовской области) | HD6: бюджетам муниципальных районов, городских округов и поселений области на подготовку проектов межевания земельных участков и на проведение кадастровых работ | HG6: бюджетам муниципальных районов области на достижение показателей результативности по реализации мероприятий по переселению граждан из аварийного жилищного фонда, признанного таковым в связи с его физическим износом в процессе эксплуатации после 1 января 2022 года | HJ6: бюджетам муниципальных районов области на реализацию мероприятий по переселению граждан из аварийного жилищного фонда, признанного таковым в связи с его физическим износом в процессе эксплуатации после 1 января 2022 года | HM6: бюджетам городских округов и поселений области на реализацию регионального проекта (программы) в целях выполнения задач федерального проекта «Жилье» (Стимулирование программ развития жилищного строительства субъектов Российской Федерации (в рамках достижения соответствующих задач федерального проекта)) | HP6: бюджетам городских округов области на капитальный ремонт и ремонт автомобильных дорог местного значения и искусственных сооружений на них в границах городских округов области, входящих в состав Саратовской агломерации, за счет средств областного дорожного фонда | HS6: бюджетам муниципальных районов и поселений области на капитальный ремонт, ремонт и содержание автомобильных дорог общего пользования местного значения за счет средств областного дорожного фонда
B7: утвержденные бюджетные назначения | C7: исполнено | D7: % исполнения | E7: утвержденные бюджетные назначения * | F7: исполнено | G7: % исполнения | H7: утвержденные бюджетные назначения * | I7: исполнено | J7: % исполнения | K7: утвержденные бюджетные назначения * | L7: исполнено | M7: % исполнения | N7: утвержденные бюджетные назначения * | O7: исполнено | P7: % исполнения | Q7: утвержденные бюджетные назначения * | R7: исполнено | S7: % исполнения | T7: утвержденные бюджетные назначения * | U7: исполнено | V7: % исполнения | W7: утвержденные бюджетные назначения * | X7: исполнено | Y7: % исполнения | Z7: утвержденные бюджетные назначения 3* | AA7: исполнено | AB7: % исполнения | AC7: утвержденные бюджетные назначения * | AD7: исполнено | AE7: % исполнения | AF7: утвержденные бюджетные назначения * | AG7: исполнено | AH7: % исполнения | AI7: утвержденные бюджетные назначения * | AJ7: исполнено | AK7: % исполнения | AL7: утвержденные бюджетные назначения * | AM7: исполнено | AN7: % исполнения | AO7: утвержденные бюджетные назначения * | AP7: исполнено | AQ7: % исполнения | AR7: утвержденные бюджетные назначения * | AS7: исполнено | AT7: % исполнения | AU7: утвержденные бюджетные назначения * | AV7: исполнено | AW7: % исполнения | AX7: утвержденные бюджетные назначения 6* | AY7: исполнено | AZ7: % исполнения | BA7: утвержденные бюджетные назначения * | BB7: исполнено | BC7: % исполнения | BD7: утвержденные бюджетные назначения * | BE7: исполнено | BF7: % исполнения | BG7: утвержденные бюджетные назначения * | BH7: исполнено | BI7: % исполнения | BJ7: утвержденные бюджетные назначения * | BK7: исполнено | BL7: % исполнения | BM7: утвержденные бюджетные назначения* | BN7: исполнено | BO7: % исполнения | BP7: утвержденные бюджетные назначения * | BQ7: исполнено | BR7: % исполнения | BS7: утвержденные бюджетные назначения 5* | BT7: исполнено | BU7: % исполнения | BV7: утвержденные бюджетные назначения * | BW7: исполнено | BX7: % исполнения | BY7: утвержденные бюджетные назначения * | BZ7: исполнено | CA7: % исполнения | CB7: утвержденные бюджетные назначения 2* | CC7: исполнено | CD7: % исполнения | CE7: утвержденные бюджетные назначения * | CF7: исполнено | CG7: % исполнения | CH7: утвержденные бюджетные назначения * | CI7: исполнено | CJ7: % исполнения | CK7: утвержденные бюджетные назначения * | CL7: исполнено | CM7: % исполнения | CN7: утвержденные бюджетные назначения * | CO7: исполнено | CP7: % исполнения | CQ7: утвержденные бюджетные назначения * | CR7: исполнено | CS7: % исполнения | CT7: утвержденные бюджетные назначения * | CU7: исполнено | CV7: % исполнения | CW7: утвержденные бюджетные назначения * | CX7: исполнено | CY7: % исполнения | CZ7: утвержденные бюджетные назначения * | DA7: исполнено | DB7: % исполнения | DC7: утвержденные бюджетные назначения * | DD7: исполнено | DE7: % исполнения | DF7: утвержденные бюджетные назначения* | DG7: исполнено | DH7: % исполнения | DI7: утвержденные бюджетные назначения * | DJ7: исполнено | DK7: % исполнения | DL7: утвержденные бюджетные назначения * | DM7: исполнено | DN7: % исполнения | DO7: утвержденные бюджетные назначения* | DP7: исполнено | DQ7: % исполнения | DR7: утвержденные бюджетные назначения * | DS7: исполнено | DT7: % исполнения | DU7: утвержденные бюджетные назначения * | DV7: исполнено | DW7: % исполнения | DX7: утвержденные бюджетные назначения * | DY7: исполнено | DZ7: % исполнения | EA7: утвержденные бюджетные назначения * | EB7: исполнено | EC7: % исполнения | ED7: утвержденные бюджетные назначения 4* | EE7: исполнено | EF7: % исполнения | EG7: утвержденные бюджетные назначения * | EH7: исполнено | EI7: % исполнения | EJ7: утвержденные бюджетные назначения * | EK7: исполнено | EL7: % исполнения | EM7: утвержденные бюджетные назначения * | EN7: исполнено | EO7: % исполнения | EP7: утвержденные бюджетные назначения * | EQ7: исполнено | ER7: % исполнения | ES7: утвержденные бюджетные назначения * | ET7: исполнено | EU7: % исполнения | EV7: утвержденные бюджетные назначения * | EW7: исполнено | EX7: % исполнения | EY7: утвержденные бюджетные назначения * | EZ7: исполнено | FA7: % исполнения | FB7: утвержденные бюджетные назначения * | FC7: исполнено | FD7: % исполнения | FE7: утвержденные бюджетные назначения * | FF7: исполнено | FG7: % исполнения | FH7: утвержденные бюджетные назначения * | FI7: исполнено | FJ7: % исполнения | FK7: утвержденные бюджетные назначения * | FL7: исполнено | FM7: % исполнения | FN7: утвержденные бюджетные назначения * | FO7: исполнено | FP7: % исполнения | FQ7: утвержденные бюджетные назначения * | FR7: исполнено | FS7: % исполнения | FT7: утвержденные бюджетные назначения * | FU7: исполнено | FV7: % исполнения | FW7: утвержденные бюджетные назначения * | FX7: исполнено | FY7: % исполнения | FZ7: утвержденные бюджетные назначения * | GA7: исполнено | GB7: % исполнения | GC7: утвержденные бюджетные назначения * | GD7: исполнено | GE7: % исполнения | GF7: утвержденные бюджетные назначения * | GG7: исполнено | GH7: % исполнения | GI7: утвержденные бюджетные назначения * | GJ7: исполнено | GK7: % исполнения | GL7: утвержденные бюджетные назначения * | GM7: исполнено | GN7: % исполнения | GO7: утвержденные бюджетные назначения * | GP7: исполнено | GQ7: % исполнения | GR7: утвержденные бюджетные назначения * | GS7: исполнено | GT7: % исполнения | GU7: утвержденные бюджетные назначения * | GV7: исполнено | GW7: % исполнения | GX7: утвержденные бюджетные назначения * | GY7: исполнено | GZ7: % исполнения | HA7: утвержденные бюджетные назначения * | HB7: исполнено | HC7: % исполнения | HD7: утвержденные бюджетные назначения * | HE7: исполнено | HF7: % исполнения | HG7: утвержденные бюджетные назначения * | HH7: исполнено | HI7: % исполнения | HJ7: утвержденные бюджетные назначения * | HK7: исполнено | HL7: % исполнения | HM7: утвержденные бюджетные назначения * | HN7: исполнено | HO7: % исполнения | HP7: утвержденные бюджетные назначения * | HQ7: исполнено | HR7: % исполнения | HS7: утвержденные бюджетные назначения * | HT7: исполнено | HU7: % исполнения
A8: Муниципальные районы области (консолидированный) | B8: =E8+H8+K8+N8+Q8+T8+W8+Z8+AC8+AF8+AI8+AL8+AO8+AR8+AU8+AX8+BA8+BD8+BG8+BJ8+BM8+BP8+BS8+BV8+BY8+CB8+CE8+CH8+CK8+CN8+CQ8+CT8+CW8+CZ8+DC8+DF8+DI8+DL8+DO8+DR8+DU8+DX8+EA8+ED8+EG8+EJ8+EM8+EP8+ES8+EV8+EY8+FB8+FE8+FH8+FK8+FN8+FQ8+FT8+FW8+FZ8+GC8+GF8+GI8+GL8+GO8+GR8+GU8+GX8+HA8+HD8+HG8+HJ8+HM8+HP8+HS8 -> 16566539 | C8: =F8+I8+L8+O8+R8+U8+X8+AA8+AD8+AG8+AJ8+AM8+AP8+AS8+AV8+AY8+BB8+BE8+BH8+BK8+BN8+BQ8+BT8+BW8+BZ8+CC8+CF8+CI8+CL8+CO8+CR8+CU8+CX8+DA8+DD8+DG8+DJ8+DM8+DP8+DS8+DV8+DY8+EB8+EE8+EH8+EK8+EN8+EQ8+ET8+EW8+EZ8+FC8+FF8+FI8+FL8+FO8+FR8+FU8+FX8+GA8+GD8+GG8+GJ8+GM8+GP8+GS8+GV8+GY8+HB8+HE8+HH8+HK8+HN8+HQ8+HT8 -> 10188608 | D8: =C8/B8*100 -> 61.501129 | E8: =E11+E15+E24+E38+E50+E55+E73+E79+E96+E101+E113+E122+E135+E146+E157+E170+E183+E197+E201+E213+E222+E229+E242+E255+E269+E277+E287+E298+E308+E316+E325+E335+E344+E353+E360+E373+E382 -> 14481.9 | F8: =F11+F15+F24+F38+F50+F55+F73+F79+F96+F101+F113+F122+F135+F146+F157+F170+F183+F197+F201+F213+F222+F229+F242+F255+F269+F277+F287+F298+F308+F316+F325+F335+F344+F353+F360+F373+F382 -> 14472.1 | G8: =F8/E8*100 -> 99.932333 | H8: =H11+H15+H24+H38+H50+H55+H73+H79+H96+H101+H113+H122+H135+H146+H157+H170+H183+H197+H201+H213+H222+H229+H242+H255+H269+H277+H287+H298+H308+H316+H325+H335+H344+H353+H360+H373+H382 -> 8960 | I8: =I11+I15+I24+I38+I50+I55+I73+I79+I96+I101+I113+I122+I135+I146+I157+I170+I183+I197+I201+I213+I222+I229+I242+I255+I269+I277+I287+I298+I308+I316+I325+I335+I344+I353+I360+I373+I382 -> 7975.0612 | J8: =I8/H8*100 -> 89.00738 | K8: =K11+K15+K24+K38+K50+K55+K73+K79+K96+K101+K113+K122+K135+K146+K157+K170+K183+K197+K201+K213+K222+K229+K242+K255+K269+K277+K287+K298+K308+K316+K325+K335+K344+K353+K360+K373+K382 -> 0 | L8: =L11+L15+L24+L38+L50+L55+L73+L79+L96+L101+L113+L122+L135+L146+L157+L170+L183+L197+L201+L213+L222+L229+L242+L255+L269+L277+L287+L298+L308+L316+L325+L335+L344+L353+L360+L373+L382 -> 0 | N8: =N11+N15+N24+N38+N50+N55+N73+N79+N96+N101+N113+N122+N135+N146+N157+N170+N183+N197+N201+N213+N222+N229+N242+N255+N269+N277+N287+N298+N308+N316+N325+N335+N344+N353+N360+N373+N382 -> 70080.7 | O8: =O11+O15+O24+O38+O50+O55+O73+O79+O96+O101+O113+O122+O135+O146+O157+O170+O183+O197+O201+O213+O222+O229+O242+O255+O269+O277+O287+O298+O308+O316+O325+O335+O344+O353+O360+O373+O382 -> 70080.7 | P8: =O8/N8*100 -> 100 | Q8: =Q11+Q15+Q24+Q38+Q50+Q55+Q73+Q79+Q96+Q101+Q113+Q122+Q135+Q146+Q157+Q170+Q183+Q197+Q201+Q213+Q222+Q229+Q242+Q255+Q269+Q277+Q287+Q298+Q308+Q316+Q325+Q335+Q344+Q353+Q360+Q373+Q382 -> 0 | R8: =R11+R15+R24+R38+R50+R55+R73+R79+R96+R101+R113+R122+R135+R146+R157+R170+R183+R197+R201+R213+R222+R229+R242+R255+R269+R277+R287+R298+R308+R316+R325+R335+R344+R353+R360+R373+R382 -> 0 | T8: =T11+T15+T24+T38+T50+T55+T73+T79+T96+T101+T113+T122+T135+T146+T157+T170+T183+T197+T201+T213+T222+T229+T242+T255+T269+T277+T287+T298+T308+T316+T325+T335+T344+T353+T360+T373+T382 -> 56998.336 | U8: =U11+U15+U24+U38+U50+U55+U73+U79+U96+U101+U113+U122+U135+U146+U157+U170+U183+U197+U201+U213+U222+U229+U242+U255+U269+U277+U287+U298+U308+U316+U325+U335+U344+U353+U360+U373+U382 -> 0 | W8: =W11+W15+W24+W38+W50+W55+W73+W79+W96+W101+W113+W122+W135+W146+W157+W170+W183+W197+W201+W213+W222+W229+W242+W255+W269+W277+W287+W298+W308+W316+W325+W335+W344+W353+W360+W373+W382 -> 53465.006 | X8: =X11+X15+X24+X38+X50+X55+X73+X79+X96+X101+X113+X122+X135+X146+X157+X170+X183+X197+X201+X213+X222+X229+X242+X255+X269+X277+X287+X298+X308+X316+X325+X335+X344+X353+X360+X373+X382 -> 52625.196 | Y8: =X8/W8*100 -> 98.429236 | Z8: =Z11+Z15+Z24+Z38+Z50+Z55+Z73+Z79+Z96+Z101+Z113+Z122+Z135+Z146+Z157+Z170+Z183+Z197+Z201+Z213+Z222+Z229+Z242+Z255+Z269+Z277+Z287+Z298+Z308+Z316+Z325+Z335+Z344+Z353+Z360+Z373+Z382 -> 173069.71 | AA8: =AA11+AA15+AA24+AA38+AA50+AA55+AA73+AA79+AA96+AA101+AA113+AA122+AA135+AA146+AA157+AA170+AA183+AA197+AA201+AA213+AA222+AA229+AA242+AA255+AA269+AA277+AA287+AA298+AA308+AA316+AA325+AA335+AA344+AA353+AA360+AA373+AA382 -> 123988.7 | AB8: =AA8/Z8*100 -> 71.640901 | AC8: =AC11+AC15+AC24+AC38+AC50+AC55+AC73+AC79+AC96+AC101+AC113+AC122+AC135+AC146+AC157+AC170+AC183+AC197+AC201+AC213+AC222+AC229+AC242+AC255+AC269+AC277+AC287+AC298+AC308+AC316+AC325+AC335+AC344+AC353+AC360+AC373+AC382 -> 7278.6517 | AD8: =AD11+AD15+AD24+AD38+AD50+AD55+AD73+AD79+AD96+AD101+AD113+AD122+AD135+AD146+AD157+AD170+AD183+AD197+AD201+AD213+AD222+AD229+AD242+AD255+AD269+AD277+AD287+AD298+AD308+AD316+AD325+AD335+AD344+AD353+AD360+AD373+AD382 -> 7278.6517 | AE8: =AD8/AC8*100 -> 100 | AF8: =AF11+AF15+AF24+AF38+AF50+AF55+AF73+AF79+AF96+AF101+AF113+AF122+AF135+AF146+AF157+AF170+AF183+AF197+AF201+AF213+AF222+AF229+AF242+AF255+AF269+AF277+AF287+AF298+AF308+AF316+AF325+AF335+AF344+AF353+AF360+AF373+AF382 -> 36796.742 | AG8: =AG11+AG15+AG24+AG38+AG50+AG55+AG73+AG79+AG96+AG101+AG113+AG122+AG135+AG146+AG157+AG170+AG183+AG197+AG201+AG213+AG222+AG229+AG242+AG255+AG269+AG277+AG287+AG298+AG308+AG316+AG325+AG335+AG344+AG353+AG360+AG373+AG382 -> 34192.912 | AH8: =AG8/AF8*100 -> 92.923749 | AI8: =AI11+AI15+AI24+AI38+AI50+AI55+AI73+AI79+AI96+AI101+AI113+AI122+AI135+AI146+AI157+AI170+AI183+AI197+AI201+AI213+AI222+AI229+AI242+AI255+AI269+AI277+AI287+AI298+AI308+AI316+AI325+AI335+AI344+AI353+AI360+AI373+AI382 -> 2142.8571 | AJ8: =AJ11+AJ15+AJ24+AJ38+AJ50+AJ55+AJ73+AJ79+AJ96+AJ101+AJ113+AJ122+AJ135+AJ146+AJ157+AJ170+AJ183+AJ197+AJ201+AJ213+AJ222+AJ229+AJ242+AJ255+AJ269+AJ277+AJ287+AJ298+AJ308+AJ316+AJ325+AJ335+AJ344+AJ353+AJ360+AJ373+AJ382 -> 2142.8571 | AK8: =AJ8/AI8*100 -> 100 | AL8: =AL11+AL15+AL24+AL38+AL50+AL55+AL73+AL79+AL96+AL101+AL113+AL122+AL135+AL146+AL157+AL170+AL183+AL197+AL201+AL213+AL222+AL229+AL242+AL255+AL269+AL277+AL287+AL298+AL308+AL316+AL325+AL335+AL344+AL353+AL360+AL373+AL382 -> 816.32654 | AM8: =AM11+AM15+AM24+AM38+AM50+AM55+AM73+AM79+AM96+AM101+AM113+AM122+AM135+AM146+AM157+AM170+AM183+AM197+AM201+AM213+AM222+AM229+AM242+AM255+AM269+AM277+AM287+AM298+AM308+AM316+AM325+AM335+AM344+AM353+AM360+AM373+AM382 -> 816.32654 | AN8: =AM8/AL8*100 -> 100 | AO8: =AO11+AO15+AO24+AO38+AO50+AO55+AO73+AO79+AO96+AO101+AO113+AO122+AO135+AO146+AO157+AO170+AO183+AO197+AO201+AO213+AO222+AO229+AO242+AO255+AO269+AO277+AO287+AO298+AO308+AO316+AO325+AO335+AO344+AO353+AO360+AO373+AO382 -> 6366.2462 | AP8: =AP11+AP15+AP24+AP38+AP50+AP55+AP73+AP79+AP96+AP101+AP113+AP122+AP135+AP146+AP157+AP170+AP183+AP197+AP201+AP213+AP222+AP229+AP242+AP255+AP269+AP277+AP287+AP298+AP308+AP316+AP325+AP335+AP344+AP353+AP360+AP373+AP382 -> 6366.2462 | AQ8: =AP8/AO8*100 -> 100 | AR8: =AR11+AR15+AR24+AR38+AR50+AR55+AR73+AR79+AR96+AR101+AR113+AR122+AR135+AR146+AR157+AR170+AR183+AR197+AR201+AR213+AR222+AR229+AR242+AR255+AR269+AR277+AR287+AR298+AR308+AR316+AR325+AR335+AR344+AR353+AR360+AR373+AR382 -> 0 | AS8: =AS11+AS15+AS24+AS38+AS50+AS55+AS73+AS79+AS96+AS101+AS113+AS122+AS135+AS146+AS157+AS170+AS183+AS197+AS201+AS213+AS222+AS229+AS242+AS255+AS269+AS277+AS287+AS298+AS308+AS316+AS325+AS335+AS344+AS353+AS360+AS373+AS382 -> 0 | AU8: =AU11+AU15+AU24+AU38+AU50+AU55+AU73+AU79+AU96+AU101+AU113+AU122+AU135+AU146+AU157+AU170+AU183+AU197+AU201+AU213+AU222+AU229+AU242+AU255+AU269+AU277+AU287+AU298+AU308+AU316+AU325+AU335+AU344+AU353+AU360+AU373+AU382 -> 5775 | AV8: =AV11+AV15+AV24+AV38+AV50+AV55+AV73+AV79+AV96+AV101+AV113+AV122+AV135+AV146+AV157+AV170+AV183+AV197+AV201+AV213+AV222+AV229+AV242+AV255+AV269+AV277+AV287+AV298+AV308+AV316+AV325+AV335+AV344+AV353+AV360+AV373+AV382 -> 4331.25 | AW8: =AV8/AU8*100 -> 75 | AX8: =AX11+AX15+AX24+AX38+AX50+AX55+AX73+AX79+AX96+AX101+AX113+AX122+AX135+AX146+AX157+AX170+AX183+AX197+AX201+AX213+AX222+AX229+AX242+AX255+AX269+AX277+AX287+AX298+AX308+AX316+AX325+AX335+AX344+AX353+AX360+AX373+AX382 -> 129726.74 | AY8: =AY11+AY15+AY24+AY38+AY50+AY55+AY73+AY79+AY96+AY101+AY113+AY122+AY135+AY146+AY157+AY170+AY183+AY197+AY201+AY213+AY222+AY229+AY242+AY255+AY269+AY277+AY287+AY298+AY308+AY316+AY325+AY335+AY344+AY353+AY360+AY373+AY382 -> 69583.579 | AZ8: =AY8/AX8*100 -> 53.638578 | BA8: =BA11+BA15+BA24+BA38+BA50+BA55+BA73+BA79+BA96+BA101+BA113+BA122+BA135+BA146+BA157+BA170+BA183+BA197+BA201+BA213+BA222+BA229+BA242+BA255+BA269+BA277+BA287+BA298+BA308+BA316+BA325+BA335+BA344+BA353+BA360+BA373+BA382 -> 470809.39 | BB8: =BB11+BB15+BB24+BB38+BB50+BB55+BB73+BB79+BB96+BB101+BB113+BB122+BB135+BB146+BB157+BB170+BB183+BB197+BB201+BB213+BB222+BB229+BB242+BB255+BB269+BB277+BB287+BB298+BB308+BB316+BB325+BB335+BB344+BB353+BB360+BB373+BB382 -> 468666.27 | BC8: =BB8/BA8*100 -> 99.544801 | BD8: =BD11+BD15+BD24+BD38+BD50+BD55+BD73+BD79+BD96+BD101+BD113+BD122+BD135+BD146+BD157+BD170+BD183+BD197+BD201+BD213+BD222+BD229+BD242+BD255+BD269+BD277+BD287+BD298+BD308+BD316+BD325+BD335+BD344+BD353+BD360+BD373+BD382 -> 1425316.9 | BE8: =BE11+BE15+BE24+BE38+BE50+BE55+BE73+BE79+BE96+BE101+BE113+BE122+BE135+BE146+BE157+BE170+BE183+BE197+BE201+BE213+BE222+BE229+BE242+BE255+BE269+BE277+BE287+BE298+BE308+BE316+BE325+BE335+BE344+BE353+BE360+BE373+BE382 -> 819099.75 | BF8: =BE8/BD8*100 -> 57.467904 | BG8: =BG11+BG15+BG24+BG38+BG50+BG55+BG73+BG79+BG96+BG101+BG113+BG122+BG135+BG146+BG157+BG170+BG183+BG197+BG201+BG213+BG222+BG229+BG242+BG255+BG269+BG277+BG287+BG298+BG308+BG316+BG325+BG335+BG344+BG353+BG360+BG373+BG382 -> 182559.44 | BH8: =BH11+BH15+BH24+BH38+BH50+BH55+BH73+BH79+BH96+BH101+BH113+BH122+BH135+BH146+BH157+BH170+BH183+BH197+BH201+BH213+BH222+BH229+BH242+BH255+BH269+BH277+BH287+BH298+BH308+BH316+BH325+BH335+BH344+BH353+BH360+BH373+BH382 -> 128598.16 | BI8: =BH8/BG8*100 -> 70.4418 | BJ8: =BJ11+BJ15+BJ24+BJ38+BJ50+BJ55+BJ73+BJ79+BJ96+BJ101+BJ113+BJ122+BJ135+BJ146+BJ157+BJ170+BJ183+BJ197+BJ201+BJ213+BJ222+BJ229+BJ242+BJ255+BJ269+BJ277+BJ287+BJ298+BJ308+BJ316+BJ325+BJ335+BJ344+BJ353+BJ360+BJ373+BJ382 -> 92123.596 | BK8: =BK11+BK15+BK24+BK38+BK50+BK55+BK73+BK79+BK96+BK101+BK113+BK122+BK135+BK146+BK157+BK170+BK183+BK197+BK201+BK213+BK222+BK229+BK242+BK255+BK269+BK277+BK287+BK298+BK308+BK316+BK325+BK335+BK344+BK353+BK360+BK373+BK382 -> 27582.439 | BL8: =BK8/BJ8*100 -> 29.940689 | BM8: =BM11+BM15+BM24+BM38+BM50+BM55+BM73+BM79+BM96+BM101+BM113+BM122+BM135+BM146+BM157+BM170+BM183+BM197+BM201+BM213+BM222+BM229+BM242+BM255+BM269+BM277+BM287+BM298+BM308+BM316+BM325+BM335+BM344+BM353+BM360+BM373+BM382 -> 181788.5 | BN8: =BN11+BN15+BN24+BN38+BN50+BN55+BN73+BN79+BN96+BN101+BN113+BN122+BN135+BN146+BN157+BN170+BN183+BN197+BN201+BN213+BN222+BN229+BN242+BN255+BN269+BN277+BN287+BN298+BN308+BN316+BN325+BN335+BN344+BN353+BN360+BN373+BN382 -> 107235.4 | BO8: =BN8/BM8*100 -> 58.989098 | BP8: =BP11+BP15+BP24+BP38+BP50+BP55+BP73+BP79+BP96+BP101+BP113+BP122+BP135+BP146+BP157+BP170+BP183+BP197+BP201+BP213+BP222+BP229+BP242+BP255+BP269+BP277+BP287+BP298+BP308+BP316+BP325+BP335+BP344+BP353+BP360+BP373+BP382 -> 29120 | BQ8: =BQ11+BQ15+BQ24+BQ38+BQ50+BQ55+BQ73+BQ79+BQ96+BQ101+BQ113+BQ122+BQ135+BQ146+BQ157+BQ170+BQ183+BQ197+BQ201+BQ213+BQ222+BQ229+BQ242+BQ255+BQ269+BQ277+BQ287+BQ298+BQ308+BQ316+BQ325+BQ335+BQ344+BQ353+BQ360+BQ373+BQ382 -> 6303.1402 | BR8: =BQ8/BP8*100 -> 21.645399 | BS8: =BS11+BS15+BS24+BS38+BS50+BS55+BS73+BS79+BS96+BS101+BS113+BS122+BS135+BS146+BS157+BS170+BS183+BS197+BS201+BS213+BS222+BS229+BS242+BS255+BS269+BS277+BS287+BS298+BS308+BS316+BS325+BS335+BS344+BS353+BS360+BS373+BS382 -> 934395.92 | BT8: =BT11+BT15+BT24+BT38+BT50+BT55+BT73+BT79+BT96+BT101+BT113+BT122+BT135+BT146+BT157+BT170+BT183+BT197+BT201+BT213+BT222+BT229+BT242+BT255+BT269+BT277+BT287+BT298+BT308+BT316+BT325+BT335+BT344+BT353+BT360+BT373+BT382 -> 431140.78 | BU8: =BT8/BS8*100 -> 46.141124 | BV8: =BV11+BV15+BV24+BV38+BV50+BV55+BV73+BV79+BV96+BV101+BV113+BV122+BV135+BV146+BV157+BV170+BV183+BV197+BV201+BV213+BV222+BV229+BV242+BV255+BV269+BV277+BV287+BV298+BV308+BV316+BV325+BV335+BV344+BV353+BV360+BV373+BV382 -> 4185.5056 | BW8: =BW11+BW15+BW24+BW38+BW50+BW55+BW73+BW79+BW96+BW101+BW113+BW122+BW135+BW146+BW157+BW170+BW183+BW197+BW201+BW213+BW222+BW229+BW242+BW255+BW269+BW277+BW287+BW298+BW308+BW316+BW325+BW335+BW344+BW353+BW360+BW373+BW382 -> 4185.5056 | BX8: =BW8/BV8*100 -> 100 | BY8: =BY11+BY15+BY24+BY38+BY50+BY55+BY73+BY79+BY96+BY101+BY113+BY122+BY135+BY146+BY157+BY170+BY183+BY197+BY201+BY213+BY222+BY229+BY242+BY255+BY269+BY277+BY287+BY298+BY308+BY316+BY325+BY335+BY344+BY353+BY360+BY373+BY382 -> 0 | BZ8: =BZ11+BZ15+BZ24+BZ38+BZ50+BZ55+BZ73+BZ79+BZ96+BZ101+BZ113+BZ122+BZ135+BZ146+BZ157+BZ170+BZ183+BZ197+BZ201+BZ213+BZ222+BZ229+BZ242+BZ255+BZ269+BZ277+BZ287+BZ298+BZ308+BZ316+BZ325+BZ335+BZ344+BZ353+BZ360+BZ373+BZ382 -> 0 | CB8: =CB11+CB15+CB24+CB38+CB50+CB55+CB73+CB79+CB96+CB101+CB113+CB122+CB135+CB146+CB157+CB170+CB183+CB197+CB201+CB213+CB222+CB229+CB242+CB255+CB269+CB277+CB287+CB298+CB308+CB316+CB325+CB335+CB344+CB353+CB360+CB373+CB382 -> 300000 | CC8: =CC11+CC15+CC24+CC38+CC50+CC55+CC73+CC79+CC96+CC101+CC113+CC122+CC135+CC146+CC157+CC170+CC183+CC197+CC201+CC213+CC222+CC229+CC242+CC255+CC269+CC277+CC287+CC298+CC308+CC316+CC325+CC335+CC344+CC353+CC360+CC373+CC382 -> 286090.18 | CD8: =CC8/CB8*100 -> 95.363392 | CE8: =CE11+CE15+CE24+CE38+CE50+CE55+CE73+CE79+CE96+CE101+CE113+CE122+CE135+CE146+CE157+CE170+CE183+CE197+CE201+CE213+CE222+CE229+CE242+CE255+CE269+CE277+CE287+CE298+CE308+CE316+CE325+CE335+CE344+CE353+CE360+CE373+CE382 -> 148707.38 | CF8: =CF11+CF15+CF24+CF38+CF50+CF55+CF73+CF79+CF96+CF101+CF113+CF122+CF135+CF146+CF157+CF170+CF183+CF197+CF201+CF213+CF222+CF229+CF242+CF255+CF269+CF277+CF287+CF298+CF308+CF316+CF325+CF335+CF344+CF353+CF360+CF373+CF382 -> 148707.38 | CG8: =CF8/CE8*100 -> 100 | CH8: =CH11+CH15+CH24+CH38+CH50+CH55+CH73+CH79+CH96+CH101+CH113+CH122+CH135+CH146+CH157+CH170+CH183+CH197+CH201+CH213+CH222+CH229+CH242+CH255+CH269+CH277+CH287+CH298+CH308+CH316+CH325+CH335+CH344+CH353+CH360+CH373+CH382 -> 72447.041 | CI8: =CI11+CI15+CI24+CI38+CI50+CI55+CI73+CI79+CI96+CI101+CI113+CI122+CI135+CI146+CI157+CI170+CI183+CI197+CI201+CI213+CI222+CI229+CI242+CI255+CI269+CI277+CI287+CI298+CI308+CI316+CI325+CI335+CI344+CI353+CI360+CI373+CI382 -> 35502.611 | CJ8: =CI8/CH8*100 -> 49.004916 | CK8: =CK11+CK15+CK24+CK38+CK50+CK55+CK73+CK79+CK96+CK101+CK113+CK122+CK135+CK146+CK157+CK170+CK183+CK197+CK201+CK213+CK222+CK229+CK242+CK255+CK269+CK277+CK287+CK298+CK308+CK316+CK325+CK335+CK344+CK353+CK360+CK373+CK382 -> 13621.939 | CL8: =CL11+CL15+CL24+CL38+CL50+CL55+CL73+CL79+CL96+CL101+CL113+CL122+CL135+CL146+CL157+CL170+CL183+CL197+CL201+CL213+CL222+CL229+CL242+CL255+CL269+CL277+CL287+CL298+CL308+CL316+CL325+CL335+CL344+CL353+CL360+CL373+CL382 -> 10764.926 | CM8: =CL8/CK8*100 -> 79.026384 | CN8: =CN11+CN15+CN24+CN38+CN50+CN55+CN73+CN79+CN96+CN101+CN113+CN122+CN135+CN146+CN157+CN170+CN183+CN197+CN201+CN213+CN222+CN229+CN242+CN255+CN269+CN277+CN287+CN298+CN308+CN316+CN325+CN335+CN344+CN353+CN360+CN373+CN382 -> 9570.7 | CO8: =CO11+CO15+CO24+CO38+CO50+CO55+CO73+CO79+CO96+CO101+CO113+CO122+CO135+CO146+CO157+CO170+CO183+CO197+CO201+CO213+CO222+CO229+CO242+CO255+CO269+CO277+CO287+CO298+CO308+CO316+CO325+CO335+CO344+CO353+CO360+CO373+CO382 -> 2043.76 | CP8: =CO8/CN8*100 -> 21.354342 | CQ8: =CQ11+CQ15+CQ24+CQ38+CQ50+CQ55+CQ73+CQ79+CQ96+CQ101+CQ113+CQ122+CQ135+CQ146+CQ157+CQ170+CQ183+CQ197+CQ201+CQ213+CQ222+CQ229+CQ242+CQ255+CQ269+CQ277+CQ287+CQ298+CQ308+CQ316+CQ325+CQ335+CQ344+CQ353+CQ360+CQ373+CQ382 -> 25821.2 | CR8: =CR11+CR15+CR24+CR38+CR50+CR55+CR73+CR79+CR96+CR101+CR113+CR122+CR135+CR146+CR157+CR170+CR183+CR197+CR201+CR213+CR222+CR229+CR242+CR255+CR269+CR277+CR287+CR298+CR308+CR316+CR325+CR335+CR344+CR353+CR360+CR373+CR382 -> 11374.012 | CS8: =CR8/CQ8*100 -> 44.049122 | CT8: =CT11+CT15+CT24+CT38+CT50+CT55+CT73+CT79+CT96+CT101+CT113+CT122+CT135+CT146+CT157+CT170+CT183+CT197+CT201+CT213+CT222+CT229+CT242+CT255+CT269+CT277+CT287+CT298+CT308+CT316+CT325+CT335+CT344+CT353+CT360+CT373+CT382 -> 8691.3 | CU8: =CU11+CU15+CU24+CU38+CU50+CU55+CU73+CU79+CU96+CU101+CU113+CU122+CU135+CU146+CU157+CU170+CU183+CU197+CU201+CU213+CU222+CU229+CU242+CU255+CU269+CU277+CU287+CU298+CU308+CU316+CU325+CU335+CU344+CU353+CU360+CU373+CU382 -> 1302.9547 | CV8: =CU8/CT8*100 -> 14.991483 | CW8: =CW11+CW15+CW24+CW38+CW50+CW55+CW73+CW79+CW96+CW101+CW113+CW122+CW135+CW146+CW157+CW170+CW183+CW197+CW201+CW213+CW222+CW229+CW242+CW255+CW269+CW277+CW287+CW298+CW308+CW316+CW325+CW335+CW344+CW353+CW360+CW373+CW382 -> 657156.6 | CX8: =CX11+CX15+CX24+CX38+CX50+CX55+CX73+CX79+CX96+CX101+CX113+CX122+CX135+CX146+CX157+CX170+CX183+CX197+CX201+CX213+CX222+CX229+CX242+CX255+CX269+CX277+CX287+CX298+CX308+CX316+CX325+CX335+CX344+CX353+CX360+CX373+CX382 -> 346577.64 | CY8: =CX8/CW8*100 -> 52.738973 | CZ8: =CZ11+CZ15+CZ24+CZ38+CZ50+CZ55+CZ73+CZ79+CZ96+CZ101+CZ113+CZ122+CZ135+CZ146+CZ157+CZ170+CZ183+CZ197+CZ201+CZ213+CZ222+CZ229+CZ242+CZ255+CZ269+CZ277+CZ287+CZ298+CZ308+CZ316+CZ325+CZ335+CZ344+CZ353+CZ360+CZ373+CZ382 -> 1444935 | DA8: =DA11+DA15+DA24+DA38+DA50+DA55+DA73+DA79+DA96+DA101+DA113+DA122+DA135+DA146+DA157+DA170+DA183+DA197+DA201+DA213+DA222+DA229+DA242+DA255+DA269+DA277+DA287+DA298+DA308+DA316+DA325+DA335+DA344+DA353+DA360+DA373+DA382 -> 1333360.4 | DB8: =DA8/CZ8*100 -> 92.278225 | DC8: =DC11+DC15+DC24+DC38+DC50+DC55+DC73+DC79+DC96+DC101+DC113+DC122+DC135+DC146+DC157+DC170+DC183+DC197+DC201+DC213+DC222+DC229+DC242+DC255+DC269+DC277+DC287+DC298+DC308+DC316+DC325+DC335+DC344+DC353+DC360+DC373+DC382 -> 269845.7 | DD8: =DD11+DD15+DD24+DD38+DD50+DD55+DD73+DD79+DD96+DD101+DD113+DD122+DD135+DD146+DD157+DD170+DD183+DD197+DD201+DD213+DD222+DD229+DD242+DD255+DD269+DD277+DD287+DD298+DD308+DD316+DD325+DD335+DD344+DD353+DD360+DD373+DD382 -> 120301.67 | DE8: =DD8/DC8*100 -> 44.581653 | DF8: =DF11+DF15+DF24+DF38+DF50+DF55+DF73+DF79+DF96+DF101+DF113+DF122+DF135+DF146+DF157+DF170+DF183+DF197+DF201+DF213+DF222+DF229+DF242+DF255+DF269+DF277+DF287+DF298+DF308+DF316+DF325+DF335+DF344+DF353+DF360+DF373+DF382 -> 44882 | DG8: =DG11+DG15+DG24+DG38+DG50+DG55+DG73+DG79+DG96+DG101+DG113+DG122+DG135+DG146+DG157+DG170+DG183+DG197+DG201+DG213+DG222+DG229+DG242+DG255+DG269+DG277+DG287+DG298+DG308+DG316+DG325+DG335+DG344+DG353+DG360+DG373+DG382 -> 7585.7499 | DH8: =DG8/DF8*100 -> 16.901542 | DI8: =DI11+DI15+DI24+DI38+DI50+DI55+DI73+DI79+DI96+DI101+DI113+DI122+DI135+DI146+DI157+DI170+DI183+DI197+DI201+DI213+DI222+DI229+DI242+DI255+DI269+DI277+DI287+DI298+DI308+DI316+DI325+DI335+DI344+DI353+DI360+DI373+DI382 -> 281113.56 | DJ8: =DJ11+DJ15+DJ24+DJ38+DJ50+DJ55+DJ73+DJ79+DJ96+DJ101+DJ113+DJ122+DJ135+DJ146+DJ157+DJ170+DJ183+DJ197+DJ201+DJ213+DJ222+DJ229+DJ242+DJ255+DJ269+DJ277+DJ287+DJ298+DJ308+DJ316+DJ325+DJ335+DJ344+DJ353+DJ360+DJ373+DJ382 -> 136883.73 | DK8: =DJ8/DI8*100 -> 48.693392 | DL8: =DL11+DL15+DL24+DL38+DL50+DL55+DL73+DL79+DL96+DL101+DL113+DL122+DL135+DL146+DL157+DL170+DL183+DL197+DL201+DL213+DL222+DL229+DL242+DL255+DL269+DL277+DL287+DL298+DL308+DL316+DL325+DL335+DL344+DL353+DL360+DL373+DL382 -> 271624.55 | DM8: =DM11+DM15+DM24+DM38+DM50+DM55+DM73+DM79+DM96+DM101+DM113+DM122+DM135+DM146+DM157+DM170+DM183+DM197+DM201+DM213+DM222+DM229+DM242+DM255+DM269+DM277+DM287+DM298+DM308+DM316+DM325+DM335+DM344+DM353+DM360+DM373+DM382 -> 212628.82 | DN8: =DM8/DL8*100 -> 78.280413 | DO8: =DO11+DO15+DO24+DO38+DO50+DO55+DO73+DO79+DO96+DO101+DO113+DO122+DO135+DO146+DO157+DO170+DO183+DO197+DO201+DO213+DO222+DO229+DO242+DO255+DO269+DO277+DO287+DO298+DO308+DO316+DO325+DO335+DO344+DO353+DO360+DO373+DO382 -> 12876.1 | DP8: =DP11+DP15+DP24+DP38+DP50+DP55+DP73+DP79+DP96+DP101+DP113+DP122+DP135+DP146+DP157+DP170+DP183+DP197+DP201+DP213+DP222+DP229+DP242+DP255+DP269+DP277+DP287+DP298+DP308+DP316+DP325+DP335+DP344+DP353+DP360+DP373+DP382 -> 7360 | DQ8: =DP8/DO8*100 -> 57.160165 | DR8: =DR11+DR15+DR24+DR38+DR50+DR55+DR73+DR79+DR96+DR101+DR113+DR122+DR135+DR146+DR157+DR170+DR183+DR197+DR201+DR213+DR222+DR229+DR242+DR255+DR269+DR277+DR287+DR298+DR308+DR316+DR325+DR335+DR344+DR353+DR360+DR373+DR382 -> 9535.1 | DS8: =DS11+DS15+DS24+DS38+DS50+DS55+DS73+DS79+DS96+DS101+DS113+DS122+DS135+DS146+DS157+DS170+DS183+DS197+DS201+DS213+DS222+DS229+DS242+DS255+DS269+DS277+DS287+DS298+DS308+DS316+DS325+DS335+DS344+DS353+DS360+DS373+DS382 -> 7151.325 | DT8: =DS8/DR8*100 -> 75 | DU8: =DU11+DU15+DU24+DU38+DU50+DU55+DU73+DU79+DU96+DU101+DU113+DU122+DU135+DU146+DU157+DU170+DU183+DU197+DU201+DU213+DU222+DU229+DU242+DU255+DU269+DU277+DU287+DU298+DU308+DU316+DU325+DU335+DU344+DU353+DU360+DU373+DU382 -> 35649.286 | DV8: =DV11+DV15+DV24+DV38+DV50+DV55+DV73+DV79+DV96+DV101+DV113+DV122+DV135+DV146+DV157+DV170+DV183+DV197+DV201+DV213+DV222+DV229+DV242+DV255+DV269+DV277+DV287+DV298+DV308+DV316+DV325+DV335+DV344+DV353+DV360+DV373+DV382 -> 35649.286 | DW8: =DV8/DU8*100 -> 100 | DX8: =DX11+DX15+DX24+DX38+DX50+DX55+DX73+DX79+DX96+DX101+DX113+DX122+DX135+DX146+DX157+DX170+DX183+DX197+DX201+DX213+DX222+DX229+DX242+DX255+DX269+DX277+DX287+DX298+DX308+DX316+DX325+DX335+DX344+DX353+DX360+DX373+DX382 -> 0 | DY8: =DY11+DY15+DY24+DY38+DY50+DY55+DY73+DY79+DY96+DY101+DY113+DY122+DY135+DY146+DY157+DY170+DY183+DY197+DY201+DY213+DY222+DY229+DY242+DY255+DY269+DY277+DY287+DY298+DY308+DY316+DY325+DY335+DY344+DY353+DY360+DY373+DY382 -> 0 | EA8: =EA11+EA15+EA24+EA38+EA50+EA55+EA73+EA79+EA96+EA101+EA113+EA122+EA135+EA146+EA157+EA170+EA183+EA197+EA201+EA213+EA222+EA229+EA242+EA255+EA269+EA277+EA287+EA298+EA308+EA316+EA325+EA335+EA344+EA353+EA360+EA373+EA382 -> 7630.4 | EB8: =EB11+EB15+EB24+EB38+EB50+EB55+EB73+EB79+EB96+EB101+EB113+EB122+EB135+EB146+EB157+EB170+EB183+EB197+EB201+EB213+EB222+EB229+EB242+EB255+EB269+EB277+EB287+EB298+EB308+EB316+EB325+EB335+EB344+EB353+EB360+EB373+EB382 -> 0 | EC8: =EB8/EA8*100 -> 0 | ED8: =ED11+ED15+ED24+ED38+ED50+ED55+ED73+ED79+ED96+ED101+ED113+ED122+ED135+ED146+ED157+ED170+ED183+ED197+ED201+ED213+ED222+ED229+ED242+ED255+ED269+ED277+ED287+ED298+ED308+ED316+ED325+ED335+ED344+ED353+ED360+ED373+ED382 -> 16133 | EE8: =EE11+EE15+EE24+EE38+EE50+EE55+EE73+EE79+EE96+EE101+EE113+EE122+EE135+EE146+EE157+EE170+EE183+EE197+EE201+EE213+EE222+EE229+EE242+EE255+EE269+EE277+EE287+EE298+EE308+EE316+EE325+EE335+EE344+EE353+EE360+EE373+EE382 -> 13763.866 | EF8: =EE8/ED8*100 -> 85.314985 | EG8: =EG11+EG15+EG24+EG38+EG50+EG55+EG73+EG79+EG96+EG101+EG113+EG122+EG135+EG146+EG157+EG170+EG183+EG197+EG201+EG213+EG222+EG229+EG242+EG255+EG269+EG277+EG287+EG298+EG308+EG316+EG325+EG335+EG344+EG353+EG360+EG373+EG382 -> 211021 | EH8: =EH11+EH15+EH24+EH38+EH50+EH55+EH73+EH79+EH96+EH101+EH113+EH122+EH135+EH146+EH157+EH170+EH183+EH197+EH201+EH213+EH222+EH229+EH242+EH255+EH269+EH277+EH287+EH298+EH308+EH316+EH325+EH335+EH344+EH353+EH360+EH373+EH382 -> 95726.746 | EI8: =EH8/EG8*100 -> 45.363611 | EJ8: =EJ11+EJ15+EJ24+EJ38+EJ50+EJ55+EJ73+EJ79+EJ96+EJ101+EJ113+EJ122+EJ135+EJ146+EJ157+EJ170+EJ183+EJ197+EJ201+EJ213+EJ222+EJ229+EJ242+EJ255+EJ269+EJ277+EJ287+EJ298+EJ308+EJ316+EJ325+EJ335+EJ344+EJ353+EJ360+EJ373+EJ382 -> 335710.79 | EK8: =EK11+EK15+EK24+EK38+EK50+EK55+EK73+EK79+EK96+EK101+EK113+EK122+EK135+EK146+EK157+EK170+EK183+EK197+EK201+EK213+EK222+EK229+EK242+EK255+EK269+EK277+EK287+EK298+EK308+EK316+EK325+EK335+EK344+EK353+EK360+EK373+EK382 -> 328701.13 | EL8: =EK8/EJ8*100 -> 97.911996 | EM8: =EM11+EM15+EM24+EM38+EM50+EM55+EM73+EM79+EM96+EM101+EM113+EM122+EM135+EM146+EM157+EM170+EM183+EM197+EM201+EM213+EM222+EM229+EM242+EM255+EM269+EM277+EM287+EM298+EM308+EM316+EM325+EM335+EM344+EM353+EM360+EM373+EM382 -> 36101.075 | EN8: =EN11+EN15+EN24+EN38+EN50+EN55+EN73+EN79+EN96+EN101+EN113+EN122+EN135+EN146+EN157+EN170+EN183+EN197+EN201+EN213+EN222+EN229+EN242+EN255+EN269+EN277+EN287+EN298+EN308+EN316+EN325+EN335+EN344+EN353+EN360+EN373+EN382 -> 27458.325 | EO8: =EN8/EM8*100 -> 76.059578 | EP8: =EP11+EP15+EP24+EP38+EP50+EP55+EP73+EP79+EP96+EP101+EP113+EP122+EP135+EP146+EP157+EP170+EP183+EP197+EP201+EP213+EP222+EP229+EP242+EP255+EP269+EP277+EP287+EP298+EP308+EP316+EP325+EP335+EP344+EP353+EP360+EP373+EP382 -> 4688183.2 | EQ8: =EQ11+EQ15+EQ24+EQ38+EQ50+EQ55+EQ73+EQ79+EQ96+EQ101+EQ113+EQ122+EQ135+EQ146+EQ157+EQ170+EQ183+EQ197+EQ201+EQ213+EQ222+EQ229+EQ242+EQ255+EQ269+EQ277+EQ287+EQ298+EQ308+EQ316+EQ325+EQ335+EQ344+EQ353+EQ360+EQ373+EQ382 -> 2631641.9 | ER8: =EQ8/EP8*100 -> 56.133512 | ES8: =ES11+ES15+ES24+ES38+ES50+ES55+ES73+ES79+ES96+ES101+ES113+ES122+ES135+ES146+ES157+ES170+ES183+ES197+ES201+ES213+ES222+ES229+ES242+ES255+ES269+ES277+ES287+ES298+ES308+ES316+ES325+ES335+ES344+ES353+ES360+ES373+ES382 -> 1819199 | ET8: =ET11+ET15+ET24+ET38+ET50+ET55+ET73+ET79+ET96+ET101+ET113+ET122+ET135+ET146+ET157+ET170+ET183+ET197+ET201+ET213+ET222+ET229+ET242+ET255+ET269+ET277+ET287+ET298+ET308+ET316+ET325+ET335+ET344+ET353+ET360+ET373+ET382 -> 1120701.8 | EU8: =ET8/ES8*100 -> 61.604139 | EV8: =EV11+EV15+EV24+EV38+EV50+EV55+EV73+EV79+EV96+EV101+EV113+EV122+EV135+EV146+EV157+EV170+EV183+EV197+EV201+EV213+EV222+EV229+EV242+EV255+EV269+EV277+EV287+EV298+EV308+EV316+EV325+EV335+EV344+EV353+EV360+EV373+EV382 -> 100000 | EW8: =EW11+EW15+EW24+EW38+EW50+EW55+EW73+EW79+EW96+EW101+EW113+EW122+EW135+EW146+EW157+EW170+EW183+EW197+EW201+EW213+EW222+EW229+EW242+EW255+EW269+EW277+EW287+EW298+EW308+EW316+EW325+EW335+EW344+EW353+EW360+EW373+EW382 -> 100000 | EX8: =EW8/EV8*100 -> 100 | EY8: =EY11+EY15+EY24+EY38+EY50+EY55+EY73+EY79+EY96+EY101+EY113+EY122+EY135+EY146+EY157+EY170+EY183+EY197+EY201+EY213+EY222+EY229+EY242+EY255+EY269+EY277+EY287+EY298+EY308+EY316+EY325+EY335+EY344+EY353+EY360+EY373+EY382 -> 405172.92 | EZ8: =EZ11+EZ15+EZ24+EZ38+EZ50+EZ55+EZ73+EZ79+EZ96+EZ101+EZ113+EZ122+EZ135+EZ146+EZ157+EZ170+EZ183+EZ197+EZ201+EZ213+EZ222+EZ229+EZ242+EZ255+EZ269+EZ277+EZ287+EZ298+EZ308+EZ316+EZ325+EZ335+EZ344+EZ353+EZ360+EZ373+EZ382 -> 303677.31 | FA8: =EZ8/EY8*100 -> 74.950051 | FB8: =FB11+FB15+FB24+FB38+FB50+FB55+FB73+FB79+FB96+FB101+FB113+FB122+FB135+FB146+FB157+FB170+FB183+FB197+FB201+FB213+FB222+FB229+FB242+FB255+FB269+FB277+FB287+FB298+FB308+FB316+FB325+FB335+FB344+FB353+FB360+FB373+FB382 -> 127952.67 | FC8: =FC11+FC15+FC24+FC38+FC50+FC55+FC73+FC79+FC96+FC101+FC113+FC122+FC135+FC146+FC157+FC170+FC183+FC197+FC201+FC213+FC222+FC229+FC242+FC255+FC269+FC277+FC287+FC298+FC308+FC316+FC325+FC335+FC344+FC353+FC360+FC373+FC382 -> 78860.374 | FD8: =FC8/FB8*100 -> 61.632455 | FE8: =FE11+FE15+FE24+FE38+FE50+FE55+FE73+FE79+FE96+FE101+FE113+FE122+FE135+FE146+FE157+FE170+FE183+FE197+FE201+FE213+FE222+FE229+FE242+FE255+FE269+FE277+FE287+FE298+FE308+FE316+FE325+FE335+FE344+FE353+FE360+FE373+FE382 -> 0 | FF8: =FF11+FF15+FF24+FF38+FF50+FF55+FF73+FF79+FF96+FF101+FF113+FF122+FF135+FF146+FF157+FF170+FF183+FF197+FF201+FF213+FF222+FF229+FF242+FF255+FF269+FF277+FF287+FF298+FF308+FF316+FF325+FF335+FF344+FF353+FF360+FF373+FF382 -> 0 | FH8: =FH11+FH15+FH24+FH38+FH50+FH55+FH73+FH79+FH96+FH101+FH113+FH122+FH135+FH146+FH157+FH170+FH183+FH197+FH201+FH213+FH222+FH229+FH242+FH255+FH269+FH277+FH287+FH298+FH308+FH316+FH325+FH335+FH344+FH353+FH360+FH373+FH382 -> 112079.87 | FI8: =FI11+FI15+FI24+FI38+FI50+FI55+FI73+FI79+FI96+FI101+FI113+FI122+FI135+FI146+FI157+FI170+FI183+FI197+FI201+FI213+FI222+FI229+FI242+FI255+FI269+FI277+FI287+FI298+FI308+FI316+FI325+FI335+FI344+FI353+FI360+FI373+FI382 -> 106303.32 | FJ8: =FI8/FH8*100 -> 94.846048 | FK8: =FK11+FK15+FK24+FK38+FK50+FK55+FK73+FK79+FK96+FK101+FK113+FK122+FK135+FK146+FK157+FK170+FK183+FK197+FK201+FK213+FK222+FK229+FK242+FK255+FK269+FK277+FK287+FK298+FK308+FK316+FK325+FK335+FK344+FK353+FK360+FK373+FK382 -> 128001 | FL8: =FL11+FL15+FL24+FL38+FL50+FL55+FL73+FL79+FL96+FL101+FL113+FL122+FL135+FL146+FL157+FL170+FL183+FL197+FL201+FL213+FL222+FL229+FL242+FL255+FL269+FL277+FL287+FL298+FL308+FL316+FL325+FL335+FL344+FL353+FL360+FL373+FL382 -> 123342.45 | FM8: =FL8/FK8*100 -> 96.360533 | FN8: =FN11+FN15+FN24+FN38+FN50+FN55+FN73+FN79+FN96+FN101+FN113+FN122+FN135+FN146+FN157+FN170+FN183+FN197+FN201+FN213+FN222+FN229+FN242+FN255+FN269+FN277+FN287+FN298+FN308+FN316+FN325+FN335+FN344+FN353+FN360+FN373+FN382 -> 2188.9 | FO8: =FO11+FO15+FO24+FO38+FO50+FO55+FO73+FO79+FO96+FO101+FO113+FO122+FO135+FO146+FO157+FO170+FO183+FO197+FO201+FO213+FO222+FO229+FO242+FO255+FO269+FO277+FO287+FO298+FO308+FO316+FO325+FO335+FO344+FO353+FO360+FO373+FO382 -> 2110.9 | FP8: =FO8/FN8*100 -> 96.436566 | FQ8: =FQ11+FQ15+FQ24+FQ38+FQ50+FQ55+FQ73+FQ79+FQ96+FQ101+FQ113+FQ122+FQ135+FQ146+FQ157+FQ170+FQ183+FQ197+FQ201+FQ213+FQ222+FQ229+FQ242+FQ255+FQ269+FQ277+FQ287+FQ298+FQ308+FQ316+FQ325+FQ335+FQ344+FQ353+FQ360+FQ373+FQ382 -> 103847.1 | FR8: =FR11+FR15+FR24+FR38+FR50+FR55+FR73+FR79+FR96+FR101+FR113+FR122+FR135+FR146+FR157+FR170+FR183+FR197+FR201+FR213+FR222+FR229+FR242+FR255+FR269+FR277+FR287+FR298+FR308+FR316+FR325+FR335+FR344+FR353+FR360+FR373+FR382 -> 94596.827 | FS8: =FR8/FQ8*100 -> 91.092411 | FT8: =FT11+FT15+FT24+FT38+FT50+FT55+FT73+FT79+FT96+FT101+FT113+FT122+FT135+FT146+FT157+FT170+FT183+FT197+FT201+FT213+FT222+FT229+FT242+FT255+FT269+FT277+FT287+FT298+FT308+FT316+FT325+FT335+FT344+FT353+FT360+FT373+FT382 -> 20324.4 | FU8: =FU11+FU15+FU24+FU38+FU50+FU55+FU73+FU79+FU96+FU101+FU113+FU122+FU135+FU146+FU157+FU170+FU183+FU197+FU201+FU213+FU222+FU229+FU242+FU255+FU269+FU277+FU287+FU298+FU308+FU316+FU325+FU335+FU344+FU353+FU360+FU373+FU382 -> 18528.925 | FV8: =FU8/FT8*100 -> 91.165912 | FW8: =FW11+FW15+FW24+FW38+FW50+FW55+FW73+FW79+FW96+FW101+FW113+FW122+FW135+FW146+FW157+FW170+FW183+FW197+FW201+FW213+FW222+FW229+FW242+FW255+FW269+FW277+FW287+FW298+FW308+FW316+FW325+FW335+FW344+FW353+FW360+FW373+FW382 -> 15344.944 | FX8: =FX11+FX15+FX24+FX38+FX50+FX55+FX73+FX79+FX96+FX101+FX113+FX122+FX135+FX146+FX157+FX170+FX183+FX197+FX201+FX213+FX222+FX229+FX242+FX255+FX269+FX277+FX287+FX298+FX308+FX316+FX325+FX335+FX344+FX353+FX360+FX373+FX382 -> 15344.944 | FY8: =FX8/FW8*100 -> 100 | FZ8: =FZ11+FZ15+FZ24+FZ38+FZ50+FZ55+FZ73+FZ79+FZ96+FZ101+FZ113+FZ122+FZ135+FZ146+FZ157+FZ170+FZ183+FZ197+FZ201+FZ213+FZ222+FZ229+FZ242+FZ255+FZ269+FZ277+FZ287+FZ298+FZ308+FZ316+FZ325+FZ335+FZ344+FZ353+FZ360+FZ373+FZ382 -> 0 | GA8: =GA11+GA15+GA24+GA38+GA50+GA55+GA73+GA79+GA96+GA101+GA113+GA122+GA135+GA146+GA157+GA170+GA183+GA197+GA201+GA213+GA222+GA229+GA242+GA255+GA269+GA277+GA287+GA298+GA308+GA316+GA325+GA335+GA344+GA353+GA360+GA373+GA382 -> 0 | GC8: =GC11+GC15+GC24+GC38+GC50+GC55+GC73+GC79+GC96+GC101+GC113+GC122+GC135+GC146+GC157+GC170+GC183+GC197+GC201+GC213+GC222+GC229+GC242+GC255+GC269+GC277+GC287+GC298+GC308+GC316+GC325+GC335+GC344+GC353+GC360+GC373+GC382 -> 0 | GD8: =GD11+GD15+GD24+GD38+GD50+GD55+GD73+GD79+GD96+GD101+GD113+GD122+GD135+GD146+GD157+GD170+GD183+GD197+GD201+GD213+GD222+GD229+GD242+GD255+GD269+GD277+GD287+GD298+GD308+GD316+GD325+GD335+GD344+GD353+GD360+GD373+GD382 -> 0 | GF8: =GF11+GF15+GF24+GF38+GF50+GF55+GF73+GF79+GF96+GF101+GF113+GF122+GF135+GF146+GF157+GF170+GF183+GF197+GF201+GF213+GF222+GF229+GF242+GF255+GF269+GF277+GF287+GF298+GF308+GF316+GF325+GF335+GF344+GF353+GF360+GF373+GF382 -> 0 | GG8: =GG11+GG15+GG24+GG38+GG50+GG55+GG73+GG79+GG96+GG101+GG113+GG122+GG135+GG146+GG157+GG170+GG183+GG197+GG201+GG213+GG222+GG229+GG242+GG255+GG269+GG277+GG287+GG298+GG308+GG316+GG325+GG335+GG344+GG353+GG360+GG373+GG382 -> 0 | GI8: =GI11+GI15+GI24+GI38+GI50+GI55+GI73+GI79+GI96+GI101+GI113+GI122+GI135+GI146+GI157+GI170+GI183+GI197+GI201+GI213+GI222+GI229+GI242+GI255+GI269+GI277+GI287+GI298+GI308+GI316+GI325+GI335+GI344+GI353+GI360+GI373+GI382 -> 0 | GJ8: =GJ11+GJ15+GJ24+GJ38+GJ50+GJ55+GJ73+GJ79+GJ96+GJ101+GJ113+GJ122+GJ135+GJ146+GJ157+GJ170+GJ183+GJ197+GJ201+GJ213+GJ222+GJ229+GJ242+GJ255+GJ269+GJ277+GJ287+GJ298+GJ308+GJ316+GJ325+GJ335+GJ344+GJ353+GJ360+GJ373+GJ382 -> 0 | GL8: =GL11+GL15+GL24+GL38+GL50+GL55+GL73+GL79+GL96+GL101+GL113+GL122+GL135+GL146+GL157+GL170+GL183+GL197+GL201+GL213+GL222+GL229+GL242+GL255+GL269+GL277+GL287+GL298+GL308+GL316+GL325+GL335+GL344+GL353+GL360+GL373+GL382 -> 2854.3878 | GM8: =GM11+GM15+GM24+GM38+GM50+GM55+GM73+GM79+GM96+GM101+GM113+GM122+GM135+GM146+GM157+GM170+GM183+GM197+GM201+GM213+GM222+GM229+GM242+GM255+GM269+GM277+GM287+GM298+GM308+GM316+GM325+GM335+GM344+GM353+GM360+GM373+GM382 -> 2854.3878 | GN8: =GM8/GL8*100 -> 100 | GO8: =GO11+GO15+GO24+GO38+GO50+GO55+GO73+GO79+GO96+GO101+GO113+GO122+GO135+GO146+GO157+GO170+GO183+GO197+GO201+GO213+GO222+GO229+GO242+GO255+GO269+GO277+GO287+GO298+GO308+GO316+GO325+GO335+GO344+GO353+GO360+GO373+GO382 -> 100000 | GP8: =GP11+GP15+GP24+GP38+GP50+GP55+GP73+GP79+GP96+GP101+GP113+GP122+GP135+GP146+GP157+GP170+GP183+GP197+GP201+GP213+GP222+GP229+GP242+GP255+GP269+GP277+GP287+GP298+GP308+GP316+GP325+GP335+GP344+GP353+GP360+GP373+GP382 -> 0 | GQ8: =GP8/GO8*100 -> 0 | GR8: =GR11+GR15+GR24+GR38+GR50+GR55+GR73+GR79+GR96+GR101+GR113+GR122+GR135+GR146+GR157+GR170+GR183+GR197+GR201+GR213+GR222+GR229+GR242+GR255+GR269+GR277+GR287+GR298+GR308+GR316+GR325+GR335+GR344+GR353+GR360+GR373+GR382 -> 60128.98 | GS8: =GS11+GS15+GS24+GS38+GS50+GS55+GS73+GS79+GS96+GS101+GS113+GS122+GS135+GS146+GS157+GS170+GS183+GS197+GS201+GS213+GS222+GS229+GS242+GS255+GS269+GS277+GS287+GS298+GS308+GS316+GS325+GS335+GS344+GS353+GS360+GS373+GS382 -> 35045.827 | GT8: =GS8/GR8*100 -> 58.284419 | GU8: =GU11+GU15+GU24+GU38+GU50+GU55+GU73+GU79+GU96+GU101+GU113+GU122+GU135+GU146+GU157+GU170+GU183+GU197+GU201+GU213+GU222+GU229+GU242+GU255+GU269+GU277+GU287+GU298+GU308+GU316+GU325+GU335+GU344+GU353+GU360+GU373+GU382 -> 0 | GV8: =GV11+GV15+GV24+GV38+GV50+GV55+GV73+GV79+GV96+GV101+GV113+GV122+GV135+GV146+GV157+GV170+GV183+GV197+GV201+GV213+GV222+GV229+GV242+GV255+GV269+GV277+GV287+GV298+GV308+GV316+GV325+GV335+GV344+GV353+GV360+GV373+GV382 -> 0 | GX8: =GX11+GX15+GX24+GX38+GX50+GX55+GX73+GX79+GX96+GX101+GX113+GX122+GX135+GX146+GX157+GX170+GX183+GX197+GX201+GX213+GX222+GX229+GX242+GX255+GX269+GX277+GX287+GX298+GX308+GX316+GX325+GX335+GX344+GX353+GX360+GX373+GX382 -> 0 | GY8: =GY11+GY15+GY24+GY38+GY50+GY55+GY73+GY79+GY96+GY101+GY113+GY122+GY135+GY146+GY157+GY170+GY183+GY197+GY201+GY213+GY222+GY229+GY242+GY255+GY269+GY277+GY287+GY298+GY308+GY316+GY325+GY335+GY344+GY353+GY360+GY373+GY382 -> 0 | HA8: =HA11+HA15+HA24+HA38+HA50+HA55+HA73+HA79+HA96+HA101+HA113+HA122+HA135+HA146+HA157+HA170+HA183+HA197+HA201+HA213+HA222+HA229+HA242+HA255+HA269+HA277+HA287+HA298+HA308+HA316+HA325+HA335+HA344+HA353+HA360+HA373+HA382 -> 0 | HB8: =HB11+HB15+HB24+HB38+HB50+HB55+HB73+HB79+HB96+HB101+HB113+HB122+HB135+HB146+HB157+HB170+HB183+HB197+HB201+HB213+HB222+HB229+HB242+HB255+HB269+HB277+HB287+HB298+HB308+HB316+HB325+HB335+HB344+HB353+HB360+HB373+HB382 -> 0 | HD8: =HD11+HD15+HD24+HD38+HD50+HD55+HD73+HD79+HD96+HD101+HD113+HD122+HD135+HD146+HD157+HD170+HD183+HD197+HD201+HD213+HD222+HD229+HD242+HD255+HD269+HD277+HD287+HD298+HD308+HD316+HD325+HD335+HD344+HD353+HD360+HD373+HD382 -> 11923.932 | HE8: =HE11+HE15+HE24+HE38+HE50+HE55+HE73+HE79+HE96+HE101+HE113+HE122+HE135+HE146+HE157+HE170+HE183+HE197+HE201+HE213+HE222+HE229+HE242+HE255+HE269+HE277+HE287+HE298+HE308+HE316+HE325+HE335+HE344+HE353+HE360+HE373+HE382 -> 0 | HF8: =HE8/HD8*100 -> 0 | HG8: =HG11+HG15+HG24+HG38+HG50+HG55+HG73+HG79+HG96+HG101+HG113+HG122+HG135+HG146+HG157+HG170+HG183+HG197+HG201+HG213+HG222+HG229+HG242+HG255+HG269+HG277+HG287+HG298+HG308+HG316+HG325+HG335+HG344+HG353+HG360+HG373+HG382 -> 155815.77 | HH8: =HH11+HH15+HH24+HH38+HH50+HH55+HH73+HH79+HH96+HH101+HH113+HH122+HH135+HH146+HH157+HH170+HH183+HH197+HH201+HH213+HH222+HH229+HH242+HH255+HH269+HH277+HH287+HH298+HH308+HH316+HH325+HH335+HH344+HH353+HH360+HH373+HH382 -> 0 | HI8: =HH8/HG8*100 -> 0 | HJ8: =HJ11+HJ15+HJ24+HJ38+HJ50+HJ55+HJ73+HJ79+HJ96+HJ101+HJ113+HJ122+HJ135+HJ146+HJ157+HJ170+HJ183+HJ197+HJ201+HJ213+HJ222+HJ229+HJ242+HJ255+HJ269+HJ277+HJ287+HJ298+HJ308+HJ316+HJ325+HJ335+HJ344+HJ353+HJ360+HJ373+HJ382 -> 568663.27 | HK8: =HK11+HK15+HK24+HK38+HK50+HK55+HK73+HK79+HK96+HK101+HK113+HK122+HK135+HK146+HK157+HK170+HK183+HK197+HK201+HK213+HK222+HK229+HK242+HK255+HK269+HK277+HK287+HK298+HK308+HK316+HK325+HK335+HK344+HK353+HK360+HK373+HK382 -> 0 | HL8: =HK8/HJ8*100 -> 0 | HM8: =HM11+HM15+HM24+HM38+HM50+HM55+HM73+HM79+HM96+HM101+HM113+HM122+HM135+HM146+HM157+HM170+HM183+HM197+HM201+HM213+HM222+HM229+HM242+HM255+HM269+HM277+HM287+HM298+HM308+HM316+HM325+HM335+HM344+HM353+HM360+HM373+HM382 -> 0 | HN8: =HN11+HN15+HN24+HN38+HN50+HN55+HN73+HN79+HN96+HN101+HN113+HN122+HN135+HN146+HN157+HN170+HN183+HN197+HN201+HN213+HN222+HN229+HN242+HN255+HN269+HN277+HN287+HN298+HN308+HN316+HN325+HN335+HN344+HN353+HN360+HN373+HN382 -> 0 | HP8: =HP11+HP15+HP24+HP38+HP50+HP55+HP73+HP79+HP96+HP101+HP113+HP122+HP135+HP146+HP157+HP170+HP183+HP197+HP201+HP213+HP222+HP229+HP242+HP255+HP269+HP277+HP287+HP298+HP308+HP316+HP325+HP335+HP344+HP353+HP360+HP373+HP382 -> 0 | HQ8: =HQ11+HQ15+HQ24+HQ38+HQ50+HQ55+HQ73+HQ79+HQ96+HQ101+HQ113+HQ122+HQ135+HQ146+HQ157+HQ170+HQ183+HQ197+HQ201+HQ213+HQ222+HQ229+HQ242+HQ255+HQ269+HQ277+HQ287+HQ298+HQ308+HQ316+HQ325+HQ335+HQ344+HQ353+HQ360+HQ373+HQ382 -> 0 | HS8: =HS11+HS15+HS24+HS38+HS50+HS55+HS73+HS79+HS96+HS101+HS113+HS122+HS135+HS146+HS157+HS170+HS183+HS197+HS201+HS213+HS222+HS229+HS242+HS255+HS269+HS277+HS287+HS298+HS308+HS316+HS325+HS335+HS344+HS353+HS360+HS373+HS382 -> 45527.51 | HT8: =HT11+HT15+HT24+HT38+HT50+HT55+HT73+HT79+HT96+HT101+HT113+HT122+HT135+HT146+HT157+HT170+HT183+HT197+HT201+HT213+HT222+HT229+HT242+HT255+HT269+HT277+HT287+HT298+HT308+HT316+HT325+HT335+HT344+HT353+HT360+HT373+HT382 -> 0 | HU8: =HT8/HS8*100 -> 0
A9: Муниципальные районы области (собственный): | B9: =E9+H9+K9+N9+Q9+T9+W9+Z9+AC9+AF9+AI9+AL9+AO9+AR9+AU9+AX9+BA9+BD9+BG9+BJ9+BM9+BP9+BS9+BV9+BY9+CB9+CE9+CH9+CK9+CN9+CQ9+CT9+CW9+CZ9+DC9+DF9+DI9+DL9+DO9+DR9+DU9+DX9+EA9+ED9+EG9+EJ9+EM9+EP9+ES9+EV9+EY9+FB9+FE9+FH9+FK9+FN9+FQ9+FT9+FW9+FZ9+GC9+GF9+GI9+GL9+GO9+GR9+GU9+GX9+HA9+HD9+HG9+HJ9+HM9+HP9+HS9 -> 10012164 | C9: =F9+I9+L9+O9+R9+U9+X9+AA9+AD9+AG9+AJ9+AM9+AP9+AS9+AV9+AY9+BB9+BE9+BH9+BK9+BN9+BQ9+BT9+BW9+BZ9+CC9+CF9+CI9+CL9+CO9+CR9+CU9+CX9+DA9+DD9+DG9+DJ9+DM9+DP9+DS9+DV9+DY9+EB9+EE9+EH9+EK9+EN9+EQ9+ET9+EW9+EZ9+FC9+FF9+FI9+FL9+FO9+FR9+FU9+FX9+GA9+GD9+GG9+GJ9+GM9+GP9+GS9+GV9+GY9+HB9+HE9+HH9+HK9+HN9+HQ9+HT9 -> 5134695.9 | D9: =C9/B9*100 -> 51.284575 | E9: =E12+E16+E25+E39+E51+E56+E74+E80+E97+E102+E114+E123+E136+E147+E158+E171+E184+E198+E202+E214+E223+E230+E243+E256+E270+E278+E288+E299+E309+E317+E326+E336+E345+E354+E361+E374+E383 -> 14481.9 | F9: =F12+F16+F25+F39+F51+F56+F74+F80+F97+F102+F114+F123+F136+F147+F158+F171+F184+F198+F202+F214+F223+F230+F243+F256+F270+F278+F288+F299+F309+F317+F326+F336+F345+F354+F361+F374+F383 -> 14472.1 | G9: =F9/E9*100 -> 99.932333 | H9: =H12+H16+H25+H39+H51+H56+H74+H80+H97+H102+H114+H123+H136+H147+H158+H171+H184+H198+H202+H214+H223+H230+H243+H256+H270+H278+H288+H299+H309+H317+H326+H336+H345+H354+H361+H374+H383 -> 8960 | I9: =I12+I16+I25+I39+I51+I56+I74+I80+I97+I102+I114+I123+I136+I147+I158+I171+I184+I198+I202+I214+I223+I230+I243+I256+I270+I278+I288+I299+I309+I317+I326+I336+I345+I354+I361+I374+I383 -> 7975.0612 | J9: =I9/H9*100 -> 89.00738 | K9: =K12+K16+K25+K39+K51+K56+K74+K80+K97+K102+K114+K123+K136+K147+K158+K171+K184+K198+K202+K214+K223+K230+K243+K256+K270+K278+K288+K299+K309+K317+K326+K336+K345+K354+K361+K374+K383 -> 0 | L9: =L12+L16+L25+L39+L51+L56+L74+L80+L97+L102+L114+L123+L136+L147+L158+L171+L184+L198+L202+L214+L223+L230+L243+L256+L270+L278+L288+L299+L309+L317+L326+L336+L345+L354+L361+L374+L383 -> 0 | N9: =N12+N16+N25+N39+N51+N56+N74+N80+N97+N102+N114+N123+N136+N147+N158+N171+N184+N198+N202+N214+N223+N230+N243+N256+N270+N278+N288+N299+N309+N317+N326+N336+N345+N354+N361+N374+N383 -> 70080.7 | O9: =O12+O16+O25+O39+O51+O56+O74+O80+O97+O102+O114+O123+O136+O147+O158+O171+O184+O198+O202+O214+O223+O230+O243+O256+O270+O278+O288+O299+O309+O317+O326+O336+O345+O354+O361+O374+O383 -> 70080.7 | P9: =O9/N9*100 -> 100 | Q9: =Q12+Q16+Q25+Q39+Q51+Q56+Q74+Q80+Q97+Q102+Q114+Q123+Q136+Q147+Q158+Q171+Q184+Q198+Q202+Q214+Q223+Q230+Q243+Q256+Q270+Q278+Q288+Q299+Q309+Q317+Q326+Q336+Q345+Q354+Q361+Q374+Q383 -> 0 | R9: =R12+R16+R25+R39+R51+R56+R74+R80+R97+R102+R114+R123+R136+R147+R158+R171+R184+R198+R202+R214+R223+R230+R243+R256+R270+R278+R288+R299+R309+R317+R326+R336+R345+R354+R361+R374+R383 -> 0 | T9: =T12+T16+T25+T39+T51+T56+T74+T80+T97+T102+T114+T123+T136+T147+T158+T171+T184+T198+T202+T214+T223+T230+T243+T256+T270+T278+T288+T299+T309+T317+T326+T336+T345+T354+T361+T374+T383 -> 56998.336 | U9: =U12+U16+U25+U39+U51+U56+U74+U80+U97+U102+U114+U123+U136+U147+U158+U171+U184+U198+U202+U214+U223+U230+U243+U256+U270+U278+U288+U299+U309+U317+U326+U336+U345+U354+U361+U374+U383 -> 0 | W9: =W12+W16+W25+W39+W51+W56+W74+W80+W97+W102+W114+W123+W136+W147+W158+W171+W184+W198+W202+W214+W223+W230+W243+W256+W270+W278+W288+W299+W309+W317+W326+W336+W345+W354+W361+W374+W383 -> 53465.006 | X9: =X12+X16+X25+X39+X51+X56+X74+X80+X97+X102+X114+X123+X136+X147+X158+X171+X184+X198+X202+X214+X223+X230+X243+X256+X270+X278+X288+X299+X309+X317+X326+X336+X345+X354+X361+X374+X383 -> 52625.196 | Y9: =X9/W9*100 -> 98.429236 | Z9: =Z12+Z16+Z25+Z39+Z51+Z56+Z74+Z80+Z97+Z102+Z114+Z123+Z136+Z147+Z158+Z171+Z184+Z198+Z202+Z214+Z223+Z230+Z243+Z256+Z270+Z278+Z288+Z299+Z309+Z317+Z326+Z336+Z345+Z354+Z361+Z374+Z383 -> 0 | AA9: =AA12+AA16+AA25+AA39+AA51+AA56+AA74+AA80+AA97+AA102+AA114+AA123+AA136+AA147+AA158+AA171+AA184+AA198+AA202+AA214+AA223+AA230+AA243+AA256+AA270+AA278+AA288+AA299+AA309+AA317+AA326+AA336+AA345+AA354+AA361+AA374+AA383 -> 0 | AC9: =AC12+AC16+AC25+AC39+AC51+AC56+AC74+AC80+AC97+AC102+AC114+AC123+AC136+AC147+AC158+AC171+AC184+AC198+AC202+AC214+AC223+AC230+AC243+AC256+AC270+AC278+AC288+AC299+AC309+AC317+AC326+AC336+AC345+AC354+AC361+AC374+AC383 -> 4600 | AD9: =AD12+AD16+AD25+AD39+AD51+AD56+AD74+AD80+AD97+AD102+AD114+AD123+AD136+AD147+AD158+AD171+AD184+AD198+AD202+AD214+AD223+AD230+AD243+AD256+AD270+AD278+AD288+AD299+AD309+AD317+AD326+AD336+AD345+AD354+AD361+AD374+AD383 -> 4600 | AE9: =AD9/AC9*100 -> 100 | AF9: =AF12+AF16+AF25+AF39+AF51+AF56+AF74+AF80+AF97+AF102+AF114+AF123+AF136+AF147+AF158+AF171+AF184+AF198+AF202+AF214+AF223+AF230+AF243+AF256+AF270+AF278+AF288+AF299+AF309+AF317+AF326+AF336+AF345+AF354+AF361+AF374+AF383 -> 36796.742 | AG9: =AG12+AG16+AG25+AG39+AG51+AG56+AG74+AG80+AG97+AG102+AG114+AG123+AG136+AG147+AG158+AG171+AG184+AG198+AG202+AG214+AG223+AG230+AG243+AG256+AG270+AG278+AG288+AG299+AG309+AG317+AG326+AG336+AG345+AG354+AG361+AG374+AG383 -> 34192.912 | AH9: =AG9/AF9*100 -> 92.923749 | AI9: =AI12+AI16+AI25+AI39+AI51+AI56+AI74+AI80+AI97+AI102+AI114+AI123+AI136+AI147+AI158+AI171+AI184+AI198+AI202+AI214+AI223+AI230+AI243+AI256+AI270+AI278+AI288+AI299+AI309+AI317+AI326+AI336+AI345+AI354+AI361+AI374+AI383 -> 2040.8163 | AJ9: =AJ12+AJ16+AJ25+AJ39+AJ51+AJ56+AJ74+AJ80+AJ97+AJ102+AJ114+AJ123+AJ136+AJ147+AJ158+AJ171+AJ184+AJ198+AJ202+AJ214+AJ223+AJ230+AJ243+AJ256+AJ270+AJ278+AJ288+AJ299+AJ309+AJ317+AJ326+AJ336+AJ345+AJ354+AJ361+AJ374+AJ383 -> 2040.8163 | AK9: =AJ9/AI9*100 -> 100 | AL9: =AL12+AL16+AL25+AL39+AL51+AL56+AL74+AL80+AL97+AL102+AL114+AL123+AL136+AL147+AL158+AL171+AL184+AL198+AL202+AL214+AL223+AL230+AL243+AL256+AL270+AL278+AL288+AL299+AL309+AL317+AL326+AL336+AL345+AL354+AL361+AL374+AL383 -> 816.32654 | AM9: =AM12+AM16+AM25+AM39+AM51+AM56+AM74+AM80+AM97+AM102+AM114+AM123+AM136+AM147+AM158+AM171+AM184+AM198+AM202+AM214+AM223+AM230+AM243+AM256+AM270+AM278+AM288+AM299+AM309+AM317+AM326+AM336+AM345+AM354+AM361+AM374+AM383 -> 816.32654 | AN9: =AM9/AL9*100 -> 100 | AO9: =AO12+AO16+AO25+AO39+AO51+AO56+AO74+AO80+AO97+AO102+AO114+AO123+AO136+AO147+AO158+AO171+AO184+AO198+AO202+AO214+AO223+AO230+AO243+AO256+AO270+AO278+AO288+AO299+AO309+AO317+AO326+AO336+AO345+AO354+AO361+AO374+AO383 -> 6149.4334 | AP9: =AP12+AP16+AP25+AP39+AP51+AP56+AP74+AP80+AP97+AP102+AP114+AP123+AP136+AP147+AP158+AP171+AP184+AP198+AP202+AP214+AP223+AP230+AP243+AP256+AP270+AP278+AP288+AP299+AP309+AP317+AP326+AP336+AP345+AP354+AP361+AP374+AP383 -> 6149.4334 | AQ9: =AP9/AO9*100 -> 100 | AR9: =AR12+AR16+AR25+AR39+AR51+AR56+AR74+AR80+AR97+AR102+AR114+AR123+AR136+AR147+AR158+AR171+AR184+AR198+AR202+AR214+AR223+AR230+AR243+AR256+AR270+AR278+AR288+AR299+AR309+AR317+AR326+AR336+AR345+AR354+AR361+AR374+AR383 -> 0 | AS9: =AS12+AS16+AS25+AS39+AS51+AS56+AS74+AS80+AS97+AS102+AS114+AS123+AS136+AS147+AS158+AS171+AS184+AS198+AS202+AS214+AS223+AS230+AS243+AS256+AS270+AS278+AS288+AS299+AS309+AS317+AS326+AS336+AS345+AS354+AS361+AS374+AS383 -> 0 | AU9: =AU12+AU16+AU25+AU39+AU51+AU56+AU74+AU80+AU97+AU102+AU114+AU123+AU136+AU147+AU158+AU171+AU184+AU198+AU202+AU214+AU223+AU230+AU243+AU256+AU270+AU278+AU288+AU299+AU309+AU317+AU326+AU336+AU345+AU354+AU361+AU374+AU383 -> 5775 | AV9: =AV12+AV16+AV25+AV39+AV51+AV56+AV74+AV80+AV97+AV102+AV114+AV123+AV136+AV147+AV158+AV171+AV184+AV198+AV202+AV214+AV223+AV230+AV243+AV256+AV270+AV278+AV288+AV299+AV309+AV317+AV326+AV336+AV345+AV354+AV361+AV374+AV383 -> 4331.25 | AW9: =AV9/AU9*100 -> 75 | AX9: =AX12+AX16+AX25+AX39+AX51+AX56+AX74+AX80+AX97+AX102+AX114+AX123+AX136+AX147+AX158+AX171+AX184+AX198+AX202+AX214+AX223+AX230+AX243+AX256+AX270+AX278+AX288+AX299+AX309+AX317+AX326+AX336+AX345+AX354+AX361+AX374+AX383 -> 0 | AY9: =AY12+AY16+AY25+AY39+AY51+AY56+AY74+AY80+AY97+AY102+AY114+AY123+AY136+AY147+AY158+AY171+AY184+AY198+AY202+AY214+AY223+AY230+AY243+AY256+AY270+AY278+AY288+AY299+AY309+AY317+AY326+AY336+AY345+AY354+AY361+AY374+AY383 -> 0 | BA9: =BA12+BA16+BA25+BA39+BA51+BA56+BA74+BA80+BA97+BA102+BA114+BA123+BA136+BA147+BA158+BA171+BA184+BA198+BA202+BA214+BA223+BA230+BA243+BA256+BA270+BA278+BA288+BA299+BA309+BA317+BA326+BA336+BA345+BA354+BA361+BA374+BA383 -> 0 | BB9: =BB12+BB16+BB25+BB39+BB51+BB56+BB74+BB80+BB97+BB102+BB114+BB123+BB136+BB147+BB158+BB171+BB184+BB198+BB202+BB214+BB223+BB230+BB243+BB256+BB270+BB278+BB288+BB299+BB309+BB317+BB326+BB336+BB345+BB354+BB361+BB374+BB383 -> 0 | BD9: =BD12+BD16+BD25+BD39+BD51+BD56+BD74+BD80+BD97+BD102+BD114+BD123+BD136+BD147+BD158+BD171+BD184+BD198+BD202+BD214+BD223+BD230+BD243+BD256+BD270+BD278+BD288+BD299+BD309+BD317+BD326+BD336+BD345+BD354+BD361+BD374+BD383 -> 1425316.9 | BE9: =BE12+BE16+BE25+BE39+BE51+BE56+BE74+BE80+BE97+BE102+BE114+BE123+BE136+BE147+BE158+BE171+BE184+BE198+BE202+BE214+BE223+BE230+BE243+BE256+BE270+BE278+BE288+BE299+BE309+BE317+BE326+BE336+BE345+BE354+BE361+BE374+BE383 -> 819099.75 | BF9: =BE9/BD9*100 -> 57.467904 | BG9: =BG12+BG16+BG25+BG39+BG51+BG56+BG74+BG80+BG97+BG102+BG114+BG123+BG136+BG147+BG158+BG171+BG184+BG198+BG202+BG214+BG223+BG230+BG243+BG256+BG270+BG278+BG288+BG299+BG309+BG317+BG326+BG336+BG345+BG354+BG361+BG374+BG383 -> 182559.44 | BH9: =BH12+BH16+BH25+BH39+BH51+BH56+BH74+BH80+BH97+BH102+BH114+BH123+BH136+BH147+BH158+BH171+BH184+BH198+BH202+BH214+BH223+BH230+BH243+BH256+BH270+BH278+BH288+BH299+BH309+BH317+BH326+BH336+BH345+BH354+BH361+BH374+BH383 -> 128598.16 | BI9: =BH9/BG9*100 -> 70.4418 | BJ9: =BJ12+BJ16+BJ25+BJ39+BJ51+BJ56+BJ74+BJ80+BJ97+BJ102+BJ114+BJ123+BJ136+BJ147+BJ158+BJ171+BJ184+BJ198+BJ202+BJ214+BJ223+BJ230+BJ243+BJ256+BJ270+BJ278+BJ288+BJ299+BJ309+BJ317+BJ326+BJ336+BJ345+BJ354+BJ361+BJ374+BJ383 -> 0 | BK9: =BK12+BK16+BK25+BK39+BK51+BK56+BK74+BK80+BK97+BK102+BK114+BK123+BK136+BK147+BK158+BK171+BK184+BK198+BK202+BK214+BK223+BK230+BK243+BK256+BK270+BK278+BK288+BK299+BK309+BK317+BK326+BK336+BK345+BK354+BK361+BK374+BK383 -> 0 | BM9: =BM12+BM16+BM25+BM39+BM51+BM56+BM74+BM80+BM97+BM102+BM114+BM123+BM136+BM147+BM158+BM171+BM184+BM198+BM202+BM214+BM223+BM230+BM243+BM256+BM270+BM278+BM288+BM299+BM309+BM317+BM326+BM336+BM345+BM354+BM361+BM374+BM383 -> 181788.5 | BN9: =BN12+BN16+BN25+BN39+BN51+BN56+BN74+BN80+BN97+BN102+BN114+BN123+BN136+BN147+BN158+BN171+BN184+BN198+BN202+BN214+BN223+BN230+BN243+BN256+BN270+BN278+BN288+BN299+BN309+BN317+BN326+BN336+BN345+BN354+BN361+BN374+BN383 -> 107235.4 | BO9: =BN9/BM9*100 -> 58.989098 | BP9: =BP12+BP16+BP25+BP39+BP51+BP56+BP74+BP80+BP97+BP102+BP114+BP123+BP136+BP147+BP158+BP171+BP184+BP198+BP202+BP214+BP223+BP230+BP243+BP256+BP270+BP278+BP288+BP299+BP309+BP317+BP326+BP336+BP345+BP354+BP361+BP374+BP383 -> 29120 | BQ9: =BQ12+BQ16+BQ25+BQ39+BQ51+BQ56+BQ74+BQ80+BQ97+BQ102+BQ114+BQ123+BQ136+BQ147+BQ158+BQ171+BQ184+BQ198+BQ202+BQ214+BQ223+BQ230+BQ243+BQ256+BQ270+BQ278+BQ288+BQ299+BQ309+BQ317+BQ326+BQ336+BQ345+BQ354+BQ361+BQ374+BQ383 -> 6303.1402 | BR9: =BQ9/BP9*100 -> 21.645399 | BS9: =BS12+BS16+BS25+BS39+BS51+BS56+BS74+BS80+BS97+BS102+BS114+BS123+BS136+BS147+BS158+BS171+BS184+BS198+BS202+BS214+BS223+BS230+BS243+BS256+BS270+BS278+BS288+BS299+BS309+BS317+BS326+BS336+BS345+BS354+BS361+BS374+BS383 -> 504237.3 | BT9: =BT12+BT16+BT25+BT39+BT51+BT56+BT74+BT80+BT97+BT102+BT114+BT123+BT136+BT147+BT158+BT171+BT184+BT198+BT202+BT214+BT223+BT230+BT243+BT256+BT270+BT278+BT288+BT299+BT309+BT317+BT326+BT336+BT345+BT354+BT361+BT374+BT383 -> 285028.93 | BU9: =BT9/BS9*100 -> 56.526745 | BV9: =BV12+BV16+BV25+BV39+BV51+BV56+BV74+BV80+BV97+BV102+BV114+BV123+BV136+BV147+BV158+BV171+BV184+BV198+BV202+BV214+BV223+BV230+BV243+BV256+BV270+BV278+BV288+BV299+BV309+BV317+BV326+BV336+BV345+BV354+BV361+BV374+BV383 -> 0 | BW9: =BW12+BW16+BW25+BW39+BW51+BW56+BW74+BW80+BW97+BW102+BW114+BW123+BW136+BW147+BW158+BW171+BW184+BW198+BW202+BW214+BW223+BW230+BW243+BW256+BW270+BW278+BW288+BW299+BW309+BW317+BW326+BW336+BW345+BW354+BW361+BW374+BW383 -> 0 | BY9: =BY12+BY16+BY25+BY39+BY51+BY56+BY74+BY80+BY97+BY102+BY114+BY123+BY136+BY147+BY158+BY171+BY184+BY198+BY202+BY214+BY223+BY230+BY243+BY256+BY270+BY278+BY288+BY299+BY309+BY317+BY326+BY336+BY345+BY354+BY361+BY374+BY383 -> 0 | BZ9: =BZ12+BZ16+BZ25+BZ39+BZ51+BZ56+BZ74+BZ80+BZ97+BZ102+BZ114+BZ123+BZ136+BZ147+BZ158+BZ171+BZ184+BZ198+BZ202+BZ214+BZ223+BZ230+BZ243+BZ256+BZ270+BZ278+BZ288+BZ299+BZ309+BZ317+BZ326+BZ336+BZ345+BZ354+BZ361+BZ374+BZ383 -> 0 | CB9: =CB12+CB16+CB25+CB39+CB51+CB56+CB74+CB80+CB97+CB102+CB114+CB123+CB136+CB147+CB158+CB171+CB184+CB198+CB202+CB214+CB223+CB230+CB243+CB256+CB270+CB278+CB288+CB299+CB309+CB317+CB326+CB336+CB345+CB354+CB361+CB374+CB383 -> 0 | CC9: =CC12+CC16+CC25+CC39+CC51+CC56+CC74+CC80+CC97+CC102+CC114+CC123+CC136+CC147+CC158+CC171+CC184+CC198+CC202+CC214+CC223+CC230+CC243+CC256+CC270+CC278+CC288+CC299+CC309+CC317+CC326+CC336+CC345+CC354+CC361+CC374+CC383 -> 0 | CE9: =CE12+CE16+CE25+CE39+CE51+CE56+CE74+CE80+CE97+CE102+CE114+CE123+CE136+CE147+CE158+CE171+CE184+CE198+CE202+CE214+CE223+CE230+CE243+CE256+CE270+CE278+CE288+CE299+CE309+CE317+CE326+CE336+CE345+CE354+CE361+CE374+CE383 -> 0 | CF9: =CF12+CF16+CF25+CF39+CF51+CF56+CF74+CF80+CF97+CF102+CF114+CF123+CF136+CF147+CF158+CF171+CF184+CF198+CF202+CF214+CF223+CF230+CF243+CF256+CF270+CF278+CF288+CF299+CF309+CF317+CF326+CF336+CF345+CF354+CF361+CF374+CF383 -> 0 | CH9: =CH12+CH16+CH25+CH39+CH51+CH56+CH74+CH80+CH97+CH102+CH114+CH123+CH136+CH147+CH158+CH171+CH184+CH198+CH202+CH214+CH223+CH230+CH243+CH256+CH270+CH278+CH288+CH299+CH309+CH317+CH326+CH336+CH345+CH354+CH361+CH374+CH383 -> 0 | CI9: =CI12+CI16+CI25+CI39+CI51+CI56+CI74+CI80+CI97+CI102+CI114+CI123+CI136+CI147+CI158+CI171+CI184+CI198+CI202+CI214+CI223+CI230+CI243+CI256+CI270+CI278+CI288+CI299+CI309+CI317+CI326+CI336+CI345+CI354+CI361+CI374+CI383 -> 0 | CK9: =CK12+CK16+CK25+CK39+CK51+CK56+CK74+CK80+CK97+CK102+CK114+CK123+CK136+CK147+CK158+CK171+CK184+CK198+CK202+CK214+CK223+CK230+CK243+CK256+CK270+CK278+CK288+CK299+CK309+CK317+CK326+CK336+CK345+CK354+CK361+CK374+CK383 -> 0 | CL9: =CL12+CL16+CL25+CL39+CL51+CL56+CL74+CL80+CL97+CL102+CL114+CL123+CL136+CL147+CL158+CL171+CL184+CL198+CL202+CL214+CL223+CL230+CL243+CL256+CL270+CL278+CL288+CL299+CL309+CL317+CL326+CL336+CL345+CL354+CL361+CL374+CL383 -> 0 | CN9: =CN12+CN16+CN25+CN39+CN51+CN56+CN74+CN80+CN97+CN102+CN114+CN123+CN136+CN147+CN158+CN171+CN184+CN198+CN202+CN214+CN223+CN230+CN243+CN256+CN270+CN278+CN288+CN299+CN309+CN317+CN326+CN336+CN345+CN354+CN361+CN374+CN383 -> 9570.7 | CO9: =CO12+CO16+CO25+CO39+CO51+CO56+CO74+CO80+CO97+CO102+CO114+CO123+CO136+CO147+CO158+CO171+CO184+CO198+CO202+CO214+CO223+CO230+CO243+CO256+CO270+CO278+CO288+CO299+CO309+CO317+CO326+CO336+CO345+CO354+CO361+CO374+CO383 -> 2043.76 | CP9: =CO9/CN9*100 -> 21.354342 | CQ9: =CQ12+CQ16+CQ25+CQ39+CQ51+CQ56+CQ74+CQ80+CQ97+CQ102+CQ114+CQ123+CQ136+CQ147+CQ158+CQ171+CQ184+CQ198+CQ202+CQ214+CQ223+CQ230+CQ243+CQ256+CQ270+CQ278+CQ288+CQ299+CQ309+CQ317+CQ326+CQ336+CQ345+CQ354+CQ361+CQ374+CQ383 -> 25821.2 | CR9: =CR12+CR16+CR25+CR39+CR51+CR56+CR74+CR80+CR97+CR102+CR114+CR123+CR136+CR147+CR158+CR171+CR184+CR198+CR202+CR214+CR223+CR230+CR243+CR256+CR270+CR278+CR288+CR299+CR309+CR317+CR326+CR336+CR345+CR354+CR361+CR374+CR383 -> 11374.012 | CS9: =CR9/CQ9*100 -> 44.049122 | CT9: =CT12+CT16+CT25+CT39+CT51+CT56+CT74+CT80+CT97+CT102+CT114+CT123+CT136+CT147+CT158+CT171+CT184+CT198+CT202+CT214+CT223+CT230+CT243+CT256+CT270+CT278+CT288+CT299+CT309+CT317+CT326+CT336+CT345+CT354+CT361+CT374+CT383 -> 8691.3 | CU9: =CU12+CU16+CU25+CU39+CU51+CU56+CU74+CU80+CU97+CU102+CU114+CU123+CU136+CU147+CU158+CU171+CU184+CU198+CU202+CU214+CU223+CU230+CU243+CU256+CU270+CU278+CU288+CU299+CU309+CU317+CU326+CU336+CU345+CU354+CU361+CU374+CU383 -> 1302.9547 | CV9: =CU9/CT9*100 -> 14.991483 | CW9: =CW12+CW16+CW25+CW39+CW51+CW56+CW74+CW80+CW97+CW102+CW114+CW123+CW136+CW147+CW158+CW171+CW184+CW198+CW202+CW214+CW223+CW230+CW243+CW256+CW270+CW278+CW288+CW299+CW309+CW317+CW326+CW336+CW345+CW354+CW361+CW374+CW383 -> 657156.6 | CX9: =CX12+CX16+CX25+CX39+CX51+CX56+CX74+CX80+CX97+CX102+CX114+CX123+CX136+CX147+CX158+CX171+CX184+CX198+CX202+CX214+CX223+CX230+CX243+CX256+CX270+CX278+CX288+CX299+CX309+CX317+CX326+CX336+CX345+CX354+CX361+CX374+CX383 -> 346577.64 | CY9: =CX9/CW9*100 -> 52.738973 | CZ9: =CZ12+CZ16+CZ25+CZ39+CZ51+CZ56+CZ74+CZ80+CZ97+CZ102+CZ114+CZ123+CZ136+CZ147+CZ158+CZ171+CZ184+CZ198+CZ202+CZ214+CZ223+CZ230+CZ243+CZ256+CZ270+CZ278+CZ288+CZ299+CZ309+CZ317+CZ326+CZ336+CZ345+CZ354+CZ361+CZ374+CZ383 -> 0 | DA9: =DA12+DA16+DA25+DA39+DA51+DA56+DA74+DA80+DA97+DA102+DA114+DA123+DA136+DA147+DA158+DA171+DA184+DA198+DA202+DA214+DA223+DA230+DA243+DA256+DA270+DA278+DA288+DA299+DA309+DA317+DA326+DA336+DA345+DA354+DA361+DA374+DA383 -> 0 | DC9: =DC12+DC16+DC25+DC39+DC51+DC56+DC74+DC80+DC97+DC102+DC114+DC123+DC136+DC147+DC158+DC171+DC184+DC198+DC202+DC214+DC223+DC230+DC243+DC256+DC270+DC278+DC288+DC299+DC309+DC317+DC326+DC336+DC345+DC354+DC361+DC374+DC383 -> 269845.7 | DD9: =DD12+DD16+DD25+DD39+DD51+DD56+DD74+DD80+DD97+DD102+DD114+DD123+DD136+DD147+DD158+DD171+DD184+DD198+DD202+DD214+DD223+DD230+DD243+DD256+DD270+DD278+DD288+DD299+DD309+DD317+DD326+DD336+DD345+DD354+DD361+DD374+DD383 -> 120301.67 | DE9: =DD9/DC9*100 -> 44.581653 | DF9: =DF12+DF16+DF25+DF39+DF51+DF56+DF74+DF80+DF97+DF102+DF114+DF123+DF136+DF147+DF158+DF171+DF184+DF198+DF202+DF214+DF223+DF230+DF243+DF256+DF270+DF278+DF288+DF299+DF309+DF317+DF326+DF336+DF345+DF354+DF361+DF374+DF383 -> 44882 | DG9: =DG12+DG16+DG25+DG39+DG51+DG56+DG74+DG80+DG97+DG102+DG114+DG123+DG136+DG147+DG158+DG171+DG184+DG198+DG202+DG214+DG223+DG230+DG243+DG256+DG270+DG278+DG288+DG299+DG309+DG317+DG326+DG336+DG345+DG354+DG361+DG374+DG383 -> 7585.7499 | DH9: =DG9/DF9*100 -> 16.901542 | DI9: =DI12+DI16+DI25+DI39+DI51+DI56+DI74+DI80+DI97+DI102+DI114+DI123+DI136+DI147+DI158+DI171+DI184+DI198+DI202+DI214+DI223+DI230+DI243+DI256+DI270+DI278+DI288+DI299+DI309+DI317+DI326+DI336+DI345+DI354+DI361+DI374+DI383 -> 281113.56 | DJ9: =DJ12+DJ16+DJ25+DJ39+DJ51+DJ56+DJ74+DJ80+DJ97+DJ102+DJ114+DJ123+DJ136+DJ147+DJ158+DJ171+DJ184+DJ198+DJ202+DJ214+DJ223+DJ230+DJ243+DJ256+DJ270+DJ278+DJ288+DJ299+DJ309+DJ317+DJ326+DJ336+DJ345+DJ354+DJ361+DJ374+DJ383 -> 136883.73 | DK9: =DJ9/DI9*100 -> 48.693392 | DL9: =DL12+DL16+DL25+DL39+DL51+DL56+DL74+DL80+DL97+DL102+DL114+DL123+DL136+DL147+DL158+DL171+DL184+DL198+DL202+DL214+DL223+DL230+DL243+DL256+DL270+DL278+DL288+DL299+DL309+DL317+DL326+DL336+DL345+DL354+DL361+DL374+DL383 -> 271624.55 | DM9: =DM12+DM16+DM25+DM39+DM51+DM56+DM74+DM80+DM97+DM102+DM114+DM123+DM136+DM147+DM158+DM171+DM184+DM198+DM202+DM214+DM223+DM230+DM243+DM256+DM270+DM278+DM288+DM299+DM309+DM317+DM326+DM336+DM345+DM354+DM361+DM374+DM383 -> 212628.82 | DN9: =DM9/DL9*100 -> 78.280413 | DO9: =DO12+DO16+DO25+DO39+DO51+DO56+DO74+DO80+DO97+DO102+DO114+DO123+DO136+DO147+DO158+DO171+DO184+DO198+DO202+DO214+DO223+DO230+DO243+DO256+DO270+DO278+DO288+DO299+DO309+DO317+DO326+DO336+DO345+DO354+DO361+DO374+DO383 -> 12876.1 | DP9: =DP12+DP16+DP25+DP39+DP51+DP56+DP74+DP80+DP97+DP102+DP114+DP123+DP136+DP147+DP158+DP171+DP184+DP198+DP202+DP214+DP223+DP230+DP243+DP256+DP270+DP278+DP288+DP299+DP309+DP317+DP326+DP336+DP345+DP354+DP361+DP374+DP383 -> 7360 | DQ9: =DP9/DO9*100 -> 57.160165 | DR9: =DR12+DR16+DR25+DR39+DR51+DR56+DR74+DR80+DR97+DR102+DR114+DR123+DR136+DR147+DR158+DR171+DR184+DR198+DR202+DR214+DR223+DR230+DR243+DR256+DR270+DR278+DR288+DR299+DR309+DR317+DR326+DR336+DR345+DR354+DR361+DR374+DR383 -> 9535.1 | DS9: =DS12+DS16+DS25+DS39+DS51+DS56+DS74+DS80+DS97+DS102+DS114+DS123+DS136+DS147+DS158+DS171+DS184+DS198+DS202+DS214+DS223+DS230+DS243+DS256+DS270+DS278+DS288+DS299+DS309+DS317+DS326+DS336+DS345+DS354+DS361+DS374+DS383 -> 7151.325 | DT9: =DS9/DR9*100 -> 75 | DU9: =DU12+DU16+DU25+DU39+DU51+DU56+DU74+DU80+DU97+DU102+DU114+DU123+DU136+DU147+DU158+DU171+DU184+DU198+DU202+DU214+DU223+DU230+DU243+DU256+DU270+DU278+DU288+DU299+DU309+DU317+DU326+DU336+DU345+DU354+DU361+DU374+DU383 -> 10932.959 | DV9: =DV12+DV16+DV25+DV39+DV51+DV56+DV74+DV80+DV97+DV102+DV114+DV123+DV136+DV147+DV158+DV171+DV184+DV198+DV202+DV214+DV223+DV230+DV243+DV256+DV270+DV278+DV288+DV299+DV309+DV317+DV326+DV336+DV345+DV354+DV361+DV374+DV383 -> 10932.959 | DW9: =DV9/DU9*100 -> 100 | DX9: =DX12+DX16+DX25+DX39+DX51+DX56+DX74+DX80+DX97+DX102+DX114+DX123+DX136+DX147+DX158+DX171+DX184+DX198+DX202+DX214+DX223+DX230+DX243+DX256+DX270+DX278+DX288+DX299+DX309+DX317+DX326+DX336+DX345+DX354+DX361+DX374+DX383 -> 0 | DY9: =DY12+DY16+DY25+DY39+DY51+DY56+DY74+DY80+DY97+DY102+DY114+DY123+DY136+DY147+DY158+DY171+DY184+DY198+DY202+DY214+DY223+DY230+DY243+DY256+DY270+DY278+DY288+DY299+DY309+DY317+DY326+DY336+DY345+DY354+DY361+DY374+DY383 -> 0 | EA9: =EA12+EA16+EA25+EA39+EA51+EA56+EA74+EA80+EA97+EA102+EA114+EA123+EA136+EA147+EA158+EA171+EA184+EA198+EA202+EA214+EA223+EA230+EA243+EA256+EA270+EA278+EA288+EA299+EA309+EA317+EA326+EA336+EA345+EA354+EA361+EA374+EA383 -> 7630.4 | EB9: =EB12+EB16+EB25+EB39+EB51+EB56+EB74+EB80+EB97+EB102+EB114+EB123+EB136+EB147+EB158+EB171+EB184+EB198+EB202+EB214+EB223+EB230+EB243+EB256+EB270+EB278+EB288+EB299+EB309+EB317+EB326+EB336+EB345+EB354+EB361+EB374+EB383 -> 0 | EC9: =EB9/EA9*100 -> 0 | ED9: =ED12+ED16+ED25+ED39+ED51+ED56+ED74+ED80+ED97+ED102+ED114+ED123+ED136+ED147+ED158+ED171+ED184+ED198+ED202+ED214+ED223+ED230+ED243+ED256+ED270+ED278+ED288+ED299+ED309+ED317+ED326+ED336+ED345+ED354+ED361+ED374+ED383 -> 1607.992 | EE9: =EE12+EE16+EE25+EE39+EE51+EE56+EE74+EE80+EE97+EE102+EE114+EE123+EE136+EE147+EE158+EE171+EE184+EE198+EE202+EE214+EE223+EE230+EE243+EE256+EE270+EE278+EE288+EE299+EE309+EE317+EE326+EE336+EE345+EE354+EE361+EE374+EE383 -> 1607.992 | EF9: =EE9/ED9*100 -> 100 | EG9: =EG12+EG16+EG25+EG39+EG51+EG56+EG74+EG80+EG97+EG102+EG114+EG123+EG136+EG147+EG158+EG171+EG184+EG198+EG202+EG214+EG223+EG230+EG243+EG256+EG270+EG278+EG288+EG299+EG309+EG317+EG326+EG336+EG345+EG354+EG361+EG374+EG383 -> 0 | EH9: =EH12+EH16+EH25+EH39+EH51+EH56+EH74+EH80+EH97+EH102+EH114+EH123+EH136+EH147+EH158+EH171+EH184+EH198+EH202+EH214+EH223+EH230+EH243+EH256+EH270+EH278+EH288+EH299+EH309+EH317+EH326+EH336+EH345+EH354+EH361+EH374+EH383 -> 0 | EJ9: =EJ12+EJ16+EJ25+EJ39+EJ51+EJ56+EJ74+EJ80+EJ97+EJ102+EJ114+EJ123+EJ136+EJ147+EJ158+EJ171+EJ184+EJ198+EJ202+EJ214+EJ223+EJ230+EJ243+EJ256+EJ270+EJ278+EJ288+EJ299+EJ309+EJ317+EJ326+EJ336+EJ345+EJ354+EJ361+EJ374+EJ383 -> 335710.79 | EK9: =EK12+EK16+EK25+EK39+EK51+EK56+EK74+EK80+EK97+EK102+EK114+EK123+EK136+EK147+EK158+EK171+EK184+EK198+EK202+EK214+EK223+EK230+EK243+EK256+EK270+EK278+EK288+EK299+EK309+EK317+EK326+EK336+EK345+EK354+EK361+EK374+EK383 -> 328701.13 | EL9: =EK9/EJ9*100 -> 97.911996 | EM9: =EM12+EM16+EM25+EM39+EM51+EM56+EM74+EM80+EM97+EM102+EM114+EM123+EM136+EM147+EM158+EM171+EM184+EM198+EM202+EM214+EM223+EM230+EM243+EM256+EM270+EM278+EM288+EM299+EM309+EM317+EM326+EM336+EM345+EM354+EM361+EM374+EM383 -> 36101.075 | EN9: =EN12+EN16+EN25+EN39+EN51+EN56+EN74+EN80+EN97+EN102+EN114+EN123+EN136+EN147+EN158+EN171+EN184+EN198+EN202+EN214+EN223+EN230+EN243+EN256+EN270+EN278+EN288+EN299+EN309+EN317+EN326+EN336+EN345+EN354+EN361+EN374+EN383 -> 27458.325 | EO9: =EN9/EM9*100 -> 76.059578 | EP9: =EP12+EP16+EP25+EP39+EP51+EP56+EP74+EP80+EP97+EP102+EP114+EP123+EP136+EP147+EP158+EP171+EP184+EP198+EP202+EP214+EP223+EP230+EP243+EP256+EP270+EP278+EP288+EP299+EP309+EP317+EP326+EP336+EP345+EP354+EP361+EP374+EP383 -> 3027040.7 | EQ9: =EQ12+EQ16+EQ25+EQ39+EQ51+EQ56+EQ74+EQ80+EQ97+EQ102+EQ114+EQ123+EQ136+EQ147+EQ158+EQ171+EQ184+EQ198+EQ202+EQ214+EQ223+EQ230+EQ243+EQ256+EQ270+EQ278+EQ288+EQ299+EQ309+EQ317+EQ326+EQ336+EQ345+EQ354+EQ361+EQ374+EQ383 -> 1368253.5 | ER9: =EQ9/EP9*100 -> 45.201027 | ES9: =ES12+ES16+ES25+ES39+ES51+ES56+ES74+ES80+ES97+ES102+ES114+ES123+ES136+ES147+ES158+ES171+ES184+ES198+ES202+ES214+ES223+ES230+ES243+ES256+ES270+ES278+ES288+ES299+ES309+ES317+ES326+ES336+ES345+ES354+ES361+ES374+ES383 -> 1220032.5 | ET9: =ET12+ET16+ET25+ET39+ET51+ET56+ET74+ET80+ET97+ET102+ET114+ET123+ET136+ET147+ET158+ET171+ET184+ET198+ET202+ET214+ET223+ET230+ET243+ET256+ET270+ET278+ET288+ET299+ET309+ET317+ET326+ET336+ET345+ET354+ET361+ET374+ET383 -> 618200.5 | EU9: =ET9/ES9*100 -> 50.670823 | EV9: =EV12+EV16+EV25+EV39+EV51+EV56+EV74+EV80+EV97+EV102+EV114+EV123+EV136+EV147+EV158+EV171+EV184+EV198+EV202+EV214+EV223+EV230+EV243+EV256+EV270+EV278+EV288+EV299+EV309+EV317+EV326+EV336+EV345+EV354+EV361+EV374+EV383 -> 0 | EW9: =EW12+EW16+EW25+EW39+EW51+EW56+EW74+EW80+EW97+EW102+EW114+EW123+EW136+EW147+EW158+EW171+EW184+EW198+EW202+EW214+EW223+EW230+EW243+EW256+EW270+EW278+EW288+EW299+EW309+EW317+EW326+EW336+EW345+EW354+EW361+EW374+EW383 -> 0 | EY9: =EY12+EY16+EY25+EY39+EY51+EY56+EY74+EY80+EY97+EY102+EY114+EY123+EY136+EY147+EY158+EY171+EY184+EY198+EY202+EY214+EY223+EY230+EY243+EY256+EY270+EY278+EY288+EY299+EY309+EY317+EY326+EY336+EY345+EY354+EY361+EY374+EY383 -> 0 | EZ9: =EZ12+EZ16+EZ25+EZ39+EZ51+EZ56+EZ74+EZ80+EZ97+EZ102+EZ114+EZ123+EZ136+EZ147+EZ158+EZ171+EZ184+EZ198+EZ202+EZ214+EZ223+EZ230+EZ243+EZ256+EZ270+EZ278+EZ288+EZ299+EZ309+EZ317+EZ326+EZ336+EZ345+EZ354+EZ361+EZ374+EZ383 -> 0 | FB9: =FB12+FB16+FB25+FB39+FB51+FB56+FB74+FB80+FB97+FB102+FB114+FB123+FB136+FB147+FB158+FB171+FB184+FB198+FB202+FB214+FB223+FB230+FB243+FB256+FB270+FB278+FB288+FB299+FB309+FB317+FB326+FB336+FB345+FB354+FB361+FB374+FB383 -> 0 | FC9: =FC12+FC16+FC25+FC39+FC51+FC56+FC74+FC80+FC97+FC102+FC114+FC123+FC136+FC147+FC158+FC171+FC184+FC198+FC202+FC214+FC223+FC230+FC243+FC256+FC270+FC278+FC288+FC299+FC309+FC317+FC326+FC336+FC345+FC354+FC361+FC374+FC383 -> 0 | FE9: =FE12+FE16+FE25+FE39+FE51+FE56+FE74+FE80+FE97+FE102+FE114+FE123+FE136+FE147+FE158+FE171+FE184+FE198+FE202+FE214+FE223+FE230+FE243+FE256+FE270+FE278+FE288+FE299+FE309+FE317+FE326+FE336+FE345+FE354+FE361+FE374+FE383 -> 0 | FF9: =FF12+FF16+FF25+FF39+FF51+FF56+FF74+FF80+FF97+FF102+FF114+FF123+FF136+FF147+FF158+FF171+FF184+FF198+FF202+FF214+FF223+FF230+FF243+FF256+FF270+FF278+FF288+FF299+FF309+FF317+FF326+FF336+FF345+FF354+FF361+FF374+FF383 -> 0 | FH9: =FH12+FH16+FH25+FH39+FH51+FH56+FH74+FH80+FH97+FH102+FH114+FH123+FH136+FH147+FH158+FH171+FH184+FH198+FH202+FH214+FH223+FH230+FH243+FH256+FH270+FH278+FH288+FH299+FH309+FH317+FH326+FH336+FH345+FH354+FH361+FH374+FH383 -> 112079.87 | FI9: =FI12+FI16+FI25+FI39+FI51+FI56+FI74+FI80+FI97+FI102+FI114+FI123+FI136+FI147+FI158+FI171+FI184+FI198+FI202+FI214+FI223+FI230+FI243+FI256+FI270+FI278+FI288+FI299+FI309+FI317+FI326+FI336+FI345+FI354+FI361+FI374+FI383 -> 106303.32 | FJ9: =FI9/FH9*100 -> 94.846048 | FK9: =FK12+FK16+FK25+FK39+FK51+FK56+FK74+FK80+FK97+FK102+FK114+FK123+FK136+FK147+FK158+FK171+FK184+FK198+FK202+FK214+FK223+FK230+FK243+FK256+FK270+FK278+FK288+FK299+FK309+FK317+FK326+FK336+FK345+FK354+FK361+FK374+FK383 -> 128001 | FL9: =FL12+FL16+FL25+FL39+FL51+FL56+FL74+FL80+FL97+FL102+FL114+FL123+FL136+FL147+FL158+FL171+FL184+FL198+FL202+FL214+FL223+FL230+FL243+FL256+FL270+FL278+FL288+FL299+FL309+FL317+FL326+FL336+FL345+FL354+FL361+FL374+FL383 -> 123342.45 | FM9: =FL9/FK9*100 -> 96.360533 | FN9: =FN12+FN16+FN25+FN39+FN51+FN56+FN74+FN80+FN97+FN102+FN114+FN123+FN136+FN147+FN158+FN171+FN184+FN198+FN202+FN214+FN223+FN230+FN243+FN256+FN270+FN278+FN288+FN299+FN309+FN317+FN326+FN336+FN345+FN354+FN361+FN374+FN383 -> 2188.9 | FO9: =FO12+FO16+FO25+FO39+FO51+FO56+FO74+FO80+FO97+FO102+FO114+FO123+FO136+FO147+FO158+FO171+FO184+FO198+FO202+FO214+FO223+FO230+FO243+FO256+FO270+FO278+FO288+FO299+FO309+FO317+FO326+FO336+FO345+FO354+FO361+FO374+FO383 -> 2110.9 | FP9: =FO9/FN9*100 -> 96.436566 | FQ9: =FQ12+FQ16+FQ25+FQ39+FQ51+FQ56+FQ74+FQ80+FQ97+FQ102+FQ114+FQ123+FQ136+FQ147+FQ158+FQ171+FQ184+FQ198+FQ202+FQ214+FQ223+FQ230+FQ243+FQ256+FQ270+FQ278+FQ288+FQ299+FQ309+FQ317+FQ326+FQ336+FQ345+FQ354+FQ361+FQ374+FQ383 -> 103847.1 | FR9: =FR12+FR16+FR25+FR39+FR51+FR56+FR74+FR80+FR97+FR102+FR114+FR123+FR136+FR147+FR158+FR171+FR184+FR198+FR202+FR214+FR223+FR230+FR243+FR256+FR270+FR278+FR288+FR299+FR309+FR317+FR326+FR336+FR345+FR354+FR361+FR374+FR383 -> 94596.827 | FS9: =FR9/FQ9*100 -> 91.092411 | FT9: =FT12+FT16+FT25+FT39+FT51+FT56+FT74+FT80+FT97+FT102+FT114+FT123+FT136+FT147+FT158+FT171+FT184+FT198+FT202+FT214+FT223+FT230+FT243+FT256+FT270+FT278+FT288+FT299+FT309+FT317+FT326+FT336+FT345+FT354+FT361+FT374+FT383 -> 20324.4 | FU9: =FU12+FU16+FU25+FU39+FU51+FU56+FU74+FU80+FU97+FU102+FU114+FU123+FU136+FU147+FU158+FU171+FU184+FU198+FU202+FU214+FU223+FU230+FU243+FU256+FU270+FU278+FU288+FU299+FU309+FU317+FU326+FU336+FU345+FU354+FU361+FU374+FU383 -> 18528.925 | FV9: =FU9/FT9*100 -> 91.165912 | FW9: =FW12+FW16+FW25+FW39+FW51+FW56+FW74+FW80+FW97+FW102+FW114+FW123+FW136+FW147+FW158+FW171+FW184+FW198+FW202+FW214+FW223+FW230+FW243+FW256+FW270+FW278+FW288+FW299+FW309+FW317+FW326+FW336+FW345+FW354+FW361+FW374+FW383 -> 0 | FX9: =FX12+FX16+FX25+FX39+FX51+FX56+FX74+FX80+FX97+FX102+FX114+FX123+FX136+FX147+FX158+FX171+FX184+FX198+FX202+FX214+FX223+FX230+FX243+FX256+FX270+FX278+FX288+FX299+FX309+FX317+FX326+FX336+FX345+FX354+FX361+FX374+FX383 -> 0 | FZ9: =FZ12+FZ16+FZ25+FZ39+FZ51+FZ56+FZ74+FZ80+FZ97+FZ102+FZ114+FZ123+FZ136+FZ147+FZ158+FZ171+FZ184+FZ198+FZ202+FZ214+FZ223+FZ230+FZ243+FZ256+FZ270+FZ278+FZ288+FZ299+FZ309+FZ317+FZ326+FZ336+FZ345+FZ354+FZ361+FZ374+FZ383 -> 0 | GA9: =GA12+GA16+GA25+GA39+GA51+GA56+GA74+GA80+GA97+GA102+GA114+GA123+GA136+GA147+GA158+GA171+GA184+GA198+GA202+GA214+GA223+GA230+GA243+GA256+GA270+GA278+GA288+GA299+GA309+GA317+GA326+GA336+GA345+GA354+GA361+GA374+GA383 -> 0 | GC9: =GC12+GC16+GC25+GC39+GC51+GC56+GC74+GC80+GC97+GC102+GC114+GC123+GC136+GC147+GC158+GC171+GC184+GC198+GC202+GC214+GC223+GC230+GC243+GC256+GC270+GC278+GC288+GC299+GC309+GC317+GC326+GC336+GC345+GC354+GC361+GC374+GC383 -> 0 | GD9: =GD12+GD16+GD25+GD39+GD51+GD56+GD74+GD80+GD97+GD102+GD114+GD123+GD136+GD147+GD158+GD171+GD184+GD198+GD202+GD214+GD223+GD230+GD243+GD256+GD270+GD278+GD288+GD299+GD309+GD317+GD326+GD336+GD345+GD354+GD361+GD374+GD383 -> 0 | GF9: =GF12+GF16+GF25+GF39+GF51+GF56+GF74+GF80+GF97+GF102+GF114+GF123+GF136+GF147+GF158+GF171+GF184+GF198+GF202+GF214+GF223+GF230+GF243+GF256+GF270+GF278+GF288+GF299+GF309+GF317+GF326+GF336+GF345+GF354+GF361+GF374+GF383 -> 0 | GG9: =GG12+GG16+GG25+GG39+GG51+GG56+GG74+GG80+GG97+GG102+GG114+GG123+GG136+GG147+GG158+GG171+GG184+GG198+GG202+GG214+GG223+GG230+GG243+GG256+GG270+GG278+GG288+GG299+GG309+GG317+GG326+GG336+GG345+GG354+GG361+GG374+GG383 -> 0 | GI9: =GI12+GI16+GI25+GI39+GI51+GI56+GI74+GI80+GI97+GI102+GI114+GI123+GI136+GI147+GI158+GI171+GI184+GI198+GI202+GI214+GI223+GI230+GI243+GI256+GI270+GI278+GI288+GI299+GI309+GI317+GI326+GI336+GI345+GI354+GI361+GI374+GI383 -> 0 | GJ9: =GJ12+GJ16+GJ25+GJ39+GJ51+GJ56+GJ74+GJ80+GJ97+GJ102+GJ114+GJ123+GJ136+GJ147+GJ158+GJ171+GJ184+GJ198+GJ202+GJ214+GJ223+GJ230+GJ243+GJ256+GJ270+GJ278+GJ288+GJ299+GJ309+GJ317+GJ326+GJ336+GJ345+GJ354+GJ361+GJ374+GJ383 -> 0 | GL9: =GL12+GL16+GL25+GL39+GL51+GL56+GL74+GL80+GL97+GL102+GL114+GL123+GL136+GL147+GL158+GL171+GL184+GL198+GL202+GL214+GL223+GL230+GL243+GL256+GL270+GL278+GL288+GL299+GL309+GL317+GL326+GL336+GL345+GL354+GL361+GL374+GL383 -> 2854.3878 | GM9: =GM12+GM16+GM25+GM39+GM51+GM56+GM74+GM80+GM97+GM102+GM114+GM123+GM136+GM147+GM158+GM171+GM184+GM198+GM202+GM214+GM223+GM230+GM243+GM256+GM270+GM278+GM288+GM299+GM309+GM317+GM326+GM336+GM345+GM354+GM361+GM374+GM383 -> 2854.3878 | GN9: =GM9/GL9*100 -> 100 | GO9: =GO12+GO16+GO25+GO39+GO51+GO56+GO74+GO80+GO97+GO102+GO114+GO123+GO136+GO147+GO158+GO171+GO184+GO198+GO202+GO214+GO223+GO230+GO243+GO256+GO270+GO278+GO288+GO299+GO309+GO317+GO326+GO336+GO345+GO354+GO361+GO374+GO383 -> 0 | GP9: =GP12+GP16+GP25+GP39+GP51+GP56+GP74+GP80+GP97+GP102+GP114+GP123+GP136+GP147+GP158+GP171+GP184+GP198+GP202+GP214+GP223+GP230+GP243+GP256+GP270+GP278+GP288+GP299+GP309+GP317+GP326+GP336+GP345+GP354+GP361+GP374+GP383 -> 0 | GR9: =GR12+GR16+GR25+GR39+GR51+GR56+GR74+GR80+GR97+GR102+GR114+GR123+GR136+GR147+GR158+GR171+GR184+GR198+GR202+GR214+GR223+GR230+GR243+GR256+GR270+GR278+GR288+GR299+GR309+GR317+GR326+GR336+GR345+GR354+GR361+GR374+GR383 -> 60128.98 | GS9: =GS12+GS16+GS25+GS39+GS51+GS56+GS74+GS80+GS97+GS102+GS114+GS123+GS136+GS147+GS158+GS171+GS184+GS198+GS202+GS214+GS223+GS230+GS243+GS256+GS270+GS278+GS288+GS299+GS309+GS317+GS326+GS336+GS345+GS354+GS361+GS374+GS383 -> 35045.827 | GT9: =GS9/GR9*100 -> 58.284419 | GU9: =GU12+GU16+GU25+GU39+GU51+GU56+GU74+GU80+GU97+GU102+GU114+GU123+GU136+GU147+GU158+GU171+GU184+GU198+GU202+GU214+GU223+GU230+GU243+GU256+GU270+GU278+GU288+GU299+GU309+GU317+GU326+GU336+GU345+GU354+GU361+GU374+GU383 -> 0 | GV9: =GV12+GV16+GV25+GV39+GV51+GV56+GV74+GV80+GV97+GV102+GV114+GV123+GV136+GV147+GV158+GV171+GV184+GV198+GV202+GV214+GV223+GV230+GV243+GV256+GV270+GV278+GV288+GV299+GV309+GV317+GV326+GV336+GV345+GV354+GV361+GV374+GV383 -> 0 | GX9: =GX12+GX16+GX25+GX39+GX51+GX56+GX74+GX80+GX97+GX102+GX114+GX123+GX136+GX147+GX158+GX171+GX184+GX198+GX202+GX214+GX223+GX230+GX243+GX256+GX270+GX278+GX288+GX299+GX309+GX317+GX326+GX336+GX345+GX354+GX361+GX374+GX383 -> 0 | GY9: =GY12+GY16+GY25+GY39+GY51+GY56+GY74+GY80+GY97+GY102+GY114+GY123+GY136+GY147+GY158+GY171+GY184+GY198+GY202+GY214+GY223+GY230+GY243+GY256+GY270+GY278+GY288+GY299+GY309+GY317+GY326+GY336+GY345+GY354+GY361+GY374+GY383 -> 0 | HA9: =HA12+HA16+HA25+HA39+HA51+HA56+HA74+HA80+HA97+HA102+HA114+HA123+HA136+HA147+HA158+HA171+HA184+HA198+HA202+HA214+HA223+HA230+HA243+HA256+HA270+HA278+HA288+HA299+HA309+HA317+HA326+HA336+HA345+HA354+HA361+HA374+HA383 -> 0 | HB9: =HB12+HB16+HB25+HB39+HB51+HB56+HB74+HB80+HB97+HB102+HB114+HB123+HB136+HB147+HB158+HB171+HB184+HB198+HB202+HB214+HB223+HB230+HB243+HB256+HB270+HB278+HB288+HB299+HB309+HB317+HB326+HB336+HB345+HB354+HB361+HB374+HB383 -> 0 | HD9: =HD12+HD16+HD25+HD39+HD51+HD56+HD74+HD80+HD97+HD102+HD114+HD123+HD136+HD147+HD158+HD171+HD184+HD198+HD202+HD214+HD223+HD230+HD243+HD256+HD270+HD278+HD288+HD299+HD309+HD317+HD326+HD336+HD345+HD354+HD361+HD374+HD383 -> 4953.3309 | HE9: =HE12+HE16+HE25+HE39+HE51+HE56+HE74+HE80+HE97+HE102+HE114+HE123+HE136+HE147+HE158+HE171+HE184+HE198+HE202+HE214+HE223+HE230+HE243+HE256+HE270+HE278+HE288+HE299+HE309+HE317+HE326+HE336+HE345+HE354+HE361+HE374+HE383 -> 0 | HG9: =HG12+HG16+HG25+HG39+HG51+HG56+HG74+HG80+HG97+HG102+HG114+HG123+HG136+HG147+HG158+HG171+HG184+HG198+HG202+HG214+HG223+HG230+HG243+HG256+HG270+HG278+HG288+HG299+HG309+HG317+HG326+HG336+HG345+HG354+HG361+HG374+HG383 -> 155815.77 | HH9: =HH12+HH16+HH25+HH39+HH51+HH56+HH74+HH80+HH97+HH102+HH114+HH123+HH136+HH147+HH158+HH171+HH184+HH198+HH202+HH214+HH223+HH230+HH243+HH256+HH270+HH278+HH288+HH299+HH309+HH317+HH326+HH336+HH345+HH354+HH361+HH374+HH383 -> 0 | HJ9: =HJ12+HJ16+HJ25+HJ39+HJ51+HJ56+HJ74+HJ80+HJ97+HJ102+HJ114+HJ123+HJ136+HJ147+HJ158+HJ171+HJ184+HJ198+HJ202+HJ214+HJ223+HJ230+HJ243+HJ256+HJ270+HJ278+HJ288+HJ299+HJ309+HJ317+HJ326+HJ336+HJ345+HJ354+HJ361+HJ374+HJ383 -> 568663.27 | HK9: =HK12+HK16+HK25+HK39+HK51+HK56+HK74+HK80+HK97+HK102+HK114+HK123+HK136+HK147+HK158+HK171+HK184+HK198+HK202+HK214+HK223+HK230+HK243+HK256+HK270+HK278+HK288+HK299+HK309+HK317+HK326+HK336+HK345+HK354+HK361+HK374+HK383 -> 0 | HM9: =HM12+HM16+HM25+HM39+HM51+HM56+HM74+HM80+HM97+HM102+HM114+HM123+HM136+HM147+HM158+HM171+HM184+HM198+HM202+HM214+HM223+HM230+HM243+HM256+HM270+HM278+HM288+HM299+HM309+HM317+HM326+HM336+HM345+HM354+HM361+HM374+HM383 -> 0 | HN9: =HN12+HN16+HN25+HN39+HN51+HN56+HN74+HN80+HN97+HN102+HN114+HN123+HN136+HN147+HN158+HN171+HN184+HN198+HN202+HN214+HN223+HN230+HN243+HN256+HN270+HN278+HN288+HN299+HN309+HN317+HN326+HN336+HN345+HN354+HN361+HN374+HN383 -> 0 | HP9: =HP12+HP16+HP25+HP39+HP51+HP56+HP74+HP80+HP97+HP102+HP114+HP123+HP136+HP147+HP158+HP171+HP184+HP198+HP202+HP214+HP223+HP230+HP243+HP256+HP270+HP278+HP288+HP299+HP309+HP317+HP326+HP336+HP345+HP354+HP361+HP374+HP383 -> 0 | HQ9: =HQ12+HQ16+HQ25+HQ39+HQ51+HQ56+HQ74+HQ80+HQ97+HQ102+HQ114+HQ123+HQ136+HQ147+HQ158+HQ171+HQ184+HQ198+HQ202+HQ214+HQ223+HQ230+HQ243+HQ256+HQ270+HQ278+HQ288+HQ299+HQ309+HQ317+HQ326+HQ336+HQ345+HQ354+HQ361+HQ374+HQ383 -> 0 | HS9: =HS12+HS16+HS25+HS39+HS51+HS56+HS74+HS80+HS97+HS102+HS114+HS123+HS136+HS147+HS158+HS171+HS184+HS198+HS202+HS214+HS223+HS230+HS243+HS256+HS270+HS278+HS288+HS299+HS309+HS317+HS326+HS336+HS345+HS354+HS361+HS374+HS383 -> 39947.51 | HT9: =HT12+HT16+HT25+HT39+HT51+HT56+HT74+HT80+HT97+HT102+HT114+HT123+HT136+HT147+HT158+HT171+HT184+HT198+HT202+HT214+HT223+HT230+HT243+HT256+HT270+HT278+HT288+HT299+HT309+HT317+HT326+HT336+HT345+HT354+HT361+HT374+HT383 -> 0
